Workbook
Name ANUAL: #REF!
Name ANUAL: #REF!
Name ANUAL: #REF!
Name B_2010_original_sg_a: [1]ORIGINAL_SG!$A$10:$E$104
Name BASE: #REF!
Name BASE: #REF!
Name BASE: #REF!
Name BUOAP: '[2]UO AP'!$A$1:$D$64
Name CONSTANTES: #REF!
Name CONSTANTES: #REF!
Name CONSTANTES: #REF!
Name CORRIENTES: #REF!
Name CORRIENTES: #REF!
Name CORRIENTES: #REF!
Name Daños_CH_2011: '[3]Ptto Pòlizas CH y Mandos'!$O$45
Name Daños_CH_2011: '[4]Ptto Pòlizas CH y Mandos'!$O$45
Name hidden1: [5]hidden1!$A$1:$A$26
Name hidden2: [5]hidden2!$A$1:$A$41
Name hidden4: [5]hidden4!$A$1:$A$2
Name hidden6: [5]hidden6!$A$1:$A$3
Name Inflaciòn_2011: '[3]Estimación Ptto 2011'!$C$83
Name Inflaciòn_2011: '[4]Estimación Ptto 2011'!$C$83
Name inicial: #REF!
Name inicial: #REF!
Name inicial: #REF!
Name Monto_Severidad_EE: '[3]Severidad EE'!$I$8
Name Monto_Severidad_EE: '[4]Severidad EE'!$I$8
Name Monto_Severidad_II: '[3]Severidad II'!$I$11
Name Monto_Severidad_II: '[4]Severidad II'!$I$11
Name Monto_Severidad_RC: '[3]Severidad RC'!$I$8
Name Monto_Severidad_RC: '[4]Severidad RC'!$I$8
Name RESUMEN: #REF!
Name RESUMEN: #REF!
Name RESUMEN: #REF!
Name Tasa_IVA_2010: [3]Patrimonial!$B$114
Name Tasa_IVA_2010: [4]Patrimonial!$B$114
Name TC_2009: '[3]Estimación Ptto 2011'!$C$85
Name TC_2009: '[4]Estimación Ptto 2011'!$C$85
Name TC_2011: '[3]Estimación Ptto 2011'!$C$84
Name TC_2011: '[4]Estimación Ptto 2011'!$C$84
Name Vida_CH_2011: '[3]Ptto Pòlizas CH y Mandos'!$E$45
Name Vida_CH_2011: '[4]Ptto Pòlizas CH y Mandos'!$E$45
Name Vida_Funcionarios_2011: '[3]Ptto Pòlizas CH y Mandos'!$AG$47
Name Vida_Funcionarios_2011: '[4]Ptto Pòlizas CH y Mandos'!$AG$47

Sheet CANCELACION
A3: No. | B3: OOAD | C3: Dirección | D3: Servicio | E3: Importe
A4: 1 | B4: Chiapas | C4: 2a. Calle Sur Poniente esquina Calle Privada No. 190, Fraccionamiento Las Orquídeas, C.P. 30068, Comitán de Domínguez, Chiapas. | D4: Oficinas Administrativas | E4: 73080
A5: =+A4+1 -> 2 | B5: Jalisco | C5: Calle Guanajuato N°. 92, Colonia Centro, C.P. 49541, Valle de Juárez, Jalisco | D5: Unidad de Atención Primaria a La Salud N°. 120 | E5: 38976
A6: =+A5+1 -> 3 | B6: Jalisco | C6: Calle 5 de Mayo S/N, Colonia Centro, C.P. 47690, San Diego de Alejandría, Jalisco | D6: Unidad de Atención Primaria a La Salud N°. 131 | E6: 10960.608
A7: =+A6+1 -> 4 | B7: Jalisco | C7: Calle Allende Nº. 36, Colonia Centro, C.P. 47250, Villa Hidalgo, Jalisco | D7: Unidad de Atención Primaria a la Salud N°. 135 | E7: 31278.24
A8: =+A7+1 -> 5 | B8: Jalisco | C8: Calle Hidalgo N°. 195, Colonia Centro, C.P. 48900, Autlán de Navarro, Jalisco | D8: Bodega de Abastecimiento del Hospital General de Zona Nº. 20 y Bodega de Bienes Embargados | E8: 60482.4
A9: =+A8+1 -> 6 | B9: Sinaloa | C9: Francisco Zarco No. 117 Oriente, Colonia Miguel Alemán. | D9: Oficinas Administrativas EMS | E9: 189377.56
A10: =+A9+1 -> 7 | B10: Tamaulipas | C10: Calle Diaz Mirón Nº. 604, Zona Centro, C.P. 89000, Tampico, Tamaulipas | D10: Bodega de Bienes Embargados | E10: 348035.64
D11: Total | E11: =SUM(E4:E10) -> 752190.45

Sheet Anteproyecto 2027
C1: INSTITUTO MEXICANO DEL SEGURO SOCIAL | E1: Figura | F1: Cierre 2026 | G1: 2027 | I1: Variación | L1: =IF(#REF!-#REF!=I274,"ok","error") -> #REF!
C2: COORDINACIÓN DE SERVICIOS GENERALES | F2: Importe | G2: No. Inmuebles | H2: Importe
C3: COORDINACIÓN TÉCNICA DE ADMINISTRACIÓN DE ACTIVOS | E3: =+M11 -> Sustitución | F3: =+O273 -> 39180046 | G3: =+M273 -> 47 | H3: =+N273 -> 45057070 | I3: =+H3-F3 -> 5877024.3
C4: DIVISIÓN DE ARRENDAMIENTO Y COMERCIALIZACIÓN | E4: =+P11 -> Renovación con incremento | F4: =+R273 -> 2.9209012e+08 | G4: =+P273 -> 157 | H4: =+Q273 -> 321299181 | I4: =+H4-F4 -> 29209056
E5: =+S11 -> Renovación sin incremento | F5: =+T273 -> 194144539 | G5: =+S273 -> 50 | H5: =+T273 -> 194144539 | I5: =+F5-H5 -> 0
C6: PADRÓN DE ARRENDAMIENTO INMOBILIARIO 2027 | E6: =+U11 -> Cancelación | F6: =+W273 -> 752190.45 | G6: =+U273 -> 7 | H6: =+V273 -> 752193 | I6: =+F6-H6 -> -2.5536
E7: =+Nuevos!C5 -> Nuevos Arrendamientos | G7: =+Nuevos!B39 -> 32 | H7: =+Nuevos!$G$40 -> 1.5145704e+08 | I7: =+H7 -> 1.5145704e+08
B8: INMUEBLES ARRENDADOS 2027 | E8: Total | F8: =SUM(F3:F7) -> 5.261669e+08 | G8: =SUM(G3:G7) -> 293 | H8: =SUM(H3:H7) -> 7.1271003e+08 | I8: =SUM(I3:I7) -> 1.8654312e+08
B11: No. | C11: Organo de Operación Administrativa Desconcentrada | D11: Dirección del inmueble arrendado | E11: Servicio | F11: Monto de renta mensual actual sin IVA | G11: Monto anual con IVA | H11: Figura Anteproyecto 2027 | I11: Importe 2027 | J11: Monto por OOAD | K11: Nuevos | L11: Total | M11: Sustitución | P11: Renovación con incremento | S11: Renovación sin incremento | U11: Cancelación
B12: 1 | C12: Aguascalientes | D12: Boulevard a Zacatecas No. 701, Fraccionamiento Las Hadas, C.P. 20140, Aguascalientes | E12: Oficinas Administrativas de la Subdelegación Metropolitana Norte | F12: 149599.14 | G12: =+F12*12*1.16 -> 2082420 | H12: Sustitución | I12: =ROUNDUP(+G12*1.15,0) -> 2394784 | M12: =IF(H12="sustitución",1,0) -> 1 | N12: =IF($H12="sustitución",$I12,0) -> 2394784 | O12: =IF($H12="sustitución",$G12,0) -> 2082420 | P12: =IF(H12="Renovación con incremento",1,0) -> 0 | Q12: =IF($H12="Renovación con incremento",$I12,0) -> 0 | R12: =IF($H12="Renovación con incremento",$G12,0) -> 0 | S12: =IF(H12="Renovación sin incremento",1,0) -> 0 | T12: =IF($H12="Renovación sin incremento",$I12,0) -> 0 | U12: =IF($H12="Cancelación",1,0) -> 0 | V12: =IF($H12="Cancelación",$I12,0) -> 0 | W12: =IF($H12="Cancelación",$G12,0) -> 0 | Y12: 5602800 | Z12: 1
B13: =+B12+1 -> 2 | C13: Aguascalientes | D13: Calle Ecuador No. 205, Planta Baja, Colonia Las Americas, C.P. 20230, Aguascalientes | E13: Oficinas Administrativas de la Subdelegación Metropolitana Sur | F13: 94630.5 | G13: =+F13*12*1.16 -> 1317256.6 | H13: Sustitución | I13: =ROUNDUP(+G13*1.15,0) -> 1514846 | M13: =IF(H13="sustitución",1,0) -> 1 | N13: =IF($H13="sustitución",$I13,0) -> 1514846 | O13: =IF($H13="sustitución",$G13,0) -> 1317256.6 | P13: =IF(H13="Renovación con incremento",1,0) -> 0 | Q13: =IF($H13="Renovación con incremento",$I13,0) -> 0 | R13: =IF($H13="Renovación con incremento",$G13,0) -> 0 | S13: =IF(H13="Renovación sin incremento",1,0) -> 0 | T13: =IF($H13="Renovación sin incremento",$I13,0) -> 0 | U13: =IF($H13="Cancelación",1,0) -> 0 | V13: =IF($H13="Cancelación",$I13,0) -> 0 | W13: =IF($H13="Cancelación",$G13,0) -> 0
B14: =+B13+1 -> 3 | C14: Aguascalientes | D14: Calle Ecuador No. 205, Planta Alta, Colonia Las Americas, C.P. 20230, Aguascalientes | E14: Centro de Capacitación | F14: 58610 | G14: =+F14*12*1.16 -> 815851.2 | H14: Renovación con incremento | I14: =ROUNDUP(G14*1.1,0) -> 897437 | M14: =IF(H14="sustitución",1,0) -> 0 | N14: =IF($H14="sustitución",$I14,0) -> 0 | O14: =IF($H14="sustitución",$G14,0) -> 0 | P14: =IF(H14="Renovación con incremento",1,0) -> 1 | Q14: =IF($H14="Renovación con incremento",$I14,0) -> 897437 | R14: =IF($H14="Renovación con incremento",$G14,0) -> 815851.2 | S14: =IF(H14="Renovación sin incremento",1,0) -> 0 | T14: =IF($H14="Renovación sin incremento",$I14,0) -> 0 | U14: =IF($H14="Cancelación",1,0) -> 0 | V14: =IF($H14="Cancelación",$I14,0) -> 0 | W14: =IF($H14="Cancelación",$G14,0) -> 0
B15: =+B14+1 -> 4 | C15: Aguascalientes | D15: Calle Julio Díaz Torre N° 105, Lote 3, Manzana 28 Interior D y E, Fraccionamiento Ciudad Industrial, C.P. 20290, Aguascalientes, Aguascalientes. | E15: Coordinación de Abastecimiento y Equipamiento, Almacén Delegacional y Archivo de Concentración | F15: 581389.25 | G15: =+F15*12*1.16 -> 8092938.4 | H15: Renovación con incremento | I15: =ROUNDUP(G15*1.1,0) -> 8902233 | M15: =IF(H15="sustitución",1,0) -> 0 | N15: =IF($H15="sustitución",$I15,0) -> 0 | O15: =IF($H15="sustitución",$G15,0) -> 0 | P15: =IF(H15="Renovación con incremento",1,0) -> 1 | Q15: =IF($H15="Renovación con incremento",$I15,0) -> 8902233 | R15: =IF($H15="Renovación con incremento",$G15,0) -> 8092938.4 | S15: =IF(H15="Renovación sin incremento",1,0) -> 0 | T15: =IF($H15="Renovación sin incremento",$I15,0) -> 0 | U15: =IF($H15="Cancelación",1,0) -> 0 | V15: =IF($H15="Cancelación",$I15,0) -> 0 | W15: =IF($H15="Cancelación",$G15,0) -> 0
B16: =+B15+1 -> 5 | C16: Aguascalientes | D16: Avenida Arroyo El Molino N° 301, Casa 163, Condominio Real del Molino, C.P. 20983, Jesús María, Aguascalientes | E16: Casa Delegado | F16: 27542.5 | G16: =+F16*12 -> 330510 | H16: Renovación sin incremento | I16: =ROUNDUP(G16,0) -> 330510 | M16: =IF(H16="sustitución",1,0) -> 0 | N16: =IF($H16="sustitución",$I16,0) -> 0 | O16: =IF($H16="sustitución",$G16,0) -> 0 | P16: =IF(H16="Renovación con incremento",1,0) -> 0 | Q16: =IF($H16="Renovación con incremento",$I16,0) -> 0 | R16: =IF($H16="Renovación con incremento",$G16,0) -> 0 | S16: =IF(H16="Renovación sin incremento",1,0) -> 1 | T16: =IF($H16="Renovación sin incremento",$I16,0) -> 330510 | U16: =IF($H16="Cancelación",1,0) -> 0 | V16: =IF($H16="Cancelación",$I16,0) -> 0 | W16: =IF($H16="Cancelación",$G16,0) -> 0
B17: =+B16+1 -> 6 | C17: Aguascalientes | D17: Calle Mangana No. 201, Fraccionamiento Vista Alegre, C.P. 20290, Aguascalientes, Aguascalientes. | E17: Bodega de Bienes Embargados | F17: 75000 | G17: =+F17*12 -> 900000 | H17: Sustitución | I17: =ROUNDUP(+G17*1.15,0) -> 1035000 | J17: =SUM(I12:I17) -> 15074810 | L17: =+K17+J17 -> 15074810 | M17: =IF(H17="sustitución",1,0) -> 1 | N17: =IF($H17="sustitución",$I17,0) -> 1035000 | O17: =IF($H17="sustitución",$G17,0) -> 900000 | P17: =IF(H17="Renovación con incremento",1,0) -> 0 | Q17: =IF($H17="Renovación con incremento",$I17,0) -> 0 | R17: =IF($H17="Renovación con incremento",$G17,0) -> 0 | S17: =IF(H17="Renovación sin incremento",1,0) -> 0 | T17: =IF($H17="Renovación sin incremento",$I17,0) -> 0 | U17: =IF($H17="Cancelación",1,0) -> 0 | V17: =IF($H17="Cancelación",$I17,0) -> 0 | W17: =IF($H17="Cancelación",$G17,0) -> 0
B18: =+B17+1 -> 7 | C18: Baja California | D18: Boulevard Lázaro Cárdenas No. 2209-C, Colonia Plutarco Elías Calles Deleg. Gonzalez Ortega C.P 21379, Mexicali, Baja California | E18: Oficinas Administrativas Subdelegacionales | F18: 330000 | G18: =+F18*12*1.16 -> 4593600 | H18: Renovación sin incremento | I18: =ROUNDUP(G18,0) -> 4593600 | J18: =+I18 -> 4593600 | L18: =+K18+J18 -> 4593600 | M18: =IF(H18="sustitución",1,0) -> 0 | N18: =IF($H18="sustitución",$I18,0) -> 0 | O18: =IF($H18="sustitución",$G18,0) -> 0 | P18: =IF(H18="Renovación con incremento",1,0) -> 0 | Q18: =IF($H18="Renovación con incremento",$I18,0) -> 0 | R18: =IF($H18="Renovación con incremento",$G18,0) -> 0 | S18: =IF(H18="Renovación sin incremento",1,0) -> 1 | T18: =IF($H18="Renovación sin incremento",$I18,0) -> 4593600 | U18: =IF($H18="Cancelación",1,0) -> 0 | V18: =IF($H18="Cancelación",$I18,0) -> 0 | W18: =IF($H18="Cancelación",$G18,0) -> 0
B19: =+B18+1 -> 8 | C19: Baja California Sur | D19: Calle Ignacio Allende No. 1135, esquina Félix Ortega y Marcelo Rubio Ruíz, Colonia Centro, C.P. 23000, La Paz, Baja California Sur | E19: Servicio de Rehabilitación y Medicina Física y Centro de Capacitación y Calidad | F19: 37264.5 | G19: =+F19*12*1.16 -> 518721.84 | H19: Renovación sin incremento | I19: =ROUNDUP(G19,0) -> 518722 | M19: =IF(H19="sustitución",1,0) -> 0 | N19: =IF($H19="sustitución",$I19,0) -> 0 | O19: =IF($H19="sustitución",$G19,0) -> 0 | P19: =IF(H19="Renovación con incremento",1,0) -> 0 | Q19: =IF($H19="Renovación con incremento",$I19,0) -> 0 | R19: =IF($H19="Renovación con incremento",$G19,0) -> 0 | S19: =IF(H19="Renovación sin incremento",1,0) -> 1 | T19: =IF($H19="Renovación sin incremento",$I19,0) -> 518722 | U19: =IF($H19="Cancelación",1,0) -> 0 | V19: =IF($H19="Cancelación",$I19,0) -> 0 | W19: =IF($H19="Cancelación",$G19,0) -> 0
B20: =+B19+1 -> 9 | C20: Baja California Sur | D20: Boulevard Tecnológico No. 1810, Colonia Guaymitas, C.P. 23407, San José del Cabo, Baja California Sur | E20: Oficinas Administrativas Auxiliares Subdelegacionales | F20: 24725.35 | G20: =+F20*12*1.16 -> 344176.87 | H20: Renovación sin incremento | I20: =ROUNDUP(G20,0) -> 344177 | M20: =IF(H20="sustitución",1,0) -> 0 | N20: =IF($H20="sustitución",$I20,0) -> 0 | O20: =IF($H20="sustitución",$G20,0) -> 0 | P20: =IF(H20="Renovación con incremento",1,0) -> 0 | Q20: =IF($H20="Renovación con incremento",$I20,0) -> 0 | R20: =IF($H20="Renovación con incremento",$G20,0) -> 0 | S20: =IF(H20="Renovación sin incremento",1,0) -> 1 | T20: =IF($H20="Renovación sin incremento",$I20,0) -> 344177 | U20: =IF($H20="Cancelación",1,0) -> 0 | V20: =IF($H20="Cancelación",$I20,0) -> 0 | W20: =IF($H20="Cancelación",$G20,0) -> 0
B21: =+B20+1 -> 10 | C21: Baja California Sur | D21: Avenida Venustiano Carranza No. 114 entre Ignacio Zaragoza y Hugo Cervantes del Rio, Colonia Centro, C.P. 23600, Ciudad Constitución, Comondú Baja California Sur | E21: Oficinas Administrativas Auxiliares Subdelegacionales | F21: 9000 | G21: =+F21*12*1.16 -> 125280 | H21: Renovación sin incremento | I21: =ROUNDUP(G21,0) -> 125280 | M21: =IF(H21="sustitución",1,0) -> 0 | N21: =IF($H21="sustitución",$I21,0) -> 0 | O21: =IF($H21="sustitución",$G21,0) -> 0 | P21: =IF(H21="Renovación con incremento",1,0) -> 0 | Q21: =IF($H21="Renovación con incremento",$I21,0) -> 0 | R21: =IF($H21="Renovación con incremento",$G21,0) -> 0 | S21: =IF(H21="Renovación sin incremento",1,0) -> 1 | T21: =IF($H21="Renovación sin incremento",$I21,0) -> 125280 | U21: =IF($H21="Cancelación",1,0) -> 0 | V21: =IF($H21="Cancelación",$I21,0) -> 0 | W21: =IF($H21="Cancelación",$G21,0) -> 0
B22: =+B21+1 -> 11 | C22: Baja California Sur | D22: Calle Valentín Gómez Farías No. 166, entre Republica y Manuel Torre Iglesias, Colonia Esterito, C.P. 23060, La Paz, Baja California Sur | E22: Bodega de Bienes Embargados y Archivo de Concentración | F22: 42861.55 | G22: =+F22*12*1.16 -> 596632.78 | H22: Renovación sin incremento | I22: =ROUNDUP(G22,0) -> 596633 | M22: =IF(H22="sustitución",1,0) -> 0 | N22: =IF($H22="sustitución",$I22,0) -> 0 | O22: =IF($H22="sustitución",$G22,0) -> 0 | P22: =IF(H22="Renovación con incremento",1,0) -> 0 | Q22: =IF($H22="Renovación con incremento",$I22,0) -> 0 | R22: =IF($H22="Renovación con incremento",$G22,0) -> 0 | S22: =IF(H22="Renovación sin incremento",1,0) -> 1 | T22: =IF($H22="Renovación sin incremento",$I22,0) -> 596633 | U22: =IF($H22="Cancelación",1,0) -> 0 | V22: =IF($H22="Cancelación",$I22,0) -> 0 | W22: =IF($H22="Cancelación",$G22,0) -> 0
B23: =+B22+1 -> 12 | C23: Baja California Sur | D23: Calle 22 s/n, Lote 008, Manzana 13 C, Colonia Desarrollo Aeropuerto, C.P. 23435, Los Cabos, Baja California Sur | E23: Almacén para recepción, resguardo y distribución de materiales terápeuticos y diversos. | F23: 300000 | G23: =+F23*12*1.16 -> 4176000 | H23: Renovación sin incremento | I23: =ROUNDUP(G23,0) -> 4176000 | J23: =SUM(I19:I23) -> 5760812 | L23: =+K23+J23 -> 5760812 | M23: =IF(H23="sustitución",1,0) -> 0 | N23: =IF($H23="sustitución",$I23,0) -> 0 | O23: =IF($H23="sustitución",$G23,0) -> 0 | P23: =IF(H23="Renovación con incremento",1,0) -> 0 | Q23: =IF($H23="Renovación con incremento",$I23,0) -> 0 | R23: =IF($H23="Renovación con incremento",$G23,0) -> 0 | S23: =IF(H23="Renovación sin incremento",1,0) -> 1 | T23: =IF($H23="Renovación sin incremento",$I23,0) -> 4176000 | U23: =IF($H23="Cancelación",1,0) -> 0 | V23: =IF($H23="Cancelación",$I23,0) -> 0 | W23: =IF($H23="Cancelación",$G23,0) -> 0
B24: =+B23+1 -> 13 | C24: Campeche | D24: Calle Cordillera N° 34, Departamento 202, Fraccionamiento Lomas de la Eminencia, C.P. 24035, San Francisco de Campeche, Campeche. | E24: Casa Delegado | F24: 13910 | G24: =+F24*12 -> 166920 | H24: Renovación sin incremento | I24: =ROUNDUP(G24,0) -> 166920 | J24: =+I24 -> 166920 | L24: =+K24+J24 -> 166920 | M24: =IF(H24="sustitución",1,0) -> 0 | N24: =IF($H24="sustitución",$I24,0) -> 0 | O24: =IF($H24="sustitución",$G24,0) -> 0 | P24: =IF(H24="Renovación con incremento",1,0) -> 0 | Q24: =IF($H24="Renovación con incremento",$I24,0) -> 0 | R24: =IF($H24="Renovación con incremento",$G24,0) -> 0 | S24: =IF(H24="Renovación sin incremento",1,0) -> 1 | T24: =IF($H24="Renovación sin incremento",$I24,0) -> 166920 | U24: =IF($H24="Cancelación",1,0) -> 0 | V24: =IF($H24="Cancelación",$I24,0) -> 0 | W24: =IF($H24="Cancelación",$G24,0) -> 0
B25: =+B24+1 -> 14 | C25: Coahuila | D25: Boulevard Constitución, esquina Calle Jiménez, Zona Centro, C.P. 27080, Torreón, Coahuila | E25: Unidad de Medicina Familiar No. 80 | F25: 183860 | G25: =+F25*12*1.16 -> 2559331.2 | H25: Renovación con incremento | I25: =ROUNDUP(G25*1.1,0) -> 2815265 | M25: =IF(H25="sustitución",1,0) -> 0 | N25: =IF($H25="sustitución",$I25,0) -> 0 | O25: =IF($H25="sustitución",$G25,0) -> 0 | P25: =IF(H25="Renovación con incremento",1,0) -> 1 | Q25: =IF($H25="Renovación con incremento",$I25,0) -> 2815265 | R25: =IF($H25="Renovación con incremento",$G25,0) -> 2559331.2 | S25: =IF(H25="Renovación sin incremento",1,0) -> 0 | T25: =IF($H25="Renovación sin incremento",$I25,0) -> 0 | U25: =IF($H25="Cancelación",1,0) -> 0 | V25: =IF($H25="Cancelación",$I25,0) -> 0 | W25: =IF($H25="Cancelación",$G25,0) -> 0
B26: =+B25+1 -> 15 | C26: Coahuila | D26: Boulevard Isidro López Zertuche No. 2791-B, Colonia Universidad, C.P. 25260, Saltillo, Coahuila | E26: Oficinas Administrativas Subdelegacionales | F26: 163275 | G26: =+F26*12*1.16 -> 2272788 | H26: Renovación con incremento | I26: =ROUNDUP(G26*1.1,0) -> 2500067 | M26: =IF(H26="sustitución",1,0) -> 0 | N26: =IF($H26="sustitución",$I26,0) -> 0 | O26: =IF($H26="sustitución",$G26,0) -> 0 | P26: =IF(H26="Renovación con incremento",1,0) -> 1 | Q26: =IF($H26="Renovación con incremento",$I26,0) -> 2500067 | R26: =IF($H26="Renovación con incremento",$G26,0) -> 2272788 | S26: =IF(H26="Renovación sin incremento",1,0) -> 0 | T26: =IF($H26="Renovación sin incremento",$I26,0) -> 0 | U26: =IF($H26="Cancelación",1,0) -> 0 | V26: =IF($H26="Cancelación",$I26,0) -> 0 | W26: =IF($H26="Cancelación",$G26,0) -> 0
B27: =+B26+1 -> 16 | C27: Coahuila | D27: Boulevard Independencia y Calle Leona Vicario S/N, C.P. 27000, Torreón, Coahuila | E27: Oficinas Administrativas Subdelegacionales | F27: 363189.65 | G27: =+F27*12*1.16 -> 5055599.9 | H27: Renovación con incremento | I27: =ROUNDUP(G27*1.1,0) -> 5561160 | M27: =IF(H27="sustitución",1,0) -> 0 | N27: =IF($H27="sustitución",$I27,0) -> 0 | O27: =IF($H27="sustitución",$G27,0) -> 0 | P27: =IF(H27="Renovación con incremento",1,0) -> 1 | Q27: =IF($H27="Renovación con incremento",$I27,0) -> 5561160 | R27: =IF($H27="Renovación con incremento",$G27,0) -> 5055599.9 | S27: =IF(H27="Renovación sin incremento",1,0) -> 0 | T27: =IF($H27="Renovación sin incremento",$I27,0) -> 0 | U27: =IF($H27="Cancelación",1,0) -> 0 | V27: =IF($H27="Cancelación",$I27,0) -> 0 | W27: =IF($H27="Cancelación",$G27,0) -> 0
B28: =+B27+1 -> 17 | C28: Coahuila | D28: Boulevard Benito Juárez No. 523, Colonia Roma, C.P. 25000, Monclova, Coahuila | E28: Tienda | F28: 92308 | G28: =+F28*12*1.16 -> 1284927.4 | H28: Renovación con incremento | I28: =ROUNDUP(G28*1.1,0) -> 1413421 | M28: =IF(H28="sustitución",1,0) -> 0 | N28: =IF($H28="sustitución",$I28,0) -> 0 | O28: =IF($H28="sustitución",$G28,0) -> 0 | P28: =IF(H28="Renovación con incremento",1,0) -> 1 | Q28: =IF($H28="Renovación con incremento",$I28,0) -> 1413421 | R28: =IF($H28="Renovación con incremento",$G28,0) -> 1284927.4 | S28: =IF(H28="Renovación sin incremento",1,0) -> 0 | T28: =IF($H28="Renovación sin incremento",$I28,0) -> 0 | U28: =IF($H28="Cancelación",1,0) -> 0 | V28: =IF($H28="Cancelación",$I28,0) -> 0 | W28: =IF($H28="Cancelación",$G28,0) -> 0
B29: =+B28+1 -> 18 | C29: Coahuila | D29: Calle Presidente Cárdenas No. 197 Oriente, Zona Centro, C.P. 25000, Saltillo, Coahuila | E29: Tienda | F29: 89533 | G29: =+F29*12*1.16 -> 1246299.4 | H29: Renovación con incremento | I29: =ROUNDUP(G29*1.1,0) -> 1370930 | M29: =IF(H29="sustitución",1,0) -> 0 | N29: =IF($H29="sustitución",$I29,0) -> 0 | O29: =IF($H29="sustitución",$G29,0) -> 0 | P29: =IF(H29="Renovación con incremento",1,0) -> 1 | Q29: =IF($H29="Renovación con incremento",$I29,0) -> 1370930 | R29: =IF($H29="Renovación con incremento",$G29,0) -> 1246299.4 | S29: =IF(H29="Renovación sin incremento",1,0) -> 0 | T29: =IF($H29="Renovación sin incremento",$I29,0) -> 0 | U29: =IF($H29="Cancelación",1,0) -> 0 | V29: =IF($H29="Cancelación",$I29,0) -> 0 | W29: =IF($H29="Cancelación",$G29,0) -> 0
B30: =+B29+1 -> 19 | C30: Coahuila | D30: Calle Egipto esquina José Sarmiento S/N, Fraccionamiento Virreyes Obrera, C.P. 25220, Saltillo, Coahuila | E30: Archivo de Concentración y Oficina de Servicios Generales | F30: 83000 | G30: =+F30*12*1.16 -> 1155360 | H30: Renovación con incremento | I30: =ROUNDUP(G30*1.1,0) -> 1270896 | M30: =IF(H30="sustitución",1,0) -> 0 | N30: =IF($H30="sustitución",$I30,0) -> 0 | O30: =IF($H30="sustitución",$G30,0) -> 0 | P30: =IF(H30="Renovación con incremento",1,0) -> 1 | Q30: =IF($H30="Renovación con incremento",$I30,0) -> 1270896 | R30: =IF($H30="Renovación con incremento",$G30,0) -> 1155360 | S30: =IF(H30="Renovación sin incremento",1,0) -> 0 | T30: =IF($H30="Renovación sin incremento",$I30,0) -> 0 | U30: =IF($H30="Cancelación",1,0) -> 0 | V30: =IF($H30="Cancelación",$I30,0) -> 0 | W30: =IF($H30="Cancelación",$G30,0) -> 0
B31: =+B30+1 -> 20 | C31: Coahuila | D31: Carretera Saltillo-Zacatecas Km. 22, Puente La Encantada, C.P. 25950, Saltillo, Coahuila. | E31: Almacen Delegacional | F31: 684000 | G31: =+F31*12*1.16 -> 9521280 | H31: Renovación con incremento | I31: =ROUNDUP(G31*1.1,0) -> 10473408 | J31: =SUM(I25:I31) -> 25405147 | L31: =+K31+J31 -> 25405147 | M31: =IF(H31="sustitución",1,0) -> 0 | N31: =IF($H31="sustitución",$I31,0) -> 0 | O31: =IF($H31="sustitución",$G31,0) -> 0 | P31: =IF(H31="Renovación con incremento",1,0) -> 1 | Q31: =IF($H31="Renovación con incremento",$I31,0) -> 10473408 | R31: =IF($H31="Renovación con incremento",$G31,0) -> 9521280 | S31: =IF(H31="Renovación sin incremento",1,0) -> 0 | T31: =IF($H31="Renovación sin incremento",$I31,0) -> 0 | U31: =IF($H31="Cancelación",1,0) -> 0 | V31: =IF($H31="Cancelación",$I31,0) -> 0 | W31: =IF($H31="Cancelación",$G31,0) -> 0
B32: =+B31+1 -> 21 | C32: Colima | D32: Avenida de los Maestros No. 324, Colonia Huertas del Sol, C.P. 28050, Colima, Colima | E32: Centro de Capacitación | F32: 19762.3 | G32: =+F32*12*1.16 -> 275091.22 | H32: Renovación con incremento | I32: =ROUNDUP(G32*1.1,0) -> 302601 | M32: =IF(H32="sustitución",1,0) -> 0 | N32: =IF($H32="sustitución",$I32,0) -> 0 | O32: =IF($H32="sustitución",$G32,0) -> 0 | P32: =IF(H32="Renovación con incremento",1,0) -> 1 | Q32: =IF($H32="Renovación con incremento",$I32,0) -> 302601 | R32: =IF($H32="Renovación con incremento",$G32,0) -> 275091.22 | S32: =IF(H32="Renovación sin incremento",1,0) -> 0 | T32: =IF($H32="Renovación sin incremento",$I32,0) -> 0 | U32: =IF($H32="Cancelación",1,0) -> 0 | V32: =IF($H32="Cancelación",$I32,0) -> 0 | W32: =IF($H32="Cancelación",$G32,0) -> 0
B33: =+B32+1 -> 22 | C33: Colima | D33: Calle 5 de Mayo No. 33, Colonia Centro, C.P. 28100, Tecomán, Colima | E33: Oficinas Administrativas Subdelegacionales | F33: 14015.57 | G33: =+F33*12*1.16 -> 195096.73 | H33: Sustitución | I33: =ROUNDUP(+G33*1.15,0) -> 224362 | M33: =IF(H33="sustitución",1,0) -> 1 | N33: =IF($H33="sustitución",$I33,0) -> 224362 | O33: =IF($H33="sustitución",$G33,0) -> 195096.73 | P33: =IF(H33="Renovación con incremento",1,0) -> 0 | Q33: =IF($H33="Renovación con incremento",$I33,0) -> 0 | R33: =IF($H33="Renovación con incremento",$G33,0) -> 0 | S33: =IF(H33="Renovación sin incremento",1,0) -> 0 | T33: =IF($H33="Renovación sin incremento",$I33,0) -> 0 | U33: =IF($H33="Cancelación",1,0) -> 0 | V33: =IF($H33="Cancelación",$I33,0) -> 0 | W33: =IF($H33="Cancelación",$G33,0) -> 0 | Y33: 800400 | Z33: 1
B34: =+B33+1 -> 23 | C34: Colima | D34: Calle Lic. Gustavo Díaz Ordaz No. 120, Colonia El Moralete, C.P. 28060, Colima, Colima | E34: Tienda | F34: 50000 | G34: =+F34*12*1.16 -> 696000 | H34: Renovación con incremento | I34: =ROUNDUP(G34*1.1,0) -> 765600 | M34: =IF(H34="sustitución",1,0) -> 0 | N34: =IF($H34="sustitución",$I34,0) -> 0 | O34: =IF($H34="sustitución",$G34,0) -> 0 | P34: =IF(H34="Renovación con incremento",1,0) -> 1 | Q34: =IF($H34="Renovación con incremento",$I34,0) -> 765600 | R34: =IF($H34="Renovación con incremento",$G34,0) -> 696000 | S34: =IF(H34="Renovación sin incremento",1,0) -> 0 | T34: =IF($H34="Renovación sin incremento",$I34,0) -> 0 | U34: =IF($H34="Cancelación",1,0) -> 0 | V34: =IF($H34="Cancelación",$I34,0) -> 0 | W34: =IF($H34="Cancelación",$G34,0) -> 0
B35: =+B34+1 -> 24 | C35: Colima | D35: Calle León Felipe No. 346, Colonia Real Vista Hermosa II, C.P. 28018, Colima, Colima. | E35: Casa Delegado | F35: 20800 | G35: =+F35*12 -> 249600 | H35: Renovación con incremento | I35: =ROUNDUP(G35*1.1,0) -> 274560 | M35: =IF(H35="sustitución",1,0) -> 0 | N35: =IF($H35="sustitución",$I35,0) -> 0 | O35: =IF($H35="sustitución",$G35,0) -> 0 | P35: =IF(H35="Renovación con incremento",1,0) -> 1 | Q35: =IF($H35="Renovación con incremento",$I35,0) -> 274560 | R35: =IF($H35="Renovación con incremento",$G35,0) -> 249600 | S35: =IF(H35="Renovación sin incremento",1,0) -> 0 | T35: =IF($H35="Renovación sin incremento",$I35,0) -> 0 | U35: =IF($H35="Cancelación",1,0) -> 0 | V35: =IF($H35="Cancelación",$I35,0) -> 0 | W35: =IF($H35="Cancelación",$G35,0) -> 0
B36: =+B35+1 -> 25 | C36: Colima | D36: Avenida de los Deportistas No. 1144, Colonia El Tecolote, C.P. 28090, Colima, Colima. | E36: Sub-almacén | F36: 85000 | G36: =+F36*12*1.16 -> 1183200 | H36: Renovación con incremento | I36: =ROUNDUP(G36*1.1,0) -> 1301520 | J36: =SUM(I32:I36) -> 2868643 | L36: =+K36+J36 -> 2868643 | M36: =IF(H36="sustitución",1,0) -> 0 | N36: =IF($H36="sustitución",$I36,0) -> 0 | O36: =IF($H36="sustitución",$G36,0) -> 0 | P36: =IF(H36="Renovación con incremento",1,0) -> 1 | Q36: =IF($H36="Renovación con incremento",$I36,0) -> 1301520 | R36: =IF($H36="Renovación con incremento",$G36,0) -> 1183200 | S36: =IF(H36="Renovación sin incremento",1,0) -> 0 | T36: =IF($H36="Renovación sin incremento",$I36,0) -> 0 | U36: =IF($H36="Cancelación",1,0) -> 0 | V36: =IF($H36="Cancelación",$I36,0) -> 0 | W36: =IF($H36="Cancelación",$G36,0) -> 0
B37: =+B36+1 -> 26 | C37: Chiapas | D37: 5a. Avenida Oriente S/N Colonia Los Manguitos, antes Calzada a La Ciudad Deportiva S/N, "Panchón Contreras", C.P. 29010, Tuxtla Gutiérrez, Chiapas | E37: Unidad Deportiva | F37: 8118.07 | G37: =+F37*12*1.16 -> 113003.53 | H37: Renovación con incremento | I37: =ROUNDUP(G37*1.1,0) -> 124304 | M37: =IF(H37="sustitución",1,0) -> 0 | N37: =IF($H37="sustitución",$I37,0) -> 0 | O37: =IF($H37="sustitución",$G37,0) -> 0 | P37: =IF(H37="Renovación con incremento",1,0) -> 1 | Q37: =IF($H37="Renovación con incremento",$I37,0) -> 124304 | R37: =IF($H37="Renovación con incremento",$G37,0) -> 113003.53 | S37: =IF(H37="Renovación sin incremento",1,0) -> 0 | T37: =IF($H37="Renovación sin incremento",$I37,0) -> 0 | U37: =IF($H37="Cancelación",1,0) -> 0 | V37: =IF($H37="Cancelación",$I37,0) -> 0 | W37: =IF($H37="Cancelación",$G37,0) -> 0
B38: =+B37+1 -> 27 | C38: Chiapas | D38: 11a. Calle Poniente No. 8-A, Zona Centro, C.P. 30700, Tapachula, Chiapas | E38: Oficinas Administrativas Delegacionales (Jefatura de Prestaciones Médicas, Coordinación de Atención y Orientación al Derechohabiente, y Coordinación de Calidad y Competitividad) | F38: 52800 | G38: =+F38*12*1.16 -> 734976 | H38: Renovación con incremento | I38: =ROUNDUP(G38*1.1,0) -> 808474 | M38: =IF(H38="sustitución",1,0) -> 0 | N38: =IF($H38="sustitución",$I38,0) -> 0 | O38: =IF($H38="sustitución",$G38,0) -> 0 | P38: =IF(H38="Renovación con incremento",1,0) -> 1 | Q38: =IF($H38="Renovación con incremento",$I38,0) -> 808474 | R38: =IF($H38="Renovación con incremento",$G38,0) -> 734976 | S38: =IF(H38="Renovación sin incremento",1,0) -> 0 | T38: =IF($H38="Renovación sin incremento",$I38,0) -> 0 | U38: =IF($H38="Cancelación",1,0) -> 0 | V38: =IF($H38="Cancelación",$I38,0) -> 0 | W38: =IF($H38="Cancelación",$G38,0) -> 0
B39: =+B38+1 -> 28 | C39: Chiapas | D39: Segunda Calle Oriente y Séptima Avenida Sur No. 12, Colonia Centro, C.P. 30700, Tapachula, Chiapas | E39: Tienda No. 12 | F39: 32031 | G39: =+F39*12*1.16 -> 445871.52 | H39: Sustitución | I39: =ROUNDUP(+G39*1.15,0) -> 512753 | M39: =IF(H39="sustitución",1,0) -> 1 | N39: =IF($H39="sustitución",$I39,0) -> 512753 | O39: =IF($H39="sustitución",$G39,0) -> 445871.52 | P39: =IF(H39="Renovación con incremento",1,0) -> 0 | Q39: =IF($H39="Renovación con incremento",$I39,0) -> 0 | R39: =IF($H39="Renovación con incremento",$G39,0) -> 0 | S39: =IF(H39="Renovación sin incremento",1,0) -> 0 | T39: =IF($H39="Renovación sin incremento",$I39,0) -> 0 | U39: =IF($H39="Cancelación",1,0) -> 0 | V39: =IF($H39="Cancelación",$I39,0) -> 0 | W39: =IF($H39="Cancelación",$G39,0) -> 0
B40: =+B39+1 -> 29 | C40: Chiapas | D40: Calle Central Sur No. 1989, Colonia San Francisco, C.P. 29000, Tuxtla Gutiérrez, Chiapas | E40: Tienda No. 13 | F40: 50000 | G40: =+F40*12*1.16 -> 696000 | H40: Renovación con incremento | I40: =ROUNDUP(G40*1.1,0) -> 765600 | M40: =IF(H40="sustitución",1,0) -> 0 | N40: =IF($H40="sustitución",$I40,0) -> 0 | O40: =IF($H40="sustitución",$G40,0) -> 0 | P40: =IF(H40="Renovación con incremento",1,0) -> 1 | Q40: =IF($H40="Renovación con incremento",$I40,0) -> 765600 | R40: =IF($H40="Renovación con incremento",$G40,0) -> 696000 | S40: =IF(H40="Renovación sin incremento",1,0) -> 0 | T40: =IF($H40="Renovación sin incremento",$I40,0) -> 0 | U40: =IF($H40="Cancelación",1,0) -> 0 | V40: =IF($H40="Cancelación",$I40,0) -> 0 | W40: =IF($H40="Cancelación",$G40,0) -> 0
B41: =+B40+1 -> 30 | C41: Chiapas | D41: Avenida Carlos Maciel No. 119, Fraccionamiento Santos (San Roque), C.P. 29040, Tuxtla Gutiérrez, Chiapas | E41: Archivo de Concentración | F41: 39000 | G41: =+F41*12*1.16 -> 542880 | H41: Renovación con incremento | I41: =ROUNDUP(G41*1.1,0) -> 597168 | M41: =IF(H41="sustitución",1,0) -> 0 | N41: =IF($H41="sustitución",$I41,0) -> 0 | O41: =IF($H41="sustitución",$G41,0) -> 0 | P41: =IF(H41="Renovación con incremento",1,0) -> 1 | Q41: =IF($H41="Renovación con incremento",$I41,0) -> 597168 | R41: =IF($H41="Renovación con incremento",$G41,0) -> 542880 | S41: =IF(H41="Renovación sin incremento",1,0) -> 0 | T41: =IF($H41="Renovación sin incremento",$I41,0) -> 0 | U41: =IF($H41="Cancelación",1,0) -> 0 | V41: =IF($H41="Cancelación",$I41,0) -> 0 | W41: =IF($H41="Cancelación",$G41,0) -> 0
B42: =+B41+1 -> 31 | C42: Chiapas | D42: 2a. Calle Sur Poniente esquina Calle Privada No. 188, Barrio de las Flores, C.P. 30019, Comitán de Domínguez, Chiapas. | E42: Oficinas Administrativas | F42: 9000 | G42: =+F42*12*1.16 -> 125280 | H42: Renovación con incremento | I42: =ROUNDUP(G42*1.1,0) -> 137808 | M42: =IF(H42="sustitución",1,0) -> 0 | N42: =IF($H42="sustitución",$I42,0) -> 0 | O42: =IF($H42="sustitución",$G42,0) -> 0 | P42: =IF(H42="Renovación con incremento",1,0) -> 1 | Q42: =IF($H42="Renovación con incremento",$I42,0) -> 137808 | R42: =IF($H42="Renovación con incremento",$G42,0) -> 125280 | S42: =IF(H42="Renovación sin incremento",1,0) -> 0 | T42: =IF($H42="Renovación sin incremento",$I42,0) -> 0 | U42: =IF($H42="Cancelación",1,0) -> 0 | V42: =IF($H42="Cancelación",$I42,0) -> 0 | W42: =IF($H42="Cancelación",$G42,0) -> 0
B43: =+B42+1 -> 32 | C43: Chiapas | D43: Avenida Central Norte No. 125, Colonia Centro, C.P. 30700, Tapachula, Chiapas. | E43: Oficinas Administrativas | F43: 39700 | G43: =+F43*12*1.16 -> 552624 | H43: Renovación con incremento | I43: =ROUNDUP(G43*1.1,0) -> 607887 | M43: =IF(H43="sustitución",1,0) -> 0 | N43: =IF($H43="sustitución",$I43,0) -> 0 | O43: =IF($H43="sustitución",$G43,0) -> 0 | P43: =IF(H43="Renovación con incremento",1,0) -> 1 | Q43: =IF($H43="Renovación con incremento",$I43,0) -> 607887 | R43: =IF($H43="Renovación con incremento",$G43,0) -> 552624 | S43: =IF(H43="Renovación sin incremento",1,0) -> 0 | T43: =IF($H43="Renovación sin incremento",$I43,0) -> 0 | U43: =IF($H43="Cancelación",1,0) -> 0 | V43: =IF($H43="Cancelación",$I43,0) -> 0 | W43: =IF($H43="Cancelación",$G43,0) -> 0
B44: =+B43+1 -> 33 | C44: Chiapas | D44: Avenida Central Poniente No. 150, Colonia Juan Sabines Gutíerrez, C.P. 29770, Bochil, Chiapas. | E44: Oficinas Administrativas | F44: 9000 | G44: =+F44*12*1.16 -> 125280 | H44: Renovación con incremento | I44: =ROUNDUP(G44*1.1,0) -> 137808 | M44: =IF(H44="sustitución",1,0) -> 0 | N44: =IF($H44="sustitución",$I44,0) -> 0 | O44: =IF($H44="sustitución",$G44,0) -> 0 | P44: =IF(H44="Renovación con incremento",1,0) -> 1 | Q44: =IF($H44="Renovación con incremento",$I44,0) -> 137808 | R44: =IF($H44="Renovación con incremento",$G44,0) -> 125280 | S44: =IF(H44="Renovación sin incremento",1,0) -> 0 | T44: =IF($H44="Renovación sin incremento",$I44,0) -> 0 | U44: =IF($H44="Cancelación",1,0) -> 0 | V44: =IF($H44="Cancelación",$I44,0) -> 0 | W44: =IF($H44="Cancelación",$G44,0) -> 0
B45: =+B44+1 -> 34 | C45: Chiapas | D45: Calle Vicente Guerrero No. 6, Colonia Centro, C.P. 29520, Pichucalco, Chiapas. | E45: Oficinas Administrativas | F45: 9000 | G45: =+F45*12*1.16 -> 125280 | H45: Renovación con incremento | I45: =ROUNDUP(G45*1.1,0) -> 137808 | M45: =IF(H45="sustitución",1,0) -> 0 | N45: =IF($H45="sustitución",$I45,0) -> 0 | O45: =IF($H45="sustitución",$G45,0) -> 0 | P45: =IF(H45="Renovación con incremento",1,0) -> 1 | Q45: =IF($H45="Renovación con incremento",$I45,0) -> 137808 | R45: =IF($H45="Renovación con incremento",$G45,0) -> 125280 | S45: =IF(H45="Renovación sin incremento",1,0) -> 0 | T45: =IF($H45="Renovación sin incremento",$I45,0) -> 0 | U45: =IF($H45="Cancelación",1,0) -> 0 | V45: =IF($H45="Cancelación",$I45,0) -> 0 | W45: =IF($H45="Cancelación",$G45,0) -> 0
B46: =+B45+1 -> 35 | C46: Chiapas | D46: 2a. Calle Sur Poniente esquina Calle Privada No. 190, Fraccionamiento Las Orquídeas, C.P. 30068, Comitán de Domínguez, Chiapas. | E46: Oficinas Administrativas | F46: 5250 | G46: =+F46*12*1.16 -> 73080 | H46: Cancelación | I46: =ROUNDUP(G46,0) -> 73080 | J46: =SUM(I37:I46) -> 3902690 | K46: =+Nuevos!I10 -> 10226400 | L46: =+K46+J46 -> 14129090 | M46: =IF(H46="sustitución",1,0) -> 0 | N46: =IF($H46="sustitución",$I46,0) -> 0 | O46: =IF($H46="sustitución",$G46,0) -> 0 | P46: =IF(H46="Renovación con incremento",1,0) -> 0 | Q46: =IF($H46="Renovación con incremento",$I46,0) -> 0 | R46: =IF($H46="Renovación con incremento",$G46,0) -> 0 | S46: =IF(H46="Renovación sin incremento",1,0) -> 0 | T46: =IF($H46="Renovación sin incremento",$I46,0) -> 0 | U46: =IF($H46="Cancelación",1,0) -> 1 | V46: =IF($H46="Cancelación",$I46,0) -> 73080 | W46: =IF($H46="Cancelación",$G46,0) -> 73080
B47: =+B46+1 -> 36 | C47: Chihuahua | D47: Calle Benito Juárez No. 97, Colonia Centro, C.P. 31150, San Francisco del Oro, Chihuahua | E47: Unidad de Medicina Familiar No. 9 | F47: 11157 | G47: =+F47*12*1.16 -> 155305.44 | H47: Renovación con incremento | I47: =ROUNDUP(G47*1.1,0) -> 170836 | M47: =IF(H47="sustitución",1,0) -> 0 | N47: =IF($H47="sustitución",$I47,0) -> 0 | O47: =IF($H47="sustitución",$G47,0) -> 0 | P47: =IF(H47="Renovación con incremento",1,0) -> 1 | Q47: =IF($H47="Renovación con incremento",$I47,0) -> 170836 | R47: =IF($H47="Renovación con incremento",$G47,0) -> 155305.44 | S47: =IF(H47="Renovación sin incremento",1,0) -> 0 | T47: =IF($H47="Renovación sin incremento",$I47,0) -> 0 | U47: =IF($H47="Cancelación",1,0) -> 0 | V47: =IF($H47="Cancelación",$I47,0) -> 0 | W47: =IF($H47="Cancelación",$G47,0) -> 0
B48: =+B47+1 -> 37 | C48: Chihuahua | D48: Calle Fernando Montes de Oca, Lote 6, Manzana 8, Barrio Profortarah, Localidad de Creel, Municipio Bocoyna, Chihuahua | E48: Unidad de Medicina Familiar No. 32 | F48: 7814 | G48: =+F48*12*1.16 -> 108770.88 | H48: Renovación con incremento | I48: =ROUNDUP(G48*1.1,0) -> 119648 | M48: =IF(H48="sustitución",1,0) -> 0 | N48: =IF($H48="sustitución",$I48,0) -> 0 | O48: =IF($H48="sustitución",$G48,0) -> 0 | P48: =IF(H48="Renovación con incremento",1,0) -> 1 | Q48: =IF($H48="Renovación con incremento",$I48,0) -> 119648 | R48: =IF($H48="Renovación con incremento",$G48,0) -> 108770.88 | S48: =IF(H48="Renovación sin incremento",1,0) -> 0 | T48: =IF($H48="Renovación sin incremento",$I48,0) -> 0 | U48: =IF($H48="Cancelación",1,0) -> 0 | V48: =IF($H48="Cancelación",$I48,0) -> 0 | W48: =IF($H48="Cancelación",$G48,0) -> 0
B49: =+B48+1 -> 38 | C49: Chihuahua | D49: Avenida Álvaro Obregón S/N Colonia Centro, Municipio de Ascención, C.P. 31820, Rodrigo de Quevedo, Chihuahua | E49: Unidad de Medicina Familiar No. 45 | F49: 3675 | G49: =+F49*12*1.16 -> 51156 | H49: Renovación con incremento | I49: =ROUNDUP(G49*1.1,0) -> 56272 | M49: =IF(H49="sustitución",1,0) -> 0 | N49: =IF($H49="sustitución",$I49,0) -> 0 | O49: =IF($H49="sustitución",$G49,0) -> 0 | P49: =IF(H49="Renovación con incremento",1,0) -> 1 | Q49: =IF($H49="Renovación con incremento",$I49,0) -> 56272 | R49: =IF($H49="Renovación con incremento",$G49,0) -> 51156 | S49: =IF(H49="Renovación sin incremento",1,0) -> 0 | T49: =IF($H49="Renovación sin incremento",$I49,0) -> 0 | U49: =IF($H49="Cancelación",1,0) -> 0 | V49: =IF($H49="Cancelación",$I49,0) -> 0 | W49: =IF($H49="Cancelación",$G49,0) -> 0
B50: =+B49+1 -> 39 | C50: Chihuahua | D50: Avenida 14 Poniente No. 700, Colonia Sector Poniente, C.P. 33000, Ciudad Delicias, Chihuahua | E50: Unidad de Medicina Familiar No. 57 | F50: 14921 | G50: =+F50*12*1.16 -> 207700.32 | H50: Renovación con incremento | I50: =ROUNDUP(G50*1.1,0) -> 228471 | M50: =IF(H50="sustitución",1,0) -> 0 | N50: =IF($H50="sustitución",$I50,0) -> 0 | O50: =IF($H50="sustitución",$G50,0) -> 0 | P50: =IF(H50="Renovación con incremento",1,0) -> 1 | Q50: =IF($H50="Renovación con incremento",$I50,0) -> 228471 | R50: =IF($H50="Renovación con incremento",$G50,0) -> 207700.32 | S50: =IF(H50="Renovación sin incremento",1,0) -> 0 | T50: =IF($H50="Renovación sin incremento",$I50,0) -> 0 | U50: =IF($H50="Cancelación",1,0) -> 0 | V50: =IF($H50="Cancelación",$I50,0) -> 0 | W50: =IF($H50="Cancelación",$G50,0) -> 0
B51: =+B50+1 -> 40 | C51: Chihuahua | D51: Av. Henry Dunat No.4508,Zona Pronaf C.P. 32315, Ciudad Juarez, Chihuahua | E51: Oficinas Administrativas Subdelegacionales Juárez II | F51: 94500 | G51: =+F51*12*1.08 -> 1224720 | H51: Renovación con incremento | I51: =ROUNDUP(G51*1.1,0) -> 1347192 | M51: =IF(H51="sustitución",1,0) -> 0 | N51: =IF($H51="sustitución",$I51,0) -> 0 | O51: =IF($H51="sustitución",$G51,0) -> 0 | P51: =IF(H51="Renovación con incremento",1,0) -> 1 | Q51: =IF($H51="Renovación con incremento",$I51,0) -> 1347192 | R51: =IF($H51="Renovación con incremento",$G51,0) -> 1224720 | S51: =IF(H51="Renovación sin incremento",1,0) -> 0 | T51: =IF($H51="Renovación sin incremento",$I51,0) -> 0 | U51: =IF($H51="Cancelación",1,0) -> 0 | V51: =IF($H51="Cancelación",$I51,0) -> 0 | W51: =IF($H51="Cancelación",$G51,0) -> 0
B52: =+B51+1 -> 41 | C52: Chihuahua | D52: Avenida Tecnológico No. 343, Colonia Barrio Lerdo, C.P. 31520, Ciudad Cuauhtémoc, Chihuahua | E52: Oficinas Administrativas Subdelegacionales | F52: 20326 | G52: =+F52*12*1.16 -> 282937.92 | H52: Renovación con incremento | I52: =ROUNDUP(G52*1.1,0) -> 311232 | M52: =IF(H52="sustitución",1,0) -> 0 | N52: =IF($H52="sustitución",$I52,0) -> 0 | O52: =IF($H52="sustitución",$G52,0) -> 0 | P52: =IF(H52="Renovación con incremento",1,0) -> 1 | Q52: =IF($H52="Renovación con incremento",$I52,0) -> 311232 | R52: =IF($H52="Renovación con incremento",$G52,0) -> 282937.92 | S52: =IF(H52="Renovación sin incremento",1,0) -> 0 | T52: =IF($H52="Renovación sin incremento",$I52,0) -> 0 | U52: =IF($H52="Cancelación",1,0) -> 0 | V52: =IF($H52="Cancelación",$I52,0) -> 0 | W52: =IF($H52="Cancelación",$G52,0) -> 0
B53: =+B52+1 -> 42 | C53: Chihuahua | D53: Calle Pedro de Lille No. 3, Colonia Centro, C.P. 33890, Hidalgo del Parral, Chihuahua | E53: Oficinas Administrativas Subdelegacionales | F53: 33735 | G53: =+F53*12*1.16 -> 469591.2 | H53: Renovación con incremento | I53: =ROUNDUP(G53*1.1,0) -> 516551 | M53: =IF(H53="sustitución",1,0) -> 0 | N53: =IF($H53="sustitución",$I53,0) -> 0 | O53: =IF($H53="sustitución",$G53,0) -> 0 | P53: =IF(H53="Renovación con incremento",1,0) -> 1 | Q53: =IF($H53="Renovación con incremento",$I53,0) -> 516551 | R53: =IF($H53="Renovación con incremento",$G53,0) -> 469591.2 | S53: =IF(H53="Renovación sin incremento",1,0) -> 0 | T53: =IF($H53="Renovación sin incremento",$I53,0) -> 0 | U53: =IF($H53="Cancelación",1,0) -> 0 | V53: =IF($H53="Cancelación",$I53,0) -> 0 | W53: =IF($H53="Cancelación",$G53,0) -> 0
B54: =+B53+1 -> 43 | C54: Chihuahua | D54: Avenida Fernando Baeza No. 206, Sector Oriente, C.P. 33000, Ciudad Delicias, Chihuahua | E54: Oficinas Administrativas Subdelegacionales | F54: 21849 | G54: =+F54*12*1.16 -> 304138.08 | H54: Renovación con incremento | I54: =ROUNDUP(G54*1.1,0) -> 334552 | M54: =IF(H54="sustitución",1,0) -> 0 | N54: =IF($H54="sustitución",$I54,0) -> 0 | O54: =IF($H54="sustitución",$G54,0) -> 0 | P54: =IF(H54="Renovación con incremento",1,0) -> 1 | Q54: =IF($H54="Renovación con incremento",$I54,0) -> 334552 | R54: =IF($H54="Renovación con incremento",$G54,0) -> 304138.08 | S54: =IF(H54="Renovación sin incremento",1,0) -> 0 | T54: =IF($H54="Renovación sin incremento",$I54,0) -> 0 | U54: =IF($H54="Cancelación",1,0) -> 0 | V54: =IF($H54="Cancelación",$I54,0) -> 0 | W54: =IF($H54="Cancelación",$G54,0) -> 0
B55: =+B54+1 -> 44 | C55: Chihuahua | D55: Calle 21 Nº. 1109, Colonia Santo Niño,, C.P. 31150, Chihuahua, Chihuahua | E55: Tienda Nº.14 | F55: 21042.95 | G55: =+F55*12*1.16 -> 292917.86 | H55: Renovación con incremento | I55: =ROUNDUP(G55*1.1,0) -> 322210 | M55: =IF(H55="sustitución",1,0) -> 0 | N55: =IF($H55="sustitución",$I55,0) -> 0 | O55: =IF($H55="sustitución",$G55,0) -> 0 | P55: =IF(H55="Renovación con incremento",1,0) -> 1 | Q55: =IF($H55="Renovación con incremento",$I55,0) -> 322210 | R55: =IF($H55="Renovación con incremento",$G55,0) -> 292917.86 | S55: =IF(H55="Renovación sin incremento",1,0) -> 0 | T55: =IF($H55="Renovación sin incremento",$I55,0) -> 0 | U55: =IF($H55="Cancelación",1,0) -> 0 | V55: =IF($H55="Cancelación",$I55,0) -> 0 | W55: =IF($H55="Cancelación",$G55,0) -> 0
B56: =+B55+1 -> 45 | C56: Chihuahua | D56: Boulevard Oscar Flores Sánchez Nº. 2250, Colonia Jardines de San Jose, C.P. 32695, Ciudad Juárez, Chihuahua | E56: Tienda Nº. 97 y Oficinas Administrativas (Coordinación de Prestaciones Económicas y Sociales) | F56: 62534 | G56: =+F56*12*1.08 -> 810440.64 | H56: Sustitución | I56: =ROUNDUP(+G56*1.15,0) -> 932007 | M56: =IF(H56="sustitución",1,0) -> 1 | N56: =IF($H56="sustitución",$I56,0) -> 932007 | O56: =IF($H56="sustitución",$G56,0) -> 810440.64 | P56: =IF(H56="Renovación con incremento",1,0) -> 0 | Q56: =IF($H56="Renovación con incremento",$I56,0) -> 0 | R56: =IF($H56="Renovación con incremento",$G56,0) -> 0 | S56: =IF(H56="Renovación sin incremento",1,0) -> 0 | T56: =IF($H56="Renovación sin incremento",$I56,0) -> 0 | U56: =IF($H56="Cancelación",1,0) -> 0 | V56: =IF($H56="Cancelación",$I56,0) -> 0 | W56: =IF($H56="Cancelación",$G56,0) -> 0
B57: =+B56+1 -> 46 | C57: Chihuahua | D57: Calle General Rosalio Hernández Nº. 21 y Ferrocarriles Nacionales de México, C.P. 31150, Chihuahua, Chihuahua | E57: Almacén Delegacional (Bienes No Terapéuticos) | F57: 42244 | G57: =+F57*12*1.16 -> 588036.48 | H57: Sustitución | I57: =ROUNDUP(+G57*1.15,0) -> 676242 | M57: =IF(H57="sustitución",1,0) -> 1 | N57: =IF($H57="sustitución",$I57,0) -> 676242 | O57: =IF($H57="sustitución",$G57,0) -> 588036.48 | P57: =IF(H57="Renovación con incremento",1,0) -> 0 | Q57: =IF($H57="Renovación con incremento",$I57,0) -> 0 | R57: =IF($H57="Renovación con incremento",$G57,0) -> 0 | S57: =IF(H57="Renovación sin incremento",1,0) -> 0 | T57: =IF($H57="Renovación sin incremento",$I57,0) -> 0 | U57: =IF($H57="Cancelación",1,0) -> 0 | V57: =IF($H57="Cancelación",$I57,0) -> 0 | W57: =IF($H57="Cancelación",$G57,0) -> 0
B58: =+B57+1 -> 47 | C58: Chihuahua | D58: Calle Privada Santa Rosa Nºs. 21 y 23, C.P. 31150, Chihuahua, Chihuahua | E58: Almacén Delegacional (Bienes Terapéuticos) y Coordinación de Abastecimiento | F58: 89568.75 | G58: =+F58*12*1.16 -> 1246797 | H58: Sustitución | I58: =ROUNDUP(+G58*1.15,0) -> 1433817 | M58: =IF(H58="sustitución",1,0) -> 1 | N58: =IF($H58="sustitución",$I58,0) -> 1433817 | O58: =IF($H58="sustitución",$G58,0) -> 1246797 | P58: =IF(H58="Renovación con incremento",1,0) -> 0 | Q58: =IF($H58="Renovación con incremento",$I58,0) -> 0 | R58: =IF($H58="Renovación con incremento",$G58,0) -> 0 | S58: =IF(H58="Renovación sin incremento",1,0) -> 0 | T58: =IF($H58="Renovación sin incremento",$I58,0) -> 0 | U58: =IF($H58="Cancelación",1,0) -> 0 | V58: =IF($H58="Cancelación",$I58,0) -> 0 | W58: =IF($H58="Cancelación",$G58,0) -> 0
B59: =+B58+1 -> 48 | C59: Chihuahua | D59: Calle 53 A N°. 5 Colonia Arquitectos, C.P. 31350, Chihuahua, Chihuahua | E59: Bodega de Bienes Embargados | F59: 24248 | G59: =+F59*12*1.16 -> 337532.16 | H59: Renovación con incremento | I59: =ROUNDUP(G59*1.1,0) -> 371286 | M59: =IF(H59="sustitución",1,0) -> 0 | N59: =IF($H59="sustitución",$I59,0) -> 0 | O59: =IF($H59="sustitución",$G59,0) -> 0 | P59: =IF(H59="Renovación con incremento",1,0) -> 1 | Q59: =IF($H59="Renovación con incremento",$I59,0) -> 371286 | R59: =IF($H59="Renovación con incremento",$G59,0) -> 337532.16 | S59: =IF(H59="Renovación sin incremento",1,0) -> 0 | T59: =IF($H59="Renovación sin incremento",$I59,0) -> 0 | U59: =IF($H59="Cancelación",1,0) -> 0 | V59: =IF($H59="Cancelación",$I59,0) -> 0 | W59: =IF($H59="Cancelación",$G59,0) -> 0
B60: =+B59+1 -> 49 | C60: Chihuahua | D60: Calle Sierra Mohinora Nº. 6011, Fraccionamiento La Cuesta, C.P. 32650, Ciudad Juárez, Chihuahua | E60: Bodega de Bienes Embargados | F60: 26686 | G60: =+F60*12*1.16 -> 371469.12 | H60: Sustitución | I60: =ROUNDUP(+G60*1.15,0) -> 427190 | M60: =IF(H60="sustitución",1,0) -> 1 | N60: =IF($H60="sustitución",$I60,0) -> 427190 | O60: =IF($H60="sustitución",$G60,0) -> 371469.12 | P60: =IF(H60="Renovación con incremento",1,0) -> 0 | Q60: =IF($H60="Renovación con incremento",$I60,0) -> 0 | R60: =IF($H60="Renovación con incremento",$G60,0) -> 0 | S60: =IF(H60="Renovación sin incremento",1,0) -> 0 | T60: =IF($H60="Renovación sin incremento",$I60,0) -> 0 | U60: =IF($H60="Cancelación",1,0) -> 0 | V60: =IF($H60="Cancelación",$I60,0) -> 0 | W60: =IF($H60="Cancelación",$G60,0) -> 0
B61: =+B60+1 -> 50 | C61: Chihuahua | D61: Calle Privada Santa Rosa Nº 19, Colonia Centro, C.P. 31150, Chihuahua, Chihuahua | E61: Almacén Delegacional (Bienes de Laboratorio y Lácteos ) | F61: 26525.27 | G61: =+F61*12*1.16 -> 369231.76 | H61: Sustitución | I61: =ROUNDUP(+G61*1.15,0) -> 424617 | J61: =SUM(I47:I61) -> 7672123 | K61: =+Nuevos!I11 -> 6960000 | L61: =+K61+J61 -> 14632123 | M61: =IF(H61="sustitución",1,0) -> 1 | N61: =IF($H61="sustitución",$I61,0) -> 424617 | O61: =IF($H61="sustitución",$G61,0) -> 369231.76 | P61: =IF(H61="Renovación con incremento",1,0) -> 0 | Q61: =IF($H61="Renovación con incremento",$I61,0) -> 0 | R61: =IF($H61="Renovación con incremento",$G61,0) -> 0 | S61: =IF(H61="Renovación sin incremento",1,0) -> 0 | T61: =IF($H61="Renovación sin incremento",$I61,0) -> 0 | U61: =IF($H61="Cancelación",1,0) -> 0 | V61: =IF($H61="Cancelación",$I61,0) -> 0 | W61: =IF($H61="Cancelación",$G61,0) -> 0
B62: =+B61+1 -> 51 | C62: Nivel Central | D62: Calle Tiburcio Montiel N° 15, Colonia San Miguel Chapultepec, C.P. 11850, Alcaldía Miguel Hidalgo, Nivel Central. | E62: Oficinas Administrativas Nivel Central | F62: 1876862.8 | G62: =ROUNDUP(+F62*12*1.16,0) -> 26125930 | H62: Renovación sin incremento | I62: =ROUNDUP(G62,0) -> 26125930 | M62: =IF(H62="sustitución",1,0) -> 0 | N62: =IF($H62="sustitución",$I62,0) -> 0 | O62: =IF($H62="sustitución",$G62,0) -> 0 | P62: =IF(H62="Renovación con incremento",1,0) -> 0 | Q62: =IF($H62="Renovación con incremento",$I62,0) -> 0 | R62: =IF($H62="Renovación con incremento",$G62,0) -> 0 | S62: =IF(H62="Renovación sin incremento",1,0) -> 1 | T62: =IF($H62="Renovación sin incremento",$I62,0) -> 26125930 | U62: =IF($H62="Cancelación",1,0) -> 0 | V62: =IF($H62="Cancelación",$I62,0) -> 0 | W62: =IF($H62="Cancelación",$G62,0) -> 0
B63: =+B62+1 -> 52 | C63: Nivel Central | D63: Calle Río Pánuco N° 224, Colonia Cuauhtémoc, C.P. 06500, Alcaldía Cuauhtémoc, Nivel Central. | E63: Oficinas Administrativas Nivel Central | F63: =+G63/12 -> 1102464 | G63: 13229568 | H63: Renovación con incremento | I63: =ROUNDUP(G63*1.1,0) -> 14552525 | M63: =IF(H63="sustitución",1,0) -> 0 | N63: =IF($H63="sustitución",$I63,0) -> 0 | O63: =IF($H63="sustitución",$G63,0) -> 0 | P63: =IF(H63="Renovación con incremento",1,0) -> 1 | Q63: =IF($H63="Renovación con incremento",$I63,0) -> 14552525 | R63: =IF($H63="Renovación con incremento",$G63,0) -> 13229568 | S63: =IF(H63="Renovación sin incremento",1,0) -> 0 | T63: =IF($H63="Renovación sin incremento",$I63,0) -> 0 | U63: =IF($H63="Cancelación",1,0) -> 0 | V63: =IF($H63="Cancelación",$I63,0) -> 0 | W63: =IF($H63="Cancelación",$G63,0) -> 0
B64: =+B63+1 -> 53 | C64: Nivel Central | D64: Calle Hamburgo N° 18, Colonia Juárez, C.P. 06600, Alcaldía Cuauhtémoc, Nivel Central. | E64: Oficinas Administrativas Nivel Central | F64: =561170.5*1.1 -> 617287.55 | G64: 8670758 | H64: Renovación con incremento | I64: =ROUNDUP(G64*1.1,0) -> 9537834 | M64: =IF(H64="sustitución",1,0) -> 0 | N64: =IF($H64="sustitución",$I64,0) -> 0 | O64: =IF($H64="sustitución",$G64,0) -> 0 | P64: =IF(H64="Renovación con incremento",1,0) -> 1 | Q64: =IF($H64="Renovación con incremento",$I64,0) -> 9537834 | R64: =IF($H64="Renovación con incremento",$G64,0) -> 8670758 | S64: =IF(H64="Renovación sin incremento",1,0) -> 0 | T64: =IF($H64="Renovación sin incremento",$I64,0) -> 0 | U64: =IF($H64="Cancelación",1,0) -> 0 | V64: =IF($H64="Cancelación",$I64,0) -> 0 | W64: =IF($H64="Cancelación",$G64,0) -> 0
B65: =+B64+1 -> 54 | C65: Nivel Central | D65: Avenida Revolución No.1586, Colonia San Ángel, C.P. 01000, Alcaldía Álvaro Obregón, Nivel Central. | E65: Oficinas Administrativas Nivel Central | F65: 1551723.6 | G65: 23759992 | H65: Renovación con incremento | I65: =ROUNDUP(G65*1.1,0) -> 26135992 | M65: =IF(H65="sustitución",1,0) -> 0 | N65: =IF($H65="sustitución",$I65,0) -> 0 | O65: =IF($H65="sustitución",$G65,0) -> 0 | P65: =IF(H65="Renovación con incremento",1,0) -> 1 | Q65: =IF($H65="Renovación con incremento",$I65,0) -> 26135992 | R65: =IF($H65="Renovación con incremento",$G65,0) -> 23759992 | S65: =IF(H65="Renovación sin incremento",1,0) -> 0 | T65: =IF($H65="Renovación sin incremento",$I65,0) -> 0 | U65: =IF($H65="Cancelación",1,0) -> 0 | V65: =IF($H65="Cancelación",$I65,0) -> 0 | W65: =IF($H65="Cancelación",$G65,0) -> 0
B66: =+B65+1 -> 55 | C66: Nivel Central | D66: Calle Cozumel N° 43, Colonia Roma Norte, C.P. 06700, Alcaldía Cuauhtémoc, Nivel Central. | E66: Oficinas Administrativas Nivel Central | F66: =1295222.2*1.1 -> 1424744.4 | G66: =ROUNDUP(+F66*12*1.16,0) -> 19832443 | H66: Renovación sin incremento | I66: =ROUNDUP(G66,0) -> 19832443 | M66: =IF(H66="sustitución",1,0) -> 0 | N66: =IF($H66="sustitución",$I66,0) -> 0 | O66: =IF($H66="sustitución",$G66,0) -> 0 | P66: =IF(H66="Renovación con incremento",1,0) -> 0 | Q66: =IF($H66="Renovación con incremento",$I66,0) -> 0 | R66: =IF($H66="Renovación con incremento",$G66,0) -> 0 | S66: =IF(H66="Renovación sin incremento",1,0) -> 1 | T66: =IF($H66="Renovación sin incremento",$I66,0) -> 19832443 | U66: =IF($H66="Cancelación",1,0) -> 0 | V66: =IF($H66="Cancelación",$I66,0) -> 0 | W66: =IF($H66="Cancelación",$G66,0) -> 0
B67: =+B66+1 -> 56 | C67: Nivel Central | D67: Calle Hamburgo N° 64, Colonia Juárez, C.P. 06600, Alcaldía Cuauhtémoc, Ciudad de México, Nivel Central. | E67: Oficinas Administrativas | F67: =+G67/12 -> 2839014 | G67: 34068168 | H67: Renovación con incremento | I67: =ROUNDUP(G67*1.1,0) -> 37474985 | M67: =IF(H67="sustitución",1,0) -> 0 | N67: =IF($H67="sustitución",$I67,0) -> 0 | O67: =IF($H67="sustitución",$G67,0) -> 0 | P67: =IF(H67="Renovación con incremento",1,0) -> 1 | Q67: =IF($H67="Renovación con incremento",$I67,0) -> 37474985 | R67: =IF($H67="Renovación con incremento",$G67,0) -> 34068168 | S67: =IF(H67="Renovación sin incremento",1,0) -> 0 | T67: =IF($H67="Renovación sin incremento",$I67,0) -> 0 | U67: =IF($H67="Cancelación",1,0) -> 0 | V67: =IF($H67="Cancelación",$I67,0) -> 0 | W67: =IF($H67="Cancelación",$G67,0) -> 0
B68: =+B67+1 -> 57 | C68: Nivel Central | D68: Havre No. 7 Colonia Juárez, C.P. 06600, Alcaldía Cuauhtémoc, Ciudad de México, Nivel Central. | E68: Unidad del Programa IMSS- Bienestar | F68: =977423.48*1.1 -> 1075165.8 | G68: =ROUNDUP(+F68*12*1.16,0) -> 14966309 | H68: Renovación con incremento | I68: =ROUNDUP(G68*1.1,0) -> 16462940 | J68: =SUM(I62:I68) -> 150122649 | K68: =+Nuevos!I22 -> 52251605 | L68: =+K68+J68 -> 2.0237425e+08 | M68: =IF(H68="sustitución",1,0) -> 0 | N68: =IF($H68="sustitución",$I68,0) -> 0 | O68: =IF($H68="sustitución",$G68,0) -> 0 | P68: =IF(H68="Renovación con incremento",1,0) -> 1 | Q68: =IF($H68="Renovación con incremento",$I68,0) -> 16462940 | R68: =IF($H68="Renovación con incremento",$G68,0) -> 14966309 | S68: =IF(H68="Renovación sin incremento",1,0) -> 0 | T68: =IF($H68="Renovación sin incremento",$I68,0) -> 0 | U68: =IF($H68="Cancelación",1,0) -> 0 | V68: =IF($H68="Cancelación",$I68,0) -> 0 | W68: =IF($H68="Cancelación",$G68,0) -> 0
B69: =+B68+1 -> 58 | C69: Durango | D69: Calle Morelos N°. 106, Colonia Refugio, C.P. 34800, Villa Unión, Durango | E69: Unidad de Medicina Familiar N°. 4 | F69: 7000 | G69: =+F69*12*1.16 -> 97440 | H69: Renovación con incremento | I69: =ROUNDUP(G69*1.1,0) -> 107184 | M69: =IF(H69="sustitución",1,0) -> 0 | N69: =IF($H69="sustitución",$I69,0) -> 0 | O69: =IF($H69="sustitución",$G69,0) -> 0 | P69: =IF(H69="Renovación con incremento",1,0) -> 1 | Q69: =IF($H69="Renovación con incremento",$I69,0) -> 107184 | R69: =IF($H69="Renovación con incremento",$G69,0) -> 97440 | S69: =IF(H69="Renovación sin incremento",1,0) -> 0 | T69: =IF($H69="Renovación sin incremento",$I69,0) -> 0 | U69: =IF($H69="Cancelación",1,0) -> 0 | V69: =IF($H69="Cancelación",$I69,0) -> 0 | W69: =IF($H69="Cancelación",$G69,0) -> 0
B70: =+B69+1 -> 59 | C70: Durango | D70: Calle Morelos N°. 416 Oriente, Colonia Centro, C.P. 35800, Cuencame, Durango | E70: Unidad de Medicina Familiar N°. 14 | F70: 6000 | G70: =+F70*12*1.16 -> 83520 | H70: Renovación con incremento | I70: =ROUNDUP(G70*1.1,0) -> 91872 | M70: =IF(H70="sustitución",1,0) -> 0 | N70: =IF($H70="sustitución",$I70,0) -> 0 | O70: =IF($H70="sustitución",$G70,0) -> 0 | P70: =IF(H70="Renovación con incremento",1,0) -> 1 | Q70: =IF($H70="Renovación con incremento",$I70,0) -> 91872 | R70: =IF($H70="Renovación con incremento",$G70,0) -> 83520 | S70: =IF(H70="Renovación sin incremento",1,0) -> 0 | T70: =IF($H70="Renovación sin incremento",$I70,0) -> 0 | U70: =IF($H70="Cancelación",1,0) -> 0 | V70: =IF($H70="Cancelación",$I70,0) -> 0 | W70: =IF($H70="Cancelación",$G70,0) -> 0
B71: =+B70+1 -> 60 | C71: Durango | D71: Avenida Allende No. 31, Colonia Centro, C.P. 35700, Nazas, Durango | E71: Unidad de Medicina Familiar No. 48 | F71: 7000 | G71: =+F71*12*1.16 -> 97440 | H71: Renovación con incremento | I71: =ROUNDUP(G71*1.1,0) -> 107184 | M71: =IF(H71="sustitución",1,0) -> 0 | N71: =IF($H71="sustitución",$I71,0) -> 0 | O71: =IF($H71="sustitución",$G71,0) -> 0 | P71: =IF(H71="Renovación con incremento",1,0) -> 1 | Q71: =IF($H71="Renovación con incremento",$I71,0) -> 107184 | R71: =IF($H71="Renovación con incremento",$G71,0) -> 97440 | S71: =IF(H71="Renovación sin incremento",1,0) -> 0 | T71: =IF($H71="Renovación sin incremento",$I71,0) -> 0 | U71: =IF($H71="Cancelación",1,0) -> 0 | V71: =IF($H71="Cancelación",$I71,0) -> 0 | W71: =IF($H71="Cancelación",$G71,0) -> 0
B72: =+B71+1 -> 61 | C72: Durango | D72: Carretera al Mezquital, No. 219, Fraccionamiento Real del Mezquital, C.P. 34199, Durango,Durango | E72: Unidad de Medicina Familiar N°. 49 | F72: 179772.42 | G72: =+F72*12*1.16 -> 2502432.1 | H72: Renovación con incremento | I72: =ROUNDUP(G72*1.1,0) -> 2752676 | M72: =IF(H72="sustitución",1,0) -> 0 | N72: =IF($H72="sustitución",$I72,0) -> 0 | O72: =IF($H72="sustitución",$G72,0) -> 0 | P72: =IF(H72="Renovación con incremento",1,0) -> 1 | Q72: =IF($H72="Renovación con incremento",$I72,0) -> 2752676 | R72: =IF($H72="Renovación con incremento",$G72,0) -> 2502432.1 | S72: =IF(H72="Renovación sin incremento",1,0) -> 0 | T72: =IF($H72="Renovación sin incremento",$I72,0) -> 0 | U72: =IF($H72="Cancelación",1,0) -> 0 | V72: =IF($H72="Cancelación",$I72,0) -> 0 | W72: =IF($H72="Cancelación",$G72,0) -> 0
B73: =+B72+1 -> 62 | C73: Durango | D73: Calle Leandro Fernandez S/N. Colonia en Nombre de Dios, Nombre de Dios, C.P. 34840, Durango, Durango | E73: Unidad de Medicina Familiar N°. 52 | F73: 5500 | G73: =+F73*12*1.16 -> 76560 | H73: Renovación con incremento | I73: =ROUNDUP(G73*1.1,0) -> 84216 | M73: =IF(H73="sustitución",1,0) -> 0 | N73: =IF($H73="sustitución",$I73,0) -> 0 | O73: =IF($H73="sustitución",$G73,0) -> 0 | P73: =IF(H73="Renovación con incremento",1,0) -> 1 | Q73: =IF($H73="Renovación con incremento",$I73,0) -> 84216 | R73: =IF($H73="Renovación con incremento",$G73,0) -> 76560 | S73: =IF(H73="Renovación sin incremento",1,0) -> 0 | T73: =IF($H73="Renovación sin incremento",$I73,0) -> 0 | U73: =IF($H73="Cancelación",1,0) -> 0 | V73: =IF($H73="Cancelación",$I73,0) -> 0 | W73: =IF($H73="Cancelación",$G73,0) -> 0
B74: =+B73+1 -> 63 | C74: Durango | D74: Avenida Miguel Hidalgo No. 110 Sur, Colonia Centro, C.P. 35000, Gómez Palacio, Durango | E74: Tienda N°. 115 | F74: 35000 | G74: =+F74*12*1.16 -> 487200 | H74: Renovación con incremento | I74: =ROUNDUP(G74*1.1,0) -> 535920 | M74: =IF(H74="sustitución",1,0) -> 0 | N74: =IF($H74="sustitución",$I74,0) -> 0 | O74: =IF($H74="sustitución",$G74,0) -> 0 | P74: =IF(H74="Renovación con incremento",1,0) -> 1 | Q74: =IF($H74="Renovación con incremento",$I74,0) -> 535920 | R74: =IF($H74="Renovación con incremento",$G74,0) -> 487200 | S74: =IF(H74="Renovación sin incremento",1,0) -> 0 | T74: =IF($H74="Renovación sin incremento",$I74,0) -> 0 | U74: =IF($H74="Cancelación",1,0) -> 0 | V74: =IF($H74="Cancelación",$I74,0) -> 0 | W74: =IF($H74="Cancelación",$G74,0) -> 0
B75: =+B74+1 -> 64 | C75: Durango | D75: Calle Juárez N° 104 Sur, Planta Baja, Mezzanine y Pisos 1°, 2° y 3º, Colonia Centro, C.P. 34000, Durango, Durango | E75: Oficinas Administrativas Delegacionales (Sede) | F75: 270000 | G75: =+F75*12*1.16 -> 3758400 | H75: Renovación con incremento | I75: =ROUNDUP(G75*1.1,0) -> 4134240 | M75: =IF(H75="sustitución",1,0) -> 0 | N75: =IF($H75="sustitución",$I75,0) -> 0 | O75: =IF($H75="sustitución",$G75,0) -> 0 | P75: =IF(H75="Renovación con incremento",1,0) -> 1 | Q75: =IF($H75="Renovación con incremento",$I75,0) -> 4134240 | R75: =IF($H75="Renovación con incremento",$G75,0) -> 3758400 | S75: =IF(H75="Renovación sin incremento",1,0) -> 0 | T75: =IF($H75="Renovación sin incremento",$I75,0) -> 0 | U75: =IF($H75="Cancelación",1,0) -> 0 | V75: =IF($H75="Cancelación",$I75,0) -> 0 | W75: =IF($H75="Cancelación",$G75,0) -> 0
B76: =+B75+1 -> 65 | C76: Durango | D76: Calle Juárez No. 77, Zona Centro, C.P. 35590, Santa María del Oro, Durango | E76: Unidad de Medicina Familiar N°. 47 | F76: 15000 | G76: =+F76*12*1.16 -> 208800 | H76: Renovación con incremento | I76: =ROUNDUP(G76*1.1,0) -> 229680 | M76: =IF(H76="sustitución",1,0) -> 0 | N76: =IF($H76="sustitución",$I76,0) -> 0 | O76: =IF($H76="sustitución",$G76,0) -> 0 | P76: =IF(H76="Renovación con incremento",1,0) -> 1 | Q76: =IF($H76="Renovación con incremento",$I76,0) -> 229680 | R76: =IF($H76="Renovación con incremento",$G76,0) -> 208800 | S76: =IF(H76="Renovación sin incremento",1,0) -> 0 | T76: =IF($H76="Renovación sin incremento",$I76,0) -> 0 | U76: =IF($H76="Cancelación",1,0) -> 0 | V76: =IF($H76="Cancelación",$I76,0) -> 0 | W76: =IF($H76="Cancelación",$G76,0) -> 0
B77: =+B76+1 -> 66 | C77: Durango | D77: Calle Bruno Martínez No. 379 Norte, Colonia Victoria de Durango, C.P. 34000, Durango, Durango. | E77: Oficinas Administrativas Subdelegacionales y Centro de Capacitación y Calidad | F77: 250610 | G77: =+F77*12*1.16 -> 3488491.2 | H77: Renovación con incremento | I77: =ROUNDUP(G77*1.1,0) -> 3837341 | M77: =IF(H77="sustitución",1,0) -> 0 | N77: =IF($H77="sustitución",$I77,0) -> 0 | O77: =IF($H77="sustitución",$G77,0) -> 0 | P77: =IF(H77="Renovación con incremento",1,0) -> 1 | Q77: =IF($H77="Renovación con incremento",$I77,0) -> 3837341 | R77: =IF($H77="Renovación con incremento",$G77,0) -> 3488491.2 | S77: =IF(H77="Renovación sin incremento",1,0) -> 0 | T77: =IF($H77="Renovación sin incremento",$I77,0) -> 0 | U77: =IF($H77="Cancelación",1,0) -> 0 | V77: =IF($H77="Cancelación",$I77,0) -> 0 | W77: =IF($H77="Cancelación",$G77,0) -> 0
B78: =+B77+1 -> 67 | C78: Durango | D78: Calle Segunda de Selenio s/n, Fraccionamiento Ciudad Industrial, C.P. 34078, Durango, Durango | E78: Almacén Delegacional | F78: 398987 | G78: =+F78*12*1.16 -> 5553899 | H78: Renovación sin incremento | I78: =ROUNDUP(G78*1.1,0) -> 6109289 | M78: =IF(H78="sustitución",1,0) -> 0 | N78: =IF($H78="sustitución",$I78,0) -> 0 | O78: =IF($H78="sustitución",$G78,0) -> 0 | P78: =IF(H78="Renovación con incremento",1,0) -> 0 | Q78: =IF($H78="Renovación con incremento",$I78,0) -> 0 | R78: =IF($H78="Renovación con incremento",$G78,0) -> 0 | S78: =IF(H78="Renovación sin incremento",1,0) -> 1 | T78: =IF($H78="Renovación sin incremento",$I78,0) -> 6109289 | U78: =IF($H78="Cancelación",1,0) -> 0 | V78: =IF($H78="Cancelación",$I78,0) -> 0 | W78: =IF($H78="Cancelación",$G78,0) -> 0
B79: =+B78+1 -> 68 | C79: Durango | D79: Libramiento Períferico No. 1675 Norte, Colonia Plácido Domingo, C.P. 35159, Ciudad Lerdo, Durango | E79: Bodega de Archivo de Concentración, Bienes Adjudicados y Bienes de Baja | F79: 105007.54 | G79: =+F79*12*1.16 -> 1461705 | H79: Renovación con incremento | I79: =ROUNDUP(G79*1.1,0) -> 1607876 | M79: =IF(H79="sustitución",1,0) -> 0 | N79: =IF($H79="sustitución",$I79,0) -> 0 | O79: =IF($H79="sustitución",$G79,0) -> 0 | P79: =IF(H79="Renovación con incremento",1,0) -> 1 | Q79: =IF($H79="Renovación con incremento",$I79,0) -> 1607876 | R79: =IF($H79="Renovación con incremento",$G79,0) -> 1461705 | S79: =IF(H79="Renovación sin incremento",1,0) -> 0 | T79: =IF($H79="Renovación sin incremento",$I79,0) -> 0 | U79: =IF($H79="Cancelación",1,0) -> 0 | V79: =IF($H79="Cancelación",$I79,0) -> 0 | W79: =IF($H79="Cancelación",$G79,0) -> 0
B80: =+B79+1 -> 69 | C80: Durango | D80: Calle Níspero No. 214, Fraccionamiento Campestre Jacarandas, C.P. 34106, Durango, Durango | E80: Bodega de Bienes Embargados, Bienes Adjudicados, Bienes de Baja y Archivo de Concentración de la Subdelegación | F80: 97000 | G80: =+F80*12*1.16 -> 1350240 | H80: Renovación con incremento | I80: =ROUNDUP(G80*1.1,0) -> 1485264 | J80: =SUM(I69:I80) -> 21082742 | K80: =+Nuevos!I12 -> 1809600 | L80: =+K80+J80 -> 22892342 | M80: =IF(H80="sustitución",1,0) -> 0 | N80: =IF($H80="sustitución",$I80,0) -> 0 | O80: =IF($H80="sustitución",$G80,0) -> 0 | P80: =IF(H80="Renovación con incremento",1,0) -> 1 | Q80: =IF($H80="Renovación con incremento",$I80,0) -> 1485264 | R80: =IF($H80="Renovación con incremento",$G80,0) -> 1350240 | S80: =IF(H80="Renovación sin incremento",1,0) -> 0 | T80: =IF($H80="Renovación sin incremento",$I80,0) -> 0 | U80: =IF($H80="Cancelación",1,0) -> 0 | V80: =IF($H80="Cancelación",$I80,0) -> 0 | W80: =IF($H80="Cancelación",$G80,0) -> 0
B81: =+B80+1 -> 70 | C81: Guanajuato | D81: Boulevard Venustiano Carranza No. 205, Colonia San Miguel, C.P. 37235, León, Guanajuato | E81: Tienda No. 19 | F81: 46171.84 | G81: =+F81*12*1.16 -> 642712.01 | H81: Renovación con incremento | I81: =ROUNDUP(G81*1.1,0) -> 706984 | M81: =IF(H81="sustitución",1,0) -> 0 | N81: =IF($H81="sustitución",$I81,0) -> 0 | O81: =IF($H81="sustitución",$G81,0) -> 0 | P81: =IF(H81="Renovación con incremento",1,0) -> 1 | Q81: =IF($H81="Renovación con incremento",$I81,0) -> 706984 | R81: =IF($H81="Renovación con incremento",$G81,0) -> 642712.01 | S81: =IF(H81="Renovación sin incremento",1,0) -> 0 | T81: =IF($H81="Renovación sin incremento",$I81,0) -> 0 | U81: =IF($H81="Cancelación",1,0) -> 0 | V81: =IF($H81="Cancelación",$I81,0) -> 0 | W81: =IF($H81="Cancelación",$G81,0) -> 0
B82: =+B81+1 -> 71 | C82: Guanajuato | D82: Calle Lázaro Cárdenas del Río No. 100, Colonia Tres Guerras, C.P. 38080, Celaya, Guanajuato | E82: Bodega de Bienes Embargados | F82: 42000 | G82: =+F82*12*1.16 -> 584640 | H82: Renovación con incremento | I82: =ROUNDUP(G82*1.1,0) -> 643104 | M82: =IF(H82="sustitución",1,0) -> 0 | N82: =IF($H82="sustitución",$I82,0) -> 0 | O82: =IF($H82="sustitución",$G82,0) -> 0 | P82: =IF(H82="Renovación con incremento",1,0) -> 1 | Q82: =IF($H82="Renovación con incremento",$I82,0) -> 643104 | R82: =IF($H82="Renovación con incremento",$G82,0) -> 584640 | S82: =IF(H82="Renovación sin incremento",1,0) -> 0 | T82: =IF($H82="Renovación sin incremento",$I82,0) -> 0 | U82: =IF($H82="Cancelación",1,0) -> 0 | V82: =IF($H82="Cancelación",$I82,0) -> 0 | W82: =IF($H82="Cancelación",$G82,0) -> 0
B83: =+B82+1 -> 72 | C83: Guanajuato | D83: Calle Guanajuato No. 43, Colonia Santa Teresa, C.P. 36260,Guanajuato, Guanajuato | E83: Bodega de Bienes Embargados | F83: 55000 | G83: =+F83*12*1.16 -> 765600 | H83: Renovación con incremento | I83: =ROUNDUP(G83*1.1,0) -> 842160 | M83: =IF(H83="sustitución",1,0) -> 0 | N83: =IF($H83="sustitución",$I83,0) -> 0 | O83: =IF($H83="sustitución",$G83,0) -> 0 | P83: =IF(H83="Renovación con incremento",1,0) -> 1 | Q83: =IF($H83="Renovación con incremento",$I83,0) -> 842160 | R83: =IF($H83="Renovación con incremento",$G83,0) -> 765600 | S83: =IF(H83="Renovación sin incremento",1,0) -> 0 | T83: =IF($H83="Renovación sin incremento",$I83,0) -> 0 | U83: =IF($H83="Cancelación",1,0) -> 0 | V83: =IF($H83="Cancelación",$I83,0) -> 0 | W83: =IF($H83="Cancelación",$G83,0) -> 0
B84: =+B83+1 -> 73 | C84: Guanajuato | D84: Boulevard Adolfo López Mateos Poniente, No. 406, Zona Centro, C.P. 38000, Celaya, Guanajuato | E84: Consultorios Médicos. Extensión Unidad de la Medicina Familiar Nº. 49 | F84: 78500 | G84: =+F84*12*1.16 -> 1092720 | H84: Renovación con incremento | I84: =ROUNDUP(G84*1.1,0) -> 1201992 | M84: =IF(H84="sustitución",1,0) -> 0 | N84: =IF($H84="sustitución",$I84,0) -> 0 | O84: =IF($H84="sustitución",$G84,0) -> 0 | P84: =IF(H84="Renovación con incremento",1,0) -> 1 | Q84: =IF($H84="Renovación con incremento",$I84,0) -> 1201992 | R84: =IF($H84="Renovación con incremento",$G84,0) -> 1092720 | S84: =IF(H84="Renovación sin incremento",1,0) -> 0 | T84: =IF($H84="Renovación sin incremento",$I84,0) -> 0 | U84: =IF($H84="Cancelación",1,0) -> 0 | V84: =IF($H84="Cancelación",$I84,0) -> 0 | W84: =IF($H84="Cancelación",$G84,0) -> 0
B85: =+B84+1 -> 74 | C85: Guanajuato | D85: Calle Paseo de Guanajuato N° 110, Colonia Jardines de Celaya, Primera Sección, C.P. 38080, Celaya, Guanajuato | E85: Oficinas Administrativas Subdelegacionales | F85: 43760.75 | G85: =+F85*12*1.16 -> 609149.64 | H85: Renovación con incremento | I85: =ROUNDUP(G85*1.1,0) -> 670065 | M85: =IF(H85="sustitución",1,0) -> 0 | N85: =IF($H85="sustitución",$I85,0) -> 0 | O85: =IF($H85="sustitución",$G85,0) -> 0 | P85: =IF(H85="Renovación con incremento",1,0) -> 1 | Q85: =IF($H85="Renovación con incremento",$I85,0) -> 670065 | R85: =IF($H85="Renovación con incremento",$G85,0) -> 609149.64 | S85: =IF(H85="Renovación sin incremento",1,0) -> 0 | T85: =IF($H85="Renovación sin incremento",$I85,0) -> 0 | U85: =IF($H85="Cancelación",1,0) -> 0 | V85: =IF($H85="Cancelación",$I85,0) -> 0 | W85: =IF($H85="Cancelación",$G85,0) -> 0
B86: =+B85+1 -> 75 | C86: Guanajuato | D86: Calle Aldama Nº. 321-B, Zona Centro, C.P. 36700, Salamanca, Guanajuato | E86: Oficinas Administrativas Subdelegacionales | F86: 60800 | G86: =+F86*12*1.16 -> 846336 | H86: Renovación con incremento | I86: =ROUNDUP(G86*1.1,0) -> 930970 | M86: =IF(H86="sustitución",1,0) -> 0 | N86: =IF($H86="sustitución",$I86,0) -> 0 | O86: =IF($H86="sustitución",$G86,0) -> 0 | P86: =IF(H86="Renovación con incremento",1,0) -> 1 | Q86: =IF($H86="Renovación con incremento",$I86,0) -> 930970 | R86: =IF($H86="Renovación con incremento",$G86,0) -> 846336 | S86: =IF(H86="Renovación sin incremento",1,0) -> 0 | T86: =IF($H86="Renovación sin incremento",$I86,0) -> 0 | U86: =IF($H86="Cancelación",1,0) -> 0 | V86: =IF($H86="Cancelación",$I86,0) -> 0 | W86: =IF($H86="Cancelación",$G86,0) -> 0
B87: =+B86+1 -> 76 | C87: Guanajuato | D87: Calle Aztecas N°. 107, Colonia Parque Central, Zona Centro, C.P. 38000, Celaya, Guanajuato | E87: Tienda No. 21 | F87: 58577.88 | G87: =+F87*12*1.16 -> 815404.09 | H87: Renovación con incremento | I87: =ROUNDUP(G87*1.1,0) -> 896945 | M87: =IF(H87="sustitución",1,0) -> 0 | N87: =IF($H87="sustitución",$I87,0) -> 0 | O87: =IF($H87="sustitución",$G87,0) -> 0 | P87: =IF(H87="Renovación con incremento",1,0) -> 1 | Q87: =IF($H87="Renovación con incremento",$I87,0) -> 896945 | R87: =IF($H87="Renovación con incremento",$G87,0) -> 815404.09 | S87: =IF(H87="Renovación sin incremento",1,0) -> 0 | T87: =IF($H87="Renovación sin incremento",$I87,0) -> 0 | U87: =IF($H87="Cancelación",1,0) -> 0 | V87: =IF($H87="Cancelación",$I87,0) -> 0 | W87: =IF($H87="Cancelación",$G87,0) -> 0
B88: =+B87+1 -> 77 | C88: Guanajuato | D88: Calle Francisco Eduardo Tres Guerra N°. 735 (171), Zona Centro, C.P. 36500, Irapuato, Guanajuato | E88: Tienda No. 20 y Bodega de Bienes Embargados | F88: 51394.79 | G88: =+F88*12*1.16 -> 715415.48 | H88: Renovación con incremento | I88: =ROUNDUP(G88*1.1,0) -> 786958 | M88: =IF(H88="sustitución",1,0) -> 0 | N88: =IF($H88="sustitución",$I88,0) -> 0 | O88: =IF($H88="sustitución",$G88,0) -> 0 | P88: =IF(H88="Renovación con incremento",1,0) -> 1 | Q88: =IF($H88="Renovación con incremento",$I88,0) -> 786958 | R88: =IF($H88="Renovación con incremento",$G88,0) -> 715415.48 | S88: =IF(H88="Renovación sin incremento",1,0) -> 0 | T88: =IF($H88="Renovación sin incremento",$I88,0) -> 0 | U88: =IF($H88="Cancelación",1,0) -> 0 | V88: =IF($H88="Cancelación",$I88,0) -> 0 | W88: =IF($H88="Cancelación",$G88,0) -> 0
B89: =+B88+1 -> 78 | C89: Guanajuato | D89: Calle Isaac Newton Nº. 112, Colonia El Peluchan, C.P. 37119, León, Guanajuato | E89: Sub Álmacen Delegacional | F89: 90000 | G89: =+F89*12*1.16 -> 1252800 | H89: Renovación con incremento | I89: =ROUNDUP(G89*1.1,0) -> 1378080 | M89: =IF(H89="sustitución",1,0) -> 0 | N89: =IF($H89="sustitución",$I89,0) -> 0 | O89: =IF($H89="sustitución",$G89,0) -> 0 | P89: =IF(H89="Renovación con incremento",1,0) -> 1 | Q89: =IF($H89="Renovación con incremento",$I89,0) -> 1378080 | R89: =IF($H89="Renovación con incremento",$G89,0) -> 1252800 | S89: =IF(H89="Renovación sin incremento",1,0) -> 0 | T89: =IF($H89="Renovación sin incremento",$I89,0) -> 0 | U89: =IF($H89="Cancelación",1,0) -> 0 | V89: =IF($H89="Cancelación",$I89,0) -> 0 | W89: =IF($H89="Cancelación",$G89,0) -> 0
B90: =+B89+1 -> 79 | C90: Guanajuato | D90: Calle Río Conchos Nº. 434, Colonia San Miguel, C.P. 37390, León, Guanajuato | E90: Bodega de Bienes Embargados | F90: 60000 | G90: =+F90*12*1.16 -> 835200 | H90: Renovación con incremento | I90: =ROUNDUP(G90*1.1,0) -> 918720 | J90: =SUM(I81:I90) -> 8975978 | K90: =+Nuevos!I15 -> 974400 | L90: =+K90+J90 -> 9950378 | M90: =IF(H90="sustitución",1,0) -> 0 | N90: =IF($H90="sustitución",$I90,0) -> 0 | O90: =IF($H90="sustitución",$G90,0) -> 0 | P90: =IF(H90="Renovación con incremento",1,0) -> 1 | Q90: =IF($H90="Renovación con incremento",$I90,0) -> 918720 | R90: =IF($H90="Renovación con incremento",$G90,0) -> 835200 | S90: =IF(H90="Renovación sin incremento",1,0) -> 0 | T90: =IF($H90="Renovación sin incremento",$I90,0) -> 0 | U90: =IF($H90="Cancelación",1,0) -> 0 | V90: =IF($H90="Cancelación",$I90,0) -> 0 | W90: =IF($H90="Cancelación",$G90,0) -> 0
B91: =+B90+1 -> 80 | C91: Guerrero | D91: Calle Vicente Suárez S/N, Colonia Petacalco, Municipio La Unión de Isidoro, Montes de Oca Suárez, C.P. 40811, Petacalco, Guerrero | E91: Unidad de Medicina Familiar Nº. 27 | F91: 4241 | G91: =+F91*12*1.16 -> 59034.72 | H91: Renovación con incremento | I91: =ROUNDUP(G91*1.1,0) -> 64939 | M91: =IF(H91="sustitución",1,0) -> 0 | N91: =IF($H91="sustitución",$I91,0) -> 0 | O91: =IF($H91="sustitución",$G91,0) -> 0 | P91: =IF(H91="Renovación con incremento",1,0) -> 1 | Q91: =IF($H91="Renovación con incremento",$I91,0) -> 64939 | R91: =IF($H91="Renovación con incremento",$G91,0) -> 59034.72 | S91: =IF(H91="Renovación sin incremento",1,0) -> 0 | T91: =IF($H91="Renovación sin incremento",$I91,0) -> 0 | U91: =IF($H91="Cancelación",1,0) -> 0 | V91: =IF($H91="Cancelación",$I91,0) -> 0 | W91: =IF($H91="Cancelación",$G91,0) -> 0
B92: =+B91+1 -> 81 | C92: Guerrero | D92: Costado de Carretera a Ayutla Municipio Juan R. Escudero, C.P. 39840, Tierra Colorada, Guerrero | E92: Unidad de Medicina Familiar Nº. 7 | F92: 6061 | G92: =+F92*12*1.16 -> 84369.12 | H92: Renovación con incremento | I92: =ROUNDUP(G92*1.1,0) -> 92807 | M92: =IF(H92="sustitución",1,0) -> 0 | N92: =IF($H92="sustitución",$I92,0) -> 0 | O92: =IF($H92="sustitución",$G92,0) -> 0 | P92: =IF(H92="Renovación con incremento",1,0) -> 1 | Q92: =IF($H92="Renovación con incremento",$I92,0) -> 92807 | R92: =IF($H92="Renovación con incremento",$G92,0) -> 84369.12 | S92: =IF(H92="Renovación sin incremento",1,0) -> 0 | T92: =IF($H92="Renovación sin incremento",$I92,0) -> 0 | U92: =IF($H92="Cancelación",1,0) -> 0 | V92: =IF($H92="Cancelación",$I92,0) -> 0 | W92: =IF($H92="Cancelación",$G92,0) -> 0
B93: =+B92+1 -> 82 | C93: Guerrero | D93: Ignacio Allende No. 4 Colonia Centro, C.P. 40930, Atoyac de Álvarez, Guerrero | E93: Unidad de Medicina Familiar Nº. 11 | F93: 5000 | G93: =+F93*12*1.16 -> 69600 | H93: Sustitución | I93: =ROUNDUP(+G93*1.15,0) -> 80040 | M93: =IF(H93="sustitución",1,0) -> 1 | N93: =IF($H93="sustitución",$I93,0) -> 80040 | O93: =IF($H93="sustitución",$G93,0) -> 69600 | P93: =IF(H93="Renovación con incremento",1,0) -> 0 | Q93: =IF($H93="Renovación con incremento",$I93,0) -> 0 | R93: =IF($H93="Renovación con incremento",$G93,0) -> 0 | S93: =IF(H93="Renovación sin incremento",1,0) -> 0 | T93: =IF($H93="Renovación sin incremento",$I93,0) -> 0 | U93: =IF($H93="Cancelación",1,0) -> 0 | V93: =IF($H93="Cancelación",$I93,0) -> 0 | W93: =IF($H93="Cancelación",$G93,0) -> 0
B94: =+B93+1 -> 83 | C94: Guerrero | D94: Calle Cuauhtémoc Nº. 11, Colonia Centro, C.P. 40400, Teloloapan, Guerrero | E94: Unidad de Medicina Familiar Nº. 22 | F94: 5500 | G94: =+F94*12*1.16 -> 76560 | H94: Renovación con incremento | I94: =ROUNDUP(G94*1.1,0) -> 84216 | M94: =IF(H94="sustitución",1,0) -> 0 | N94: =IF($H94="sustitución",$I94,0) -> 0 | O94: =IF($H94="sustitución",$G94,0) -> 0 | P94: =IF(H94="Renovación con incremento",1,0) -> 1 | Q94: =IF($H94="Renovación con incremento",$I94,0) -> 84216 | R94: =IF($H94="Renovación con incremento",$G94,0) -> 76560 | S94: =IF(H94="Renovación sin incremento",1,0) -> 0 | T94: =IF($H94="Renovación sin incremento",$I94,0) -> 0 | U94: =IF($H94="Cancelación",1,0) -> 0 | V94: =IF($H94="Cancelación",$I94,0) -> 0 | W94: =IF($H94="Cancelación",$G94,0) -> 0
B95: =+B94+1 -> 84 | C95: Guerrero | D95: Lote 11 Manzana 1, Súper Manzana XXVI, Colonia Centro, C.P. 40880, Zihuatanejo, Guerrero | E95: Guardería | F95: 23100 | G95: =+F95*12*1.16 -> 321552 | H95: Renovación con incremento | I95: =ROUNDUP(G95*1.1,0) -> 353708 | J95: =SUM(I91:I95) -> 675710 | L95: =+K95+J95 -> 675710 | M95: =IF(H95="sustitución",1,0) -> 0 | N95: =IF($H95="sustitución",$I95,0) -> 0 | O95: =IF($H95="sustitución",$G95,0) -> 0 | P95: =IF(H95="Renovación con incremento",1,0) -> 1 | Q95: =IF($H95="Renovación con incremento",$I95,0) -> 353708 | R95: =IF($H95="Renovación con incremento",$G95,0) -> 321552 | S95: =IF(H95="Renovación sin incremento",1,0) -> 0 | T95: =IF($H95="Renovación sin incremento",$I95,0) -> 0 | U95: =IF($H95="Cancelación",1,0) -> 0 | V95: =IF($H95="Cancelación",$I95,0) -> 0 | W95: =IF($H95="Cancelación",$G95,0) -> 0
B96: =+B95+1 -> 85 | C96: Hidalgo | D96: Boulevard Luis Donaldo Colosio No. 4604, Fraccionamiento del Palmar II, C.P. 42088, Pachuca, Hidalgo | E96: Oficinas Administrativas Delegacionales (Sede) | F96: 746015.16 | G96: =+F96*12*1.16 -> 10384531 | H96: Renovación sin incremento | I96: =ROUNDUP(G96,0) -> 10384532 | M96: =IF(H96="sustitución",1,0) -> 0 | N96: =IF($H96="sustitución",$I96,0) -> 0 | O96: =IF($H96="sustitución",$G96,0) -> 0 | P96: =IF(H96="Renovación con incremento",1,0) -> 0 | Q96: =IF($H96="Renovación con incremento",$I96,0) -> 0 | R96: =IF($H96="Renovación con incremento",$G96,0) -> 0 | S96: =IF(H96="Renovación sin incremento",1,0) -> 1 | T96: =IF($H96="Renovación sin incremento",$I96,0) -> 10384532 | U96: =IF($H96="Cancelación",1,0) -> 0 | V96: =IF($H96="Cancelación",$I96,0) -> 0 | W96: =IF($H96="Cancelación",$G96,0) -> 0
B97: =+B96+1 -> 86 | C97: Hidalgo | D97: Cerrada De Frambuesa N.° 2, Piso 2, Fraccionamiento La Huerta, Colonia Centro, C.P. 42300, Pachuca, Hidalgo | E97: Oficinas Administrativas EMS | F97: 16060 | G97: =+F97*12*1.16 -> 223555.2 | H97: Sustitución | I97: =ROUNDUP(+G97*1.15,0) -> 257089 | M97: =IF(H97="sustitución",1,0) -> 1 | N97: =IF($H97="sustitución",$I97,0) -> 257089 | O97: =IF($H97="sustitución",$G97,0) -> 223555.2 | P97: =IF(H97="Renovación con incremento",1,0) -> 0 | Q97: =IF($H97="Renovación con incremento",$I97,0) -> 0 | R97: =IF($H97="Renovación con incremento",$G97,0) -> 0 | S97: =IF(H97="Renovación sin incremento",1,0) -> 0 | T97: =IF($H97="Renovación sin incremento",$I97,0) -> 0 | U97: =IF($H97="Cancelación",1,0) -> 0 | V97: =IF($H97="Cancelación",$I97,0) -> 0 | W97: =IF($H97="Cancelación",$G97,0) -> 0
B98: =+B97+1 -> 87 | C98: Hidalgo | D98: Carretera a Acayuca No. 277, Colonia Pequeña Propiedad, C.P. 42191, Zapotlán de Juárez, Hidalgo. | E98: Almacén Delegacional | F98: 578800 | G98: =+F98*12*1.16 -> 8056896 | H98: Renovación sin incremento | I98: =ROUNDUP(G98,0) -> 8056896 | J98: =SUM(I96:I98) -> 18698517 | K98: =+Nuevos!I16 -> 10081421 | L98: =+K98+J98 -> 28779938 | M98: =IF(H98="sustitución",1,0) -> 0 | N98: =IF($H98="sustitución",$I98,0) -> 0 | O98: =IF($H98="sustitución",$G98,0) -> 0 | P98: =IF(H98="Renovación con incremento",1,0) -> 0 | Q98: =IF($H98="Renovación con incremento",$I98,0) -> 0 | R98: =IF($H98="Renovación con incremento",$G98,0) -> 0 | S98: =IF(H98="Renovación sin incremento",1,0) -> 1 | T98: =IF($H98="Renovación sin incremento",$I98,0) -> 8056896 | U98: =IF($H98="Cancelación",1,0) -> 0 | V98: =IF($H98="Cancelación",$I98,0) -> 0 | W98: =IF($H98="Cancelación",$G98,0) -> 0
B99: =+B98+1 -> 88 | C99: Jalisco | D99: Calle Nebulosa No. 10, Colonia Puerta del Sol, C.P. 45380, Amatitan, Jalisco | E99: Unidad de Medicina Familiar N°. 11 | F99: 7114.5 | G99: =+F99*12*1.16 -> 99033.84 | H99: Renovación con incremento | I99: =ROUNDUP(G99*1.1,0) -> 108938 | M99: =IF(H99="sustitución",1,0) -> 0 | N99: =IF($H99="sustitución",$I99,0) -> 0 | O99: =IF($H99="sustitución",$G99,0) -> 0 | P99: =IF(H99="Renovación con incremento",1,0) -> 1 | Q99: =IF($H99="Renovación con incremento",$I99,0) -> 108938 | R99: =IF($H99="Renovación con incremento",$G99,0) -> 99033.84 | S99: =IF(H99="Renovación sin incremento",1,0) -> 0 | T99: =IF($H99="Renovación sin incremento",$I99,0) -> 0 | U99: =IF($H99="Cancelación",1,0) -> 0 | V99: =IF($H99="Cancelación",$I99,0) -> 0 | W99: =IF($H99="Cancelación",$G99,0) -> 0
B100: =+B99+1 -> 89 | C100: Jalisco | D100: Calle Hidalgo N°. 45, Colonia Centro, C.P. 45350, Arenal, Jalisco | E100: Unidad de Medicina Familiar N°. 12 | F100: 2500 | G100: =+F100*12*1.16 -> 34800 | H100: Sustitución | I100: =ROUNDUP(+G100*1.15,0) -> 40020 | M100: =IF(H100="sustitución",1,0) -> 1 | N100: =IF($H100="sustitución",$I100,0) -> 40020 | O100: =IF($H100="sustitución",$G100,0) -> 34800 | P100: =IF(H100="Renovación con incremento",1,0) -> 0 | Q100: =IF($H100="Renovación con incremento",$I100,0) -> 0 | R100: =IF($H100="Renovación con incremento",$G100,0) -> 0 | S100: =IF(H100="Renovación sin incremento",1,0) -> 0 | T100: =IF($H100="Renovación sin incremento",$I100,0) -> 0 | U100: =IF($H100="Cancelación",1,0) -> 0 | V100: =IF($H100="Cancelación",$I100,0) -> 0 | W100: =IF($H100="Cancelación",$G100,0) -> 0
B101: =+B100+1 -> 90 | C101: Jalisco | D101: Calle Hidalgo No. 10, Colonia Centro, C.P. 49820, Atenquique, Jalisco | E101: Unidad de Medicina Familiar N°. 17 | F101: 5528 | G101: =+F101*12*1.16 -> 76949.76 | H101: Renovación con incremento | I101: =ROUNDUP(G101*1.1,0) -> 84645 | M101: =IF(H101="sustitución",1,0) -> 0 | N101: =IF($H101="sustitución",$I101,0) -> 0 | O101: =IF($H101="sustitución",$G101,0) -> 0 | P101: =IF(H101="Renovación con incremento",1,0) -> 1 | Q101: =IF($H101="Renovación con incremento",$I101,0) -> 84645 | R101: =IF($H101="Renovación con incremento",$G101,0) -> 76949.76 | S101: =IF(H101="Renovación sin incremento",1,0) -> 0 | T101: =IF($H101="Renovación sin incremento",$I101,0) -> 0 | U101: =IF($H101="Cancelación",1,0) -> 0 | V101: =IF($H101="Cancelación",$I101,0) -> 0 | W101: =IF($H101="Cancelación",$G101,0) -> 0
B102: =+B101+1 -> 91 | C102: Jalisco | D102: Avenida González Gallo S/N 9, Colonia Chapala Centro, C.P. 45900, Chapala, Jalisco | E102: Unidad de Medicina Familiar N°. 40 | F102: 13000 | G102: =+F102*12*1.16 -> 180960 | H102: Renovación con incremento | I102: =ROUNDUP(G102*1.1,0) -> 199056 | M102: =IF(H102="sustitución",1,0) -> 0 | N102: =IF($H102="sustitución",$I102,0) -> 0 | O102: =IF($H102="sustitución",$G102,0) -> 0 | P102: =IF(H102="Renovación con incremento",1,0) -> 1 | Q102: =IF($H102="Renovación con incremento",$I102,0) -> 199056 | R102: =IF($H102="Renovación con incremento",$G102,0) -> 180960 | S102: =IF(H102="Renovación sin incremento",1,0) -> 0 | T102: =IF($H102="Renovación sin incremento",$I102,0) -> 0 | U102: =IF($H102="Cancelación",1,0) -> 0 | V102: =IF($H102="Cancelación",$I102,0) -> 0 | W102: =IF($H102="Cancelación",$G102,0) -> 0
...

Sheet Anteproyecto 2027 (2)
C1: INSTITUTO MEXICANO DEL SEGURO SOCIAL | E1: Figura | F1: Cierre 2026 | G1: 2027 | I1: Variación | L1: =IF(#REF!-#REF!=#REF!,"ok","error") -> #REF!
C2: COORDINACIÓN DE SERVICIOS GENERALES | F2: Importe | G2: No. Inmuebles | H2: Importe
C3: COORDINACIÓN TÉCNICA DE ADMINISTRACIÓN DE ACTIVOS | E3: =+M11 -> Sustitución | F3: =+#REF! -> #REF! | G3: =+#REF! -> #REF! | H3: =+#REF! -> #REF! | I3: =+H3-F3 -> #REF!
C4: DIVISIÓN DE ARRENDAMIENTO Y COMERCIALIZACIÓN | E4: =+P11 -> Renovación con incremento | F4: =+#REF! -> #REF! | G4: =+#REF! -> #REF! | H4: =+#REF! -> #REF! | I4: =+H4-F4 -> #REF!
E5: =+S11 -> Renovación sin incremento | F5: =+#REF! -> #REF! | G5: =+#REF! -> #REF! | H5: =+#REF! -> #REF! | I5: =+F5-H5 -> #REF!
C6: PADRÓN DE ARRENDAMIENTO INMOBILIARIO 2027 | E6: =+U11 -> Cancelación | F6: =+#REF! -> #REF! | G6: =+#REF! -> #REF! | H6: =+#REF! -> #REF! | I6: =+F6-H6 -> #REF!
E7: =+Nuevos!C5 -> Nuevos Arrendamientos | G7: =+Nuevos!B39 -> 32 | H7: =+Nuevos!$G$40 -> 1.5145704e+08 | I7: =+H7 -> 1.5145704e+08
B8: INMUEBLES ARRENDADOS 2027 | E8: Total | F8: =SUM(F3:F7) -> #REF! | G8: =SUM(G3:G7) -> #REF! | H8: =SUM(H3:H7) -> #REF! | I8: =SUM(I3:I7) -> #REF!
B11: No. | C11: Organo de Operación Administrativa Desconcentrada | D11: Dirección del inmueble arrendado | E11: Servicio | F11: Monto de renta mensual actual sin IVA | G11: Monto anual con IVA | H11: Figura Anteproyecto 2027 | I11: Importe 2027 | J11: Monto por OOAD | K11: Nuevos | L11: Total | M11: Sustitución | P11: Renovación con incremento | S11: Renovación sin incremento | U11: Cancelación | Y11: sustituciones | Z11: ok | AA11: RENOV SIN INCREMENTO
B12: 1 | C12: Aguascalientes | D12: Boulevard a Zacatecas No. 701, Fraccionamiento Las Hadas, C.P. 20140, Aguascalientes | E12: Oficinas Administrativas de la Subdelegación Metropolitana Norte | F12: 149599.14 | G12: =+F12*12*1.16 -> 2082420 | H12: Sustitución | I12: =ROUNDUP(+G12*1.15,0) -> 2394784 | M12: =IF(H12="sustitución",1,0) -> 1 | N12: =IF($H12="sustitución",$I12,0) -> 2394784 | O12: =IF($H12="sustitución",$G12,0) -> 2082420 | P12: =IF(H12="Renovación con incremento",1,0) -> 0 | Q12: =IF($H12="Renovación con incremento",$I12,0) -> 0 | R12: =IF($H12="Renovación con incremento",$G12,0) -> 0 | S12: =IF(H12="Renovación sin incremento",1,0) -> 0 | T12: =IF($H12="Renovación sin incremento",$I12,0) -> 0 | U12: =IF($H12="Cancelación",1,0) -> 0 | V12: =IF($H12="Cancelación",$I12,0) -> 0 | W12: =IF($H12="Cancelación",$G12,0) -> 0 | Y12: 5602800 | Z12: 1
B13: =+B12+1 -> 2 | C13: Aguascalientes | D13: Calle Ecuador No. 205, Planta Baja, Colonia Las Americas, C.P. 20230, Aguascalientes | E13: Oficinas Administrativas de la Subdelegación Metropolitana Sur | F13: 94630.5 | G13: =+F13*12*1.16 -> 1317256.6 | H13: Sustitución | I13: =ROUNDUP(+G13*1.15,0) -> 1514846 | M13: =IF(H13="sustitución",1,0) -> 1 | N13: =IF($H13="sustitución",$I13,0) -> 1514846 | O13: =IF($H13="sustitución",$G13,0) -> 1317256.6 | P13: =IF(H13="Renovación con incremento",1,0) -> 0 | Q13: =IF($H13="Renovación con incremento",$I13,0) -> 0 | R13: =IF($H13="Renovación con incremento",$G13,0) -> 0 | S13: =IF(H13="Renovación sin incremento",1,0) -> 0 | T13: =IF($H13="Renovación sin incremento",$I13,0) -> 0 | U13: =IF($H13="Cancelación",1,0) -> 0 | V13: =IF($H13="Cancelación",$I13,0) -> 0 | W13: =IF($H13="Cancelación",$G13,0) -> 0 | Y13: =G13 -> 1317256.6 | AA13: RENOV SIN INCREMENTO
B14: =+B13+1 -> 3 | C14: Aguascalientes | D14: Calle Ecuador No. 205, Planta Alta, Colonia Las Americas, C.P. 20230, Aguascalientes | E14: Centro de Capacitación | F14: 58610 | G14: =+F14*12*1.16 -> 815851.2 | H14: Renovación con incremento | I14: =ROUNDUP(G14*1.1,0) -> 897437 | M14: =IF(H14="sustitución",1,0) -> 0 | N14: =IF($H14="sustitución",$I14,0) -> 0 | O14: =IF($H14="sustitución",$G14,0) -> 0 | P14: =IF(H14="Renovación con incremento",1,0) -> 1 | Q14: =IF($H14="Renovación con incremento",$I14,0) -> 897437 | R14: =IF($H14="Renovación con incremento",$G14,0) -> 815851.2 | S14: =IF(H14="Renovación sin incremento",1,0) -> 0 | T14: =IF($H14="Renovación sin incremento",$I14,0) -> 0 | U14: =IF($H14="Cancelación",1,0) -> 0 | V14: =IF($H14="Cancelación",$I14,0) -> 0 | W14: =IF($H14="Cancelación",$G14,0) -> 0
B15: =+B14+1 -> 4 | C15: Aguascalientes | D15: Calle Julio Díaz Torre N° 105, Lote 3, Manzana 28 Interior D y E, Fraccionamiento Ciudad Industrial, C.P. 20290, Aguascalientes, Aguascalientes. | E15: Coordinación de Abastecimiento y Equipamiento, Almacén Delegacional y Archivo de Concentración | F15: 581389.25 | G15: =+F15*12*1.16 -> 8092938.4 | H15: Renovación con incremento | I15: =ROUNDUP(G15*1.1,0) -> 8902233 | M15: =IF(H15="sustitución",1,0) -> 0 | N15: =IF($H15="sustitución",$I15,0) -> 0 | O15: =IF($H15="sustitución",$G15,0) -> 0 | P15: =IF(H15="Renovación con incremento",1,0) -> 1 | Q15: =IF($H15="Renovación con incremento",$I15,0) -> 8902233 | R15: =IF($H15="Renovación con incremento",$G15,0) -> 8092938.4 | S15: =IF(H15="Renovación sin incremento",1,0) -> 0 | T15: =IF($H15="Renovación sin incremento",$I15,0) -> 0 | U15: =IF($H15="Cancelación",1,0) -> 0 | V15: =IF($H15="Cancelación",$I15,0) -> 0 | W15: =IF($H15="Cancelación",$G15,0) -> 0
B16: =+B15+1 -> 5 | C16: Aguascalientes | D16: Avenida Arroyo El Molino N° 301, Casa 163, Condominio Real del Molino, C.P. 20983, Jesús María, Aguascalientes | E16: Casa Delegado | F16: 27542.5 | G16: =+F16*12 -> 330510 | H16: Renovación sin incremento | I16: =ROUNDUP(G16,0) -> 330510 | M16: =IF(H16="sustitución",1,0) -> 0 | N16: =IF($H16="sustitución",$I16,0) -> 0 | O16: =IF($H16="sustitución",$G16,0) -> 0 | P16: =IF(H16="Renovación con incremento",1,0) -> 0 | Q16: =IF($H16="Renovación con incremento",$I16,0) -> 0 | R16: =IF($H16="Renovación con incremento",$G16,0) -> 0 | S16: =IF(H16="Renovación sin incremento",1,0) -> 1 | T16: =IF($H16="Renovación sin incremento",$I16,0) -> 330510 | U16: =IF($H16="Cancelación",1,0) -> 0 | V16: =IF($H16="Cancelación",$I16,0) -> 0 | W16: =IF($H16="Cancelación",$G16,0) -> 0
B17: =+B16+1 -> 6 | C17: Aguascalientes | D17: Calle Mangana No. 201, Fraccionamiento Vista Alegre, C.P. 20290, Aguascalientes, Aguascalientes. | E17: Bodega de Bienes Embargados | F17: 75000 | G17: =+F17*12 -> 900000 | H17: Sustitución | I17: =ROUNDUP(+G17*1.15,0) -> 1035000 | J17: =SUM(I12:I17) -> 15074810 | L17: =+K17+J17 -> 15074810 | M17: =IF(H17="sustitución",1,0) -> 1 | N17: =IF($H17="sustitución",$I17,0) -> 1035000 | O17: =IF($H17="sustitución",$G17,0) -> 900000 | P17: =IF(H17="Renovación con incremento",1,0) -> 0 | Q17: =IF($H17="Renovación con incremento",$I17,0) -> 0 | R17: =IF($H17="Renovación con incremento",$G17,0) -> 0 | S17: =IF(H17="Renovación sin incremento",1,0) -> 0 | T17: =IF($H17="Renovación sin incremento",$I17,0) -> 0 | U17: =IF($H17="Cancelación",1,0) -> 0 | V17: =IF($H17="Cancelación",$I17,0) -> 0 | W17: =IF($H17="Cancelación",$G17,0) -> 0 | Y17: =G17 -> 900000 | AA17: RENOV SIN INCREMENTO
B18: =+B17+1 -> 7 | C18: Baja California | D18: Boulevard Lázaro Cárdenas No. 2209-C, Colonia Plutarco Elías Calles Deleg. Gonzalez Ortega C.P 21379, Mexicali, Baja California | E18: Oficinas Administrativas Subdelegacionales | F18: 330000 | G18: =+F18*12*1.16 -> 4593600 | H18: Renovación sin incremento | I18: =ROUNDUP(G18,0) -> 4593600 | J18: =+I18 -> 4593600 | L18: =+K18+J18 -> 4593600 | M18: =IF(H18="sustitución",1,0) -> 0 | N18: =IF($H18="sustitución",$I18,0) -> 0 | O18: =IF($H18="sustitución",$G18,0) -> 0 | P18: =IF(H18="Renovación con incremento",1,0) -> 0 | Q18: =IF($H18="Renovación con incremento",$I18,0) -> 0 | R18: =IF($H18="Renovación con incremento",$G18,0) -> 0 | S18: =IF(H18="Renovación sin incremento",1,0) -> 1 | T18: =IF($H18="Renovación sin incremento",$I18,0) -> 4593600 | U18: =IF($H18="Cancelación",1,0) -> 0 | V18: =IF($H18="Cancelación",$I18,0) -> 0 | W18: =IF($H18="Cancelación",$G18,0) -> 0
B19: =+B18+1 -> 8 | C19: Baja California Sur | D19: Calle Ignacio Allende No. 1135, esquina Félix Ortega y Marcelo Rubio Ruíz, Colonia Centro, C.P. 23000, La Paz, Baja California Sur | E19: Servicio de Rehabilitación y Medicina Física y Centro de Capacitación y Calidad | F19: 37264.5 | G19: =+F19*12*1.16 -> 518721.84 | H19: Renovación sin incremento | I19: =ROUNDUP(G19,0) -> 518722 | M19: =IF(H19="sustitución",1,0) -> 0 | N19: =IF($H19="sustitución",$I19,0) -> 0 | O19: =IF($H19="sustitución",$G19,0) -> 0 | P19: =IF(H19="Renovación con incremento",1,0) -> 0 | Q19: =IF($H19="Renovación con incremento",$I19,0) -> 0 | R19: =IF($H19="Renovación con incremento",$G19,0) -> 0 | S19: =IF(H19="Renovación sin incremento",1,0) -> 1 | T19: =IF($H19="Renovación sin incremento",$I19,0) -> 518722 | U19: =IF($H19="Cancelación",1,0) -> 0 | V19: =IF($H19="Cancelación",$I19,0) -> 0 | W19: =IF($H19="Cancelación",$G19,0) -> 0
B20: =+B19+1 -> 9 | C20: Baja California Sur | D20: Boulevard Tecnológico No. 1810, Colonia Guaymitas, C.P. 23407, San José del Cabo, Baja California Sur | E20: Oficinas Administrativas Auxiliares Subdelegacionales | F20: 24725.35 | G20: =+F20*12*1.16 -> 344176.87 | H20: Renovación sin incremento | I20: =ROUNDUP(G20,0) -> 344177 | M20: =IF(H20="sustitución",1,0) -> 0 | N20: =IF($H20="sustitución",$I20,0) -> 0 | O20: =IF($H20="sustitución",$G20,0) -> 0 | P20: =IF(H20="Renovación con incremento",1,0) -> 0 | Q20: =IF($H20="Renovación con incremento",$I20,0) -> 0 | R20: =IF($H20="Renovación con incremento",$G20,0) -> 0 | S20: =IF(H20="Renovación sin incremento",1,0) -> 1 | T20: =IF($H20="Renovación sin incremento",$I20,0) -> 344177 | U20: =IF($H20="Cancelación",1,0) -> 0 | V20: =IF($H20="Cancelación",$I20,0) -> 0 | W20: =IF($H20="Cancelación",$G20,0) -> 0
B21: =+B20+1 -> 10 | C21: Baja California Sur | D21: Avenida Venustiano Carranza No. 114 entre Ignacio Zaragoza y Hugo Cervantes del Rio, Colonia Centro, C.P. 23600, Ciudad Constitución, Comondú Baja California Sur | E21: Oficinas Administrativas Auxiliares Subdelegacionales | F21: 9000 | G21: =+F21*12*1.16 -> 125280 | H21: Renovación sin incremento | I21: =ROUNDUP(G21,0) -> 125280 | M21: =IF(H21="sustitución",1,0) -> 0 | N21: =IF($H21="sustitución",$I21,0) -> 0 | O21: =IF($H21="sustitución",$G21,0) -> 0 | P21: =IF(H21="Renovación con incremento",1,0) -> 0 | Q21: =IF($H21="Renovación con incremento",$I21,0) -> 0 | R21: =IF($H21="Renovación con incremento",$G21,0) -> 0 | S21: =IF(H21="Renovación sin incremento",1,0) -> 1 | T21: =IF($H21="Renovación sin incremento",$I21,0) -> 125280 | U21: =IF($H21="Cancelación",1,0) -> 0 | V21: =IF($H21="Cancelación",$I21,0) -> 0 | W21: =IF($H21="Cancelación",$G21,0) -> 0
B22: =+B21+1 -> 11 | C22: Baja California Sur | D22: Calle Valentín Gómez Farías No. 166, entre Republica y Manuel Torre Iglesias, Colonia Esterito, C.P. 23060, La Paz, Baja California Sur | E22: Bodega de Bienes Embargados y Archivo de Concentración | F22: 42861.55 | G22: =+F22*12*1.16 -> 596632.78 | H22: Renovación sin incremento | I22: =ROUNDUP(G22,0) -> 596633 | M22: =IF(H22="sustitución",1,0) -> 0 | N22: =IF($H22="sustitución",$I22,0) -> 0 | O22: =IF($H22="sustitución",$G22,0) -> 0 | P22: =IF(H22="Renovación con incremento",1,0) -> 0 | Q22: =IF($H22="Renovación con incremento",$I22,0) -> 0 | R22: =IF($H22="Renovación con incremento",$G22,0) -> 0 | S22: =IF(H22="Renovación sin incremento",1,0) -> 1 | T22: =IF($H22="Renovación sin incremento",$I22,0) -> 596633 | U22: =IF($H22="Cancelación",1,0) -> 0 | V22: =IF($H22="Cancelación",$I22,0) -> 0 | W22: =IF($H22="Cancelación",$G22,0) -> 0
B23: =+B22+1 -> 12 | C23: Baja California Sur | D23: Calle 22 s/n, Lote 008, Manzana 13 C, Colonia Desarrollo Aeropuerto, C.P. 23435, Los Cabos, Baja California Sur | E23: Almacén para recepción, resguardo y distribución de materiales terápeuticos y diversos. | F23: 300000 | G23: =+F23*12*1.16 -> 4176000 | H23: Renovación sin incremento | I23: =ROUNDUP(G23,0) -> 4176000 | J23: =SUM(I19:I23) -> 5760812 | L23: =+K23+J23 -> 5760812 | M23: =IF(H23="sustitución",1,0) -> 0 | N23: =IF($H23="sustitución",$I23,0) -> 0 | O23: =IF($H23="sustitución",$G23,0) -> 0 | P23: =IF(H23="Renovación con incremento",1,0) -> 0 | Q23: =IF($H23="Renovación con incremento",$I23,0) -> 0 | R23: =IF($H23="Renovación con incremento",$G23,0) -> 0 | S23: =IF(H23="Renovación sin incremento",1,0) -> 1 | T23: =IF($H23="Renovación sin incremento",$I23,0) -> 4176000 | U23: =IF($H23="Cancelación",1,0) -> 0 | V23: =IF($H23="Cancelación",$I23,0) -> 0 | W23: =IF($H23="Cancelación",$G23,0) -> 0
B24: =+B23+1 -> 13 | C24: Campeche | D24: Calle Cordillera N° 34, Departamento 202, Fraccionamiento Lomas de la Eminencia, C.P. 24035, San Francisco de Campeche, Campeche. | E24: Casa Delegado | F24: 13910 | G24: =+F24*12 -> 166920 | H24: Renovación sin incremento | I24: =ROUNDUP(G24,0) -> 166920 | J24: =+I24 -> 166920 | L24: =+K24+J24 -> 166920 | M24: =IF(H24="sustitución",1,0) -> 0 | N24: =IF($H24="sustitución",$I24,0) -> 0 | O24: =IF($H24="sustitución",$G24,0) -> 0 | P24: =IF(H24="Renovación con incremento",1,0) -> 0 | Q24: =IF($H24="Renovación con incremento",$I24,0) -> 0 | R24: =IF($H24="Renovación con incremento",$G24,0) -> 0 | S24: =IF(H24="Renovación sin incremento",1,0) -> 1 | T24: =IF($H24="Renovación sin incremento",$I24,0) -> 166920 | U24: =IF($H24="Cancelación",1,0) -> 0 | V24: =IF($H24="Cancelación",$I24,0) -> 0 | W24: =IF($H24="Cancelación",$G24,0) -> 0
B25: =+B24+1 -> 14 | C25: Coahuila | D25: Boulevard Constitución, esquina Calle Jiménez, Zona Centro, C.P. 27080, Torreón, Coahuila | E25: Unidad de Medicina Familiar No. 80 | F25: 183860 | G25: =+F25*12*1.16 -> 2559331.2 | H25: Renovación con incremento | I25: =ROUNDUP(G25*1.1,0) -> 2815265 | M25: =IF(H25="sustitución",1,0) -> 0 | N25: =IF($H25="sustitución",$I25,0) -> 0 | O25: =IF($H25="sustitución",$G25,0) -> 0 | P25: =IF(H25="Renovación con incremento",1,0) -> 1 | Q25: =IF($H25="Renovación con incremento",$I25,0) -> 2815265 | R25: =IF($H25="Renovación con incremento",$G25,0) -> 2559331.2 | S25: =IF(H25="Renovación sin incremento",1,0) -> 0 | T25: =IF($H25="Renovación sin incremento",$I25,0) -> 0 | U25: =IF($H25="Cancelación",1,0) -> 0 | V25: =IF($H25="Cancelación",$I25,0) -> 0 | W25: =IF($H25="Cancelación",$G25,0) -> 0
B26: =+B25+1 -> 15 | C26: Coahuila | D26: Boulevard Isidro López Zertuche No. 2791-B, Colonia Universidad, C.P. 25260, Saltillo, Coahuila | E26: Oficinas Administrativas Subdelegacionales | F26: 163275 | G26: =+F26*12*1.16 -> 2272788 | H26: Renovación con incremento | I26: =ROUNDUP(G26*1.1,0) -> 2500067 | M26: =IF(H26="sustitución",1,0) -> 0 | N26: =IF($H26="sustitución",$I26,0) -> 0 | O26: =IF($H26="sustitución",$G26,0) -> 0 | P26: =IF(H26="Renovación con incremento",1,0) -> 1 | Q26: =IF($H26="Renovación con incremento",$I26,0) -> 2500067 | R26: =IF($H26="Renovación con incremento",$G26,0) -> 2272788 | S26: =IF(H26="Renovación sin incremento",1,0) -> 0 | T26: =IF($H26="Renovación sin incremento",$I26,0) -> 0 | U26: =IF($H26="Cancelación",1,0) -> 0 | V26: =IF($H26="Cancelación",$I26,0) -> 0 | W26: =IF($H26="Cancelación",$G26,0) -> 0
B27: =+B26+1 -> 16 | C27: Coahuila | D27: Boulevard Independencia y Calle Leona Vicario S/N, C.P. 27000, Torreón, Coahuila | E27: Oficinas Administrativas Subdelegacionales | F27: 363189.65 | G27: =+F27*12*1.16 -> 5055599.9 | H27: Renovación con incremento | I27: =ROUNDUP(G27*1.1,0) -> 5561160 | M27: =IF(H27="sustitución",1,0) -> 0 | N27: =IF($H27="sustitución",$I27,0) -> 0 | O27: =IF($H27="sustitución",$G27,0) -> 0 | P27: =IF(H27="Renovación con incremento",1,0) -> 1 | Q27: =IF($H27="Renovación con incremento",$I27,0) -> 5561160 | R27: =IF($H27="Renovación con incremento",$G27,0) -> 5055599.9 | S27: =IF(H27="Renovación sin incremento",1,0) -> 0 | T27: =IF($H27="Renovación sin incremento",$I27,0) -> 0 | U27: =IF($H27="Cancelación",1,0) -> 0 | V27: =IF($H27="Cancelación",$I27,0) -> 0 | W27: =IF($H27="Cancelación",$G27,0) -> 0
B28: =+B27+1 -> 17 | C28: Coahuila | D28: Boulevard Benito Juárez No. 523, Colonia Roma, C.P. 25000, Monclova, Coahuila | E28: Tienda | F28: 92308 | G28: =+F28*12*1.16 -> 1284927.4 | H28: Renovación con incremento | I28: =ROUNDUP(G28*1.1,0) -> 1413421 | M28: =IF(H28="sustitución",1,0) -> 0 | N28: =IF($H28="sustitución",$I28,0) -> 0 | O28: =IF($H28="sustitución",$G28,0) -> 0 | P28: =IF(H28="Renovación con incremento",1,0) -> 1 | Q28: =IF($H28="Renovación con incremento",$I28,0) -> 1413421 | R28: =IF($H28="Renovación con incremento",$G28,0) -> 1284927.4 | S28: =IF(H28="Renovación sin incremento",1,0) -> 0 | T28: =IF($H28="Renovación sin incremento",$I28,0) -> 0 | U28: =IF($H28="Cancelación",1,0) -> 0 | V28: =IF($H28="Cancelación",$I28,0) -> 0 | W28: =IF($H28="Cancelación",$G28,0) -> 0
B29: =+B28+1 -> 18 | C29: Coahuila | D29: Calle Presidente Cárdenas No. 197 Oriente, Zona Centro, C.P. 25000, Saltillo, Coahuila | E29: Tienda | F29: 89533 | G29: =+F29*12*1.16 -> 1246299.4 | H29: Renovación con incremento | I29: =ROUNDUP(G29*1.1,0) -> 1370930 | M29: =IF(H29="sustitución",1,0) -> 0 | N29: =IF($H29="sustitución",$I29,0) -> 0 | O29: =IF($H29="sustitución",$G29,0) -> 0 | P29: =IF(H29="Renovación con incremento",1,0) -> 1 | Q29: =IF($H29="Renovación con incremento",$I29,0) -> 1370930 | R29: =IF($H29="Renovación con incremento",$G29,0) -> 1246299.4 | S29: =IF(H29="Renovación sin incremento",1,0) -> 0 | T29: =IF($H29="Renovación sin incremento",$I29,0) -> 0 | U29: =IF($H29="Cancelación",1,0) -> 0 | V29: =IF($H29="Cancelación",$I29,0) -> 0 | W29: =IF($H29="Cancelación",$G29,0) -> 0
B30: =+B29+1 -> 19 | C30: Coahuila | D30: Calle Egipto esquina José Sarmiento S/N, Fraccionamiento Virreyes Obrera, C.P. 25220, Saltillo, Coahuila | E30: Archivo de Concentración y Oficina de Servicios Generales | F30: 83000 | G30: =+F30*12*1.16 -> 1155360 | H30: Renovación con incremento | I30: =ROUNDUP(G30*1.1,0) -> 1270896 | M30: =IF(H30="sustitución",1,0) -> 0 | N30: =IF($H30="sustitución",$I30,0) -> 0 | O30: =IF($H30="sustitución",$G30,0) -> 0 | P30: =IF(H30="Renovación con incremento",1,0) -> 1 | Q30: =IF($H30="Renovación con incremento",$I30,0) -> 1270896 | R30: =IF($H30="Renovación con incremento",$G30,0) -> 1155360 | S30: =IF(H30="Renovación sin incremento",1,0) -> 0 | T30: =IF($H30="Renovación sin incremento",$I30,0) -> 0 | U30: =IF($H30="Cancelación",1,0) -> 0 | V30: =IF($H30="Cancelación",$I30,0) -> 0 | W30: =IF($H30="Cancelación",$G30,0) -> 0
B31: =+B30+1 -> 20 | C31: Coahuila | D31: Carretera Saltillo-Zacatecas Km. 22, Puente La Encantada, C.P. 25950, Saltillo, Coahuila. | E31: Almacen Delegacional | F31: 684000 | G31: =+F31*12*1.16 -> 9521280 | H31: Renovación con incremento | I31: =ROUNDUP(G31*1.1,0) -> 10473408 | J31: =SUM(I25:I31) -> 25405147 | L31: =+K31+J31 -> 25405147 | M31: =IF(H31="sustitución",1,0) -> 0 | N31: =IF($H31="sustitución",$I31,0) -> 0 | O31: =IF($H31="sustitución",$G31,0) -> 0 | P31: =IF(H31="Renovación con incremento",1,0) -> 1 | Q31: =IF($H31="Renovación con incremento",$I31,0) -> 10473408 | R31: =IF($H31="Renovación con incremento",$G31,0) -> 9521280 | S31: =IF(H31="Renovación sin incremento",1,0) -> 0 | T31: =IF($H31="Renovación sin incremento",$I31,0) -> 0 | U31: =IF($H31="Cancelación",1,0) -> 0 | V31: =IF($H31="Cancelación",$I31,0) -> 0 | W31: =IF($H31="Cancelación",$G31,0) -> 0
B32: =+B31+1 -> 21 | C32: Colima | D32: Avenida de los Maestros No. 324, Colonia Huertas del Sol, C.P. 28050, Colima, Colima | E32: Centro de Capacitación | F32: 19762.3 | G32: =+F32*12*1.16 -> 275091.22 | H32: Renovación con incremento | I32: =ROUNDUP(G32*1.1,0) -> 302601 | M32: =IF(H32="sustitución",1,0) -> 0 | N32: =IF($H32="sustitución",$I32,0) -> 0 | O32: =IF($H32="sustitución",$G32,0) -> 0 | P32: =IF(H32="Renovación con incremento",1,0) -> 1 | Q32: =IF($H32="Renovación con incremento",$I32,0) -> 302601 | R32: =IF($H32="Renovación con incremento",$G32,0) -> 275091.22 | S32: =IF(H32="Renovación sin incremento",1,0) -> 0 | T32: =IF($H32="Renovación sin incremento",$I32,0) -> 0 | U32: =IF($H32="Cancelación",1,0) -> 0 | V32: =IF($H32="Cancelación",$I32,0) -> 0 | W32: =IF($H32="Cancelación",$G32,0) -> 0
B33: =+B32+1 -> 22 | C33: Colima | D33: Calle 5 de Mayo No. 33, Colonia Centro, C.P. 28100, Tecomán, Colima | E33: Oficinas Administrativas Subdelegacionales | F33: 14015.57 | G33: =+F33*12*1.16 -> 195096.73 | H33: Sustitución | I33: =ROUNDUP(+G33*1.15,0) -> 224362 | M33: =IF(H33="sustitución",1,0) -> 1 | N33: =IF($H33="sustitución",$I33,0) -> 224362 | O33: =IF($H33="sustitución",$G33,0) -> 195096.73 | P33: =IF(H33="Renovación con incremento",1,0) -> 0 | Q33: =IF($H33="Renovación con incremento",$I33,0) -> 0 | R33: =IF($H33="Renovación con incremento",$G33,0) -> 0 | S33: =IF(H33="Renovación sin incremento",1,0) -> 0 | T33: =IF($H33="Renovación sin incremento",$I33,0) -> 0 | U33: =IF($H33="Cancelación",1,0) -> 0 | V33: =IF($H33="Cancelación",$I33,0) -> 0 | W33: =IF($H33="Cancelación",$G33,0) -> 0 | Y33: 800400 | Z33: 1
B34: =+B33+1 -> 23 | C34: Colima | D34: Calle Lic. Gustavo Díaz Ordaz No. 120, Colonia El Moralete, C.P. 28060, Colima, Colima | E34: Tienda | F34: 50000 | G34: =+F34*12*1.16 -> 696000 | H34: Renovación con incremento | I34: =ROUNDUP(G34*1.1,0) -> 765600 | M34: =IF(H34="sustitución",1,0) -> 0 | N34: =IF($H34="sustitución",$I34,0) -> 0 | O34: =IF($H34="sustitución",$G34,0) -> 0 | P34: =IF(H34="Renovación con incremento",1,0) -> 1 | Q34: =IF($H34="Renovación con incremento",$I34,0) -> 765600 | R34: =IF($H34="Renovación con incremento",$G34,0) -> 696000 | S34: =IF(H34="Renovación sin incremento",1,0) -> 0 | T34: =IF($H34="Renovación sin incremento",$I34,0) -> 0 | U34: =IF($H34="Cancelación",1,0) -> 0 | V34: =IF($H34="Cancelación",$I34,0) -> 0 | W34: =IF($H34="Cancelación",$G34,0) -> 0
B35: =+B34+1 -> 24 | C35: Colima | D35: Calle León Felipe No. 346, Colonia Real Vista Hermosa II, C.P. 28018, Colima, Colima. | E35: Casa Delegado | F35: 20800 | G35: =+F35*12 -> 249600 | H35: Renovación con incremento | I35: =ROUNDUP(G35*1.1,0) -> 274560 | M35: =IF(H35="sustitución",1,0) -> 0 | N35: =IF($H35="sustitución",$I35,0) -> 0 | O35: =IF($H35="sustitución",$G35,0) -> 0 | P35: =IF(H35="Renovación con incremento",1,0) -> 1 | Q35: =IF($H35="Renovación con incremento",$I35,0) -> 274560 | R35: =IF($H35="Renovación con incremento",$G35,0) -> 249600 | S35: =IF(H35="Renovación sin incremento",1,0) -> 0 | T35: =IF($H35="Renovación sin incremento",$I35,0) -> 0 | U35: =IF($H35="Cancelación",1,0) -> 0 | V35: =IF($H35="Cancelación",$I35,0) -> 0 | W35: =IF($H35="Cancelación",$G35,0) -> 0
B36: =+B35+1 -> 25 | C36: Colima | D36: Avenida de los Deportistas No. 1144, Colonia El Tecolote, C.P. 28090, Colima, Colima. | E36: Sub-almacén | F36: 85000 | G36: =+F36*12*1.16 -> 1183200 | H36: Renovación con incremento | I36: =ROUNDUP(G36*1.1,0) -> 1301520 | J36: =SUM(I32:I36) -> 2868643 | L36: =+K36+J36 -> 2868643 | M36: =IF(H36="sustitución",1,0) -> 0 | N36: =IF($H36="sustitución",$I36,0) -> 0 | O36: =IF($H36="sustitución",$G36,0) -> 0 | P36: =IF(H36="Renovación con incremento",1,0) -> 1 | Q36: =IF($H36="Renovación con incremento",$I36,0) -> 1301520 | R36: =IF($H36="Renovación con incremento",$G36,0) -> 1183200 | S36: =IF(H36="Renovación sin incremento",1,0) -> 0 | T36: =IF($H36="Renovación sin incremento",$I36,0) -> 0 | U36: =IF($H36="Cancelación",1,0) -> 0 | V36: =IF($H36="Cancelación",$I36,0) -> 0 | W36: =IF($H36="Cancelación",$G36,0) -> 0
B37: =+B36+1 -> 26 | C37: Chiapas | D37: 5a. Avenida Oriente S/N Colonia Los Manguitos, antes Calzada a La Ciudad Deportiva S/N, "Panchón Contreras", C.P. 29010, Tuxtla Gutiérrez, Chiapas | E37: Unidad Deportiva | F37: 8118.07 | G37: =+F37*12*1.16 -> 113003.53 | H37: Renovación con incremento | I37: =ROUNDUP(G37*1.1,0) -> 124304 | M37: =IF(H37="sustitución",1,0) -> 0 | N37: =IF($H37="sustitución",$I37,0) -> 0 | O37: =IF($H37="sustitución",$G37,0) -> 0 | P37: =IF(H37="Renovación con incremento",1,0) -> 1 | Q37: =IF($H37="Renovación con incremento",$I37,0) -> 124304 | R37: =IF($H37="Renovación con incremento",$G37,0) -> 113003.53 | S37: =IF(H37="Renovación sin incremento",1,0) -> 0 | T37: =IF($H37="Renovación sin incremento",$I37,0) -> 0 | U37: =IF($H37="Cancelación",1,0) -> 0 | V37: =IF($H37="Cancelación",$I37,0) -> 0 | W37: =IF($H37="Cancelación",$G37,0) -> 0
B38: =+B37+1 -> 27 | C38: Chiapas | D38: 11a. Calle Poniente No. 8-A, Zona Centro, C.P. 30700, Tapachula, Chiapas | E38: Oficinas Administrativas Delegacionales (Jefatura de Prestaciones Médicas, Coordinación de Atención y Orientación al Derechohabiente, y Coordinación de Calidad y Competitividad) | F38: 52800 | G38: =+F38*12*1.16 -> 734976 | H38: Renovación con incremento | I38: =ROUNDUP(G38*1.1,0) -> 808474 | M38: =IF(H38="sustitución",1,0) -> 0 | N38: =IF($H38="sustitución",$I38,0) -> 0 | O38: =IF($H38="sustitución",$G38,0) -> 0 | P38: =IF(H38="Renovación con incremento",1,0) -> 1 | Q38: =IF($H38="Renovación con incremento",$I38,0) -> 808474 | R38: =IF($H38="Renovación con incremento",$G38,0) -> 734976 | S38: =IF(H38="Renovación sin incremento",1,0) -> 0 | T38: =IF($H38="Renovación sin incremento",$I38,0) -> 0 | U38: =IF($H38="Cancelación",1,0) -> 0 | V38: =IF($H38="Cancelación",$I38,0) -> 0 | W38: =IF($H38="Cancelación",$G38,0) -> 0
B39: =+B38+1 -> 28 | C39: Chiapas | D39: Segunda Calle Oriente y Séptima Avenida Sur No. 12, Colonia Centro, C.P. 30700, Tapachula, Chiapas | E39: Tienda No. 12 | F39: 32031 | G39: =+F39*12*1.16 -> 445871.52 | H39: Sustitución | I39: =ROUNDUP(+G39*1.15,0) -> 512753 | M39: =IF(H39="sustitución",1,0) -> 1 | N39: =IF($H39="sustitución",$I39,0) -> 512753 | O39: =IF($H39="sustitución",$G39,0) -> 445871.52 | P39: =IF(H39="Renovación con incremento",1,0) -> 0 | Q39: =IF($H39="Renovación con incremento",$I39,0) -> 0 | R39: =IF($H39="Renovación con incremento",$G39,0) -> 0 | S39: =IF(H39="Renovación sin incremento",1,0) -> 0 | T39: =IF($H39="Renovación sin incremento",$I39,0) -> 0 | U39: =IF($H39="Cancelación",1,0) -> 0 | V39: =IF($H39="Cancelación",$I39,0) -> 0 | W39: =IF($H39="Cancelación",$G39,0) -> 0 | Y39: =G39 -> 445871.52 | AA39: RENOV SIN INCREMENTO
B40: =+B39+1 -> 29 | C40: Chiapas | D40: Calle Central Sur No. 1989, Colonia San Francisco, C.P. 29000, Tuxtla Gutiérrez, Chiapas | E40: Tienda No. 13 | F40: 50000 | G40: =+F40*12*1.16 -> 696000 | H40: Renovación con incremento | I40: =ROUNDUP(G40*1.1,0) -> 765600 | M40: =IF(H40="sustitución",1,0) -> 0 | N40: =IF($H40="sustitución",$I40,0) -> 0 | O40: =IF($H40="sustitución",$G40,0) -> 0 | P40: =IF(H40="Renovación con incremento",1,0) -> 1 | Q40: =IF($H40="Renovación con incremento",$I40,0) -> 765600 | R40: =IF($H40="Renovación con incremento",$G40,0) -> 696000 | S40: =IF(H40="Renovación sin incremento",1,0) -> 0 | T40: =IF($H40="Renovación sin incremento",$I40,0) -> 0 | U40: =IF($H40="Cancelación",1,0) -> 0 | V40: =IF($H40="Cancelación",$I40,0) -> 0 | W40: =IF($H40="Cancelación",$G40,0) -> 0
B41: =+B40+1 -> 30 | C41: Chiapas | D41: Avenida Carlos Maciel No. 119, Fraccionamiento Santos (San Roque), C.P. 29040, Tuxtla Gutiérrez, Chiapas | E41: Archivo de Concentración | F41: 39000 | G41: =+F41*12*1.16 -> 542880 | H41: Renovación con incremento | I41: =ROUNDUP(G41*1.1,0) -> 597168 | M41: =IF(H41="sustitución",1,0) -> 0 | N41: =IF($H41="sustitución",$I41,0) -> 0 | O41: =IF($H41="sustitución",$G41,0) -> 0 | P41: =IF(H41="Renovación con incremento",1,0) -> 1 | Q41: =IF($H41="Renovación con incremento",$I41,0) -> 597168 | R41: =IF($H41="Renovación con incremento",$G41,0) -> 542880 | S41: =IF(H41="Renovación sin incremento",1,0) -> 0 | T41: =IF($H41="Renovación sin incremento",$I41,0) -> 0 | U41: =IF($H41="Cancelación",1,0) -> 0 | V41: =IF($H41="Cancelación",$I41,0) -> 0 | W41: =IF($H41="Cancelación",$G41,0) -> 0
B42: =+B41+1 -> 31 | C42: Chiapas | D42: 2a. Calle Sur Poniente esquina Calle Privada No. 188, Barrio de las Flores, C.P. 30019, Comitán de Domínguez, Chiapas. | E42: Oficinas Administrativas | F42: 9000 | G42: =+F42*12*1.16 -> 125280 | H42: Renovación con incremento | I42: =ROUNDUP(G42*1.1,0) -> 137808 | M42: =IF(H42="sustitución",1,0) -> 0 | N42: =IF($H42="sustitución",$I42,0) -> 0 | O42: =IF($H42="sustitución",$G42,0) -> 0 | P42: =IF(H42="Renovación con incremento",1,0) -> 1 | Q42: =IF($H42="Renovación con incremento",$I42,0) -> 137808 | R42: =IF($H42="Renovación con incremento",$G42,0) -> 125280 | S42: =IF(H42="Renovación sin incremento",1,0) -> 0 | T42: =IF($H42="Renovación sin incremento",$I42,0) -> 0 | U42: =IF($H42="Cancelación",1,0) -> 0 | V42: =IF($H42="Cancelación",$I42,0) -> 0 | W42: =IF($H42="Cancelación",$G42,0) -> 0
B43: =+B42+1 -> 32 | C43: Chiapas | D43: Avenida Central Norte No. 125, Colonia Centro, C.P. 30700, Tapachula, Chiapas. | E43: Oficinas Administrativas | F43: 39700 | G43: =+F43*12*1.16 -> 552624 | H43: Renovación con incremento | I43: =ROUNDUP(G43*1.1,0) -> 607887 | M43: =IF(H43="sustitución",1,0) -> 0 | N43: =IF($H43="sustitución",$I43,0) -> 0 | O43: =IF($H43="sustitución",$G43,0) -> 0 | P43: =IF(H43="Renovación con incremento",1,0) -> 1 | Q43: =IF($H43="Renovación con incremento",$I43,0) -> 607887 | R43: =IF($H43="Renovación con incremento",$G43,0) -> 552624 | S43: =IF(H43="Renovación sin incremento",1,0) -> 0 | T43: =IF($H43="Renovación sin incremento",$I43,0) -> 0 | U43: =IF($H43="Cancelación",1,0) -> 0 | V43: =IF($H43="Cancelación",$I43,0) -> 0 | W43: =IF($H43="Cancelación",$G43,0) -> 0
B44: =+B43+1 -> 33 | C44: Chiapas | D44: Avenida Central Poniente No. 150, Colonia Juan Sabines Gutíerrez, C.P. 29770, Bochil, Chiapas. | E44: Oficinas Administrativas | F44: 9000 | G44: =+F44*12*1.16 -> 125280 | H44: Renovación con incremento | I44: =ROUNDUP(G44*1.1,0) -> 137808 | M44: =IF(H44="sustitución",1,0) -> 0 | N44: =IF($H44="sustitución",$I44,0) -> 0 | O44: =IF($H44="sustitución",$G44,0) -> 0 | P44: =IF(H44="Renovación con incremento",1,0) -> 1 | Q44: =IF($H44="Renovación con incremento",$I44,0) -> 137808 | R44: =IF($H44="Renovación con incremento",$G44,0) -> 125280 | S44: =IF(H44="Renovación sin incremento",1,0) -> 0 | T44: =IF($H44="Renovación sin incremento",$I44,0) -> 0 | U44: =IF($H44="Cancelación",1,0) -> 0 | V44: =IF($H44="Cancelación",$I44,0) -> 0 | W44: =IF($H44="Cancelación",$G44,0) -> 0
B45: =+B44+1 -> 34 | C45: Chiapas | D45: Calle Vicente Guerrero No. 6, Colonia Centro, C.P. 29520, Pichucalco, Chiapas. | E45: Oficinas Administrativas | F45: 9000 | G45: =+F45*12*1.16 -> 125280 | H45: Renovación con incremento | I45: =ROUNDUP(G45*1.1,0) -> 137808 | M45: =IF(H45="sustitución",1,0) -> 0 | N45: =IF($H45="sustitución",$I45,0) -> 0 | O45: =IF($H45="sustitución",$G45,0) -> 0 | P45: =IF(H45="Renovación con incremento",1,0) -> 1 | Q45: =IF($H45="Renovación con incremento",$I45,0) -> 137808 | R45: =IF($H45="Renovación con incremento",$G45,0) -> 125280 | S45: =IF(H45="Renovación sin incremento",1,0) -> 0 | T45: =IF($H45="Renovación sin incremento",$I45,0) -> 0 | U45: =IF($H45="Cancelación",1,0) -> 0 | V45: =IF($H45="Cancelación",$I45,0) -> 0 | W45: =IF($H45="Cancelación",$G45,0) -> 0
B46: =+B45+1 -> 35 | C46: Chiapas | D46: 2a. Calle Sur Poniente esquina Calle Privada No. 190, Fraccionamiento Las Orquídeas, C.P. 30068, Comitán de Domínguez, Chiapas. | E46: Oficinas Administrativas | F46: 5250 | G46: =+F46*12*1.16 -> 73080 | H46: Cancelación | I46: =ROUNDUP(G46,0) -> 73080 | J46: =SUM(I37:I46) -> 3902690 | K46: =+Nuevos!I10 -> 10226400 | L46: =+K46+J46 -> 14129090 | M46: =IF(H46="sustitución",1,0) -> 0 | N46: =IF($H46="sustitución",$I46,0) -> 0 | O46: =IF($H46="sustitución",$G46,0) -> 0 | P46: =IF(H46="Renovación con incremento",1,0) -> 0 | Q46: =IF($H46="Renovación con incremento",$I46,0) -> 0 | R46: =IF($H46="Renovación con incremento",$G46,0) -> 0 | S46: =IF(H46="Renovación sin incremento",1,0) -> 0 | T46: =IF($H46="Renovación sin incremento",$I46,0) -> 0 | U46: =IF($H46="Cancelación",1,0) -> 1 | V46: =IF($H46="Cancelación",$I46,0) -> 73080 | W46: =IF($H46="Cancelación",$G46,0) -> 73080
B47: =+B46+1 -> 36 | C47: Chihuahua | D47: Calle Benito Juárez No. 97, Colonia Centro, C.P. 31150, San Francisco del Oro, Chihuahua | E47: Unidad de Medicina Familiar No. 9 | F47: 11157 | G47: =+F47*12*1.16 -> 155305.44 | H47: Renovación con incremento | I47: =ROUNDUP(G47*1.1,0) -> 170836 | M47: =IF(H47="sustitución",1,0) -> 0 | N47: =IF($H47="sustitución",$I47,0) -> 0 | O47: =IF($H47="sustitución",$G47,0) -> 0 | P47: =IF(H47="Renovación con incremento",1,0) -> 1 | Q47: =IF($H47="Renovación con incremento",$I47,0) -> 170836 | R47: =IF($H47="Renovación con incremento",$G47,0) -> 155305.44 | S47: =IF(H47="Renovación sin incremento",1,0) -> 0 | T47: =IF($H47="Renovación sin incremento",$I47,0) -> 0 | U47: =IF($H47="Cancelación",1,0) -> 0 | V47: =IF($H47="Cancelación",$I47,0) -> 0 | W47: =IF($H47="Cancelación",$G47,0) -> 0
B48: =+B47+1 -> 37 | C48: Chihuahua | D48: Calle Fernando Montes de Oca, Lote 6, Manzana 8, Barrio Profortarah, Localidad de Creel, Municipio Bocoyna, Chihuahua | E48: Unidad de Medicina Familiar No. 32 | F48: 7814 | G48: =+F48*12*1.16 -> 108770.88 | H48: Renovación con incremento | I48: =ROUNDUP(G48*1.1,0) -> 119648 | M48: =IF(H48="sustitución",1,0) -> 0 | N48: =IF($H48="sustitución",$I48,0) -> 0 | O48: =IF($H48="sustitución",$G48,0) -> 0 | P48: =IF(H48="Renovación con incremento",1,0) -> 1 | Q48: =IF($H48="Renovación con incremento",$I48,0) -> 119648 | R48: =IF($H48="Renovación con incremento",$G48,0) -> 108770.88 | S48: =IF(H48="Renovación sin incremento",1,0) -> 0 | T48: =IF($H48="Renovación sin incremento",$I48,0) -> 0 | U48: =IF($H48="Cancelación",1,0) -> 0 | V48: =IF($H48="Cancelación",$I48,0) -> 0 | W48: =IF($H48="Cancelación",$G48,0) -> 0
B49: =+B48+1 -> 38 | C49: Chihuahua | D49: Avenida Álvaro Obregón S/N Colonia Centro, Municipio de Ascención, C.P. 31820, Rodrigo de Quevedo, Chihuahua | E49: Unidad de Medicina Familiar No. 45 | F49: 3675 | G49: =+F49*12*1.16 -> 51156 | H49: Renovación con incremento | I49: =ROUNDUP(G49*1.1,0) -> 56272 | M49: =IF(H49="sustitución",1,0) -> 0 | N49: =IF($H49="sustitución",$I49,0) -> 0 | O49: =IF($H49="sustitución",$G49,0) -> 0 | P49: =IF(H49="Renovación con incremento",1,0) -> 1 | Q49: =IF($H49="Renovación con incremento",$I49,0) -> 56272 | R49: =IF($H49="Renovación con incremento",$G49,0) -> 51156 | S49: =IF(H49="Renovación sin incremento",1,0) -> 0 | T49: =IF($H49="Renovación sin incremento",$I49,0) -> 0 | U49: =IF($H49="Cancelación",1,0) -> 0 | V49: =IF($H49="Cancelación",$I49,0) -> 0 | W49: =IF($H49="Cancelación",$G49,0) -> 0
B50: =+B49+1 -> 39 | C50: Chihuahua | D50: Avenida 14 Poniente No. 700, Colonia Sector Poniente, C.P. 33000, Ciudad Delicias, Chihuahua | E50: Unidad de Medicina Familiar No. 57 | F50: 14921 | G50: =+F50*12*1.16 -> 207700.32 | H50: Renovación con incremento | I50: =ROUNDUP(G50*1.1,0) -> 228471 | M50: =IF(H50="sustitución",1,0) -> 0 | N50: =IF($H50="sustitución",$I50,0) -> 0 | O50: =IF($H50="sustitución",$G50,0) -> 0 | P50: =IF(H50="Renovación con incremento",1,0) -> 1 | Q50: =IF($H50="Renovación con incremento",$I50,0) -> 228471 | R50: =IF($H50="Renovación con incremento",$G50,0) -> 207700.32 | S50: =IF(H50="Renovación sin incremento",1,0) -> 0 | T50: =IF($H50="Renovación sin incremento",$I50,0) -> 0 | U50: =IF($H50="Cancelación",1,0) -> 0 | V50: =IF($H50="Cancelación",$I50,0) -> 0 | W50: =IF($H50="Cancelación",$G50,0) -> 0
B51: =+B50+1 -> 40 | C51: Chihuahua | D51: Av. Henry Dunat No.4508,Zona Pronaf C.P. 32315, Ciudad Juarez, Chihuahua | E51: Oficinas Administrativas Subdelegacionales Juárez II | F51: 94500 | G51: =+F51*12*1.08 -> 1224720 | H51: Renovación con incremento | I51: =ROUNDUP(G51*1.1,0) -> 1347192 | M51: =IF(H51="sustitución",1,0) -> 0 | N51: =IF($H51="sustitución",$I51,0) -> 0 | O51: =IF($H51="sustitución",$G51,0) -> 0 | P51: =IF(H51="Renovación con incremento",1,0) -> 1 | Q51: =IF($H51="Renovación con incremento",$I51,0) -> 1347192 | R51: =IF($H51="Renovación con incremento",$G51,0) -> 1224720 | S51: =IF(H51="Renovación sin incremento",1,0) -> 0 | T51: =IF($H51="Renovación sin incremento",$I51,0) -> 0 | U51: =IF($H51="Cancelación",1,0) -> 0 | V51: =IF($H51="Cancelación",$I51,0) -> 0 | W51: =IF($H51="Cancelación",$G51,0) -> 0
B52: =+B51+1 -> 41 | C52: Chihuahua | D52: Avenida Tecnológico No. 343, Colonia Barrio Lerdo, C.P. 31520, Ciudad Cuauhtémoc, Chihuahua | E52: Oficinas Administrativas Subdelegacionales | F52: 20326 | G52: =+F52*12*1.16 -> 282937.92 | H52: Renovación con incremento | I52: =ROUNDUP(G52*1.1,0) -> 311232 | M52: =IF(H52="sustitución",1,0) -> 0 | N52: =IF($H52="sustitución",$I52,0) -> 0 | O52: =IF($H52="sustitución",$G52,0) -> 0 | P52: =IF(H52="Renovación con incremento",1,0) -> 1 | Q52: =IF($H52="Renovación con incremento",$I52,0) -> 311232 | R52: =IF($H52="Renovación con incremento",$G52,0) -> 282937.92 | S52: =IF(H52="Renovación sin incremento",1,0) -> 0 | T52: =IF($H52="Renovación sin incremento",$I52,0) -> 0 | U52: =IF($H52="Cancelación",1,0) -> 0 | V52: =IF($H52="Cancelación",$I52,0) -> 0 | W52: =IF($H52="Cancelación",$G52,0) -> 0
B53: =+B52+1 -> 42 | C53: Chihuahua | D53: Calle Pedro de Lille No. 3, Colonia Centro, C.P. 33890, Hidalgo del Parral, Chihuahua | E53: Oficinas Administrativas Subdelegacionales | F53: 33735 | G53: =+F53*12*1.16 -> 469591.2 | H53: Renovación con incremento | I53: =ROUNDUP(G53*1.1,0) -> 516551 | M53: =IF(H53="sustitución",1,0) -> 0 | N53: =IF($H53="sustitución",$I53,0) -> 0 | O53: =IF($H53="sustitución",$G53,0) -> 0 | P53: =IF(H53="Renovación con incremento",1,0) -> 1 | Q53: =IF($H53="Renovación con incremento",$I53,0) -> 516551 | R53: =IF($H53="Renovación con incremento",$G53,0) -> 469591.2 | S53: =IF(H53="Renovación sin incremento",1,0) -> 0 | T53: =IF($H53="Renovación sin incremento",$I53,0) -> 0 | U53: =IF($H53="Cancelación",1,0) -> 0 | V53: =IF($H53="Cancelación",$I53,0) -> 0 | W53: =IF($H53="Cancelación",$G53,0) -> 0
B54: =+B53+1 -> 43 | C54: Chihuahua | D54: Avenida Fernando Baeza No. 206, Sector Oriente, C.P. 33000, Ciudad Delicias, Chihuahua | E54: Oficinas Administrativas Subdelegacionales | F54: 21849 | G54: =+F54*12*1.16 -> 304138.08 | H54: Renovación con incremento | I54: =ROUNDUP(G54*1.1,0) -> 334552 | M54: =IF(H54="sustitución",1,0) -> 0 | N54: =IF($H54="sustitución",$I54,0) -> 0 | O54: =IF($H54="sustitución",$G54,0) -> 0 | P54: =IF(H54="Renovación con incremento",1,0) -> 1 | Q54: =IF($H54="Renovación con incremento",$I54,0) -> 334552 | R54: =IF($H54="Renovación con incremento",$G54,0) -> 304138.08 | S54: =IF(H54="Renovación sin incremento",1,0) -> 0 | T54: =IF($H54="Renovación sin incremento",$I54,0) -> 0 | U54: =IF($H54="Cancelación",1,0) -> 0 | V54: =IF($H54="Cancelación",$I54,0) -> 0 | W54: =IF($H54="Cancelación",$G54,0) -> 0
B55: =+B54+1 -> 44 | C55: Chihuahua | D55: Calle 21 Nº. 1109, Colonia Santo Niño,, C.P. 31150, Chihuahua, Chihuahua | E55: Tienda Nº.14 | F55: 21042.95 | G55: =+F55*12*1.16 -> 292917.86 | H55: Renovación con incremento | I55: =ROUNDUP(G55*1.1,0) -> 322210 | M55: =IF(H55="sustitución",1,0) -> 0 | N55: =IF($H55="sustitución",$I55,0) -> 0 | O55: =IF($H55="sustitución",$G55,0) -> 0 | P55: =IF(H55="Renovación con incremento",1,0) -> 1 | Q55: =IF($H55="Renovación con incremento",$I55,0) -> 322210 | R55: =IF($H55="Renovación con incremento",$G55,0) -> 292917.86 | S55: =IF(H55="Renovación sin incremento",1,0) -> 0 | T55: =IF($H55="Renovación sin incremento",$I55,0) -> 0 | U55: =IF($H55="Cancelación",1,0) -> 0 | V55: =IF($H55="Cancelación",$I55,0) -> 0 | W55: =IF($H55="Cancelación",$G55,0) -> 0
B56: =+B55+1 -> 45 | C56: Chihuahua | D56: Boulevard Oscar Flores Sánchez Nº. 2250, Colonia Jardines de San Jose, C.P. 32695, Ciudad Juárez, Chihuahua | E56: Tienda Nº. 97 y Oficinas Administrativas (Coordinación de Prestaciones Económicas y Sociales) | F56: 62534 | G56: =+F56*12*1.08 -> 810440.64 | H56: Sustitución | I56: =ROUNDUP(+G56*1.15,0) -> 932007 | M56: =IF(H56="sustitución",1,0) -> 1 | N56: =IF($H56="sustitución",$I56,0) -> 932007 | O56: =IF($H56="sustitución",$G56,0) -> 810440.64 | P56: =IF(H56="Renovación con incremento",1,0) -> 0 | Q56: =IF($H56="Renovación con incremento",$I56,0) -> 0 | R56: =IF($H56="Renovación con incremento",$G56,0) -> 0 | S56: =IF(H56="Renovación sin incremento",1,0) -> 0 | T56: =IF($H56="Renovación sin incremento",$I56,0) -> 0 | U56: =IF($H56="Cancelación",1,0) -> 0 | V56: =IF($H56="Cancelación",$I56,0) -> 0 | W56: =IF($H56="Cancelación",$G56,0) -> 0 | Y56: =G56 -> 810440.64 | AA56: RENOV SIN INCREMENTO
B57: =+B56+1 -> 46 | C57: Chihuahua | D57: Calle General Rosalio Hernández Nº. 21 y Ferrocarriles Nacionales de México, C.P. 31150, Chihuahua, Chihuahua | E57: Almacén Delegacional (Bienes No Terapéuticos) | F57: 42244 | G57: =+F57*12*1.16 -> 588036.48 | H57: Sustitución | I57: =ROUNDUP(+G57*1.15,0) -> 676242 | M57: =IF(H57="sustitución",1,0) -> 1 | N57: =IF($H57="sustitución",$I57,0) -> 676242 | O57: =IF($H57="sustitución",$G57,0) -> 588036.48 | P57: =IF(H57="Renovación con incremento",1,0) -> 0 | Q57: =IF($H57="Renovación con incremento",$I57,0) -> 0 | R57: =IF($H57="Renovación con incremento",$G57,0) -> 0 | S57: =IF(H57="Renovación sin incremento",1,0) -> 0 | T57: =IF($H57="Renovación sin incremento",$I57,0) -> 0 | U57: =IF($H57="Cancelación",1,0) -> 0 | V57: =IF($H57="Cancelación",$I57,0) -> 0 | W57: =IF($H57="Cancelación",$G57,0) -> 0 | Y57: =G57 -> 588036.48 | AA57: RENOV SIN INCREMENTO
B58: =+B57+1 -> 47 | C58: Chihuahua | D58: Calle Privada Santa Rosa Nºs. 21 y 23, C.P. 31150, Chihuahua, Chihuahua | E58: Almacén Delegacional (Bienes Terapéuticos) y Coordinación de Abastecimiento | F58: 89568.75 | G58: =+F58*12*1.16 -> 1246797 | H58: Sustitución | I58: =ROUNDUP(+G58*1.15,0) -> 1433817 | M58: =IF(H58="sustitución",1,0) -> 1 | N58: =IF($H58="sustitución",$I58,0) -> 1433817 | O58: =IF($H58="sustitución",$G58,0) -> 1246797 | P58: =IF(H58="Renovación con incremento",1,0) -> 0 | Q58: =IF($H58="Renovación con incremento",$I58,0) -> 0 | R58: =IF($H58="Renovación con incremento",$G58,0) -> 0 | S58: =IF(H58="Renovación sin incremento",1,0) -> 0 | T58: =IF($H58="Renovación sin incremento",$I58,0) -> 0 | U58: =IF($H58="Cancelación",1,0) -> 0 | V58: =IF($H58="Cancelación",$I58,0) -> 0 | W58: =IF($H58="Cancelación",$G58,0) -> 0 | Y58: =G58 -> 1246797 | AA58: RENOV SIN INCREMENTO
B59: =+B58+1 -> 48 | C59: Chihuahua | D59: Calle 53 A N°. 5 Colonia Arquitectos, C.P. 31350, Chihuahua, Chihuahua | E59: Bodega de Bienes Embargados | F59: 24248 | G59: =+F59*12*1.16 -> 337532.16 | H59: Renovación con incremento | I59: =ROUNDUP(G59*1.1,0) -> 371286 | M59: =IF(H59="sustitución",1,0) -> 0 | N59: =IF($H59="sustitución",$I59,0) -> 0 | O59: =IF($H59="sustitución",$G59,0) -> 0 | P59: =IF(H59="Renovación con incremento",1,0) -> 1 | Q59: =IF($H59="Renovación con incremento",$I59,0) -> 371286 | R59: =IF($H59="Renovación con incremento",$G59,0) -> 337532.16 | S59: =IF(H59="Renovación sin incremento",1,0) -> 0 | T59: =IF($H59="Renovación sin incremento",$I59,0) -> 0 | U59: =IF($H59="Cancelación",1,0) -> 0 | V59: =IF($H59="Cancelación",$I59,0) -> 0 | W59: =IF($H59="Cancelación",$G59,0) -> 0 | Y59: =G59 -> 337532.16
B60: =+B59+1 -> 49 | C60: Chihuahua | D60: Calle Sierra Mohinora Nº. 6011, Fraccionamiento La Cuesta, C.P. 32650, Ciudad Juárez, Chihuahua | E60: Bodega de Bienes Embargados | F60: 26686 | G60: =+F60*12*1.16 -> 371469.12 | H60: Sustitución | I60: =ROUNDUP(+G60*1.15,0) -> 427190 | M60: =IF(H60="sustitución",1,0) -> 1 | N60: =IF($H60="sustitución",$I60,0) -> 427190 | O60: =IF($H60="sustitución",$G60,0) -> 371469.12 | P60: =IF(H60="Renovación con incremento",1,0) -> 0 | Q60: =IF($H60="Renovación con incremento",$I60,0) -> 0 | R60: =IF($H60="Renovación con incremento",$G60,0) -> 0 | S60: =IF(H60="Renovación sin incremento",1,0) -> 0 | T60: =IF($H60="Renovación sin incremento",$I60,0) -> 0 | U60: =IF($H60="Cancelación",1,0) -> 0 | V60: =IF($H60="Cancelación",$I60,0) -> 0 | W60: =IF($H60="Cancelación",$G60,0) -> 0 | Y60: =G60 -> 371469.12 | AA60: RENOV SIN INCREMENTO
B61: =+B60+1 -> 50 | C61: Chihuahua | D61: Calle Privada Santa Rosa Nº 19, Colonia Centro, C.P. 31150, Chihuahua, Chihuahua | E61: Almacén Delegacional (Bienes de Laboratorio y Lácteos ) | F61: 26525.27 | G61: =+F61*12*1.16 -> 369231.76 | H61: Sustitución | I61: =ROUNDUP(+G61*1.15,0) -> 424617 | J61: =SUM(I47:I61) -> 7672123 | K61: =+Nuevos!I11 -> 6960000 | L61: =+K61+J61 -> 14632123 | M61: =IF(H61="sustitución",1,0) -> 1 | N61: =IF($H61="sustitución",$I61,0) -> 424617 | O61: =IF($H61="sustitución",$G61,0) -> 369231.76 | P61: =IF(H61="Renovación con incremento",1,0) -> 0 | Q61: =IF($H61="Renovación con incremento",$I61,0) -> 0 | R61: =IF($H61="Renovación con incremento",$G61,0) -> 0 | S61: =IF(H61="Renovación sin incremento",1,0) -> 0 | T61: =IF($H61="Renovación sin incremento",$I61,0) -> 0 | U61: =IF($H61="Cancelación",1,0) -> 0 | V61: =IF($H61="Cancelación",$I61,0) -> 0 | W61: =IF($H61="Cancelación",$G61,0) -> 0 | Y61: =G61 -> 369231.76 | AA61: RENOV SIN INCREMENTO
B62: =+B61+1 -> 51 | C62: Nivel Central | D62: Calle Tiburcio Montiel N° 15, Colonia San Miguel Chapultepec, C.P. 11850, Alcaldía Miguel Hidalgo, Nivel Central. | E62: Oficinas Administrativas Nivel Central | F62: 1876862.8 | G62: =ROUNDUP(+F62*12*1.16,0) -> 26125930 | H62: Renovación sin incremento | I62: =ROUNDUP(G62,0) -> 26125930 | M62: =IF(H62="sustitución",1,0) -> 0 | N62: =IF($H62="sustitución",$I62,0) -> 0 | O62: =IF($H62="sustitución",$G62,0) -> 0 | P62: =IF(H62="Renovación con incremento",1,0) -> 0 | Q62: =IF($H62="Renovación con incremento",$I62,0) -> 0 | R62: =IF($H62="Renovación con incremento",$G62,0) -> 0 | S62: =IF(H62="Renovación sin incremento",1,0) -> 1 | T62: =IF($H62="Renovación sin incremento",$I62,0) -> 26125930 | U62: =IF($H62="Cancelación",1,0) -> 0 | V62: =IF($H62="Cancelación",$I62,0) -> 0 | W62: =IF($H62="Cancelación",$G62,0) -> 0 | Y62: =G62 -> 26125930
B63: =+B62+1 -> 52 | C63: Nivel Central | D63: Calle Río Pánuco N° 224, Colonia Cuauhtémoc, C.P. 06500, Alcaldía Cuauhtémoc, Nivel Central. | E63: Oficinas Administrativas Nivel Central | F63: =+G63/12 -> 1102464 | G63: 13229568 | H63: Renovación con incremento | I63: =ROUNDUP(G63*1.1,0) -> 14552525 | M63: =IF(H63="sustitución",1,0) -> 0 | N63: =IF($H63="sustitución",$I63,0) -> 0 | O63: =IF($H63="sustitución",$G63,0) -> 0 | P63: =IF(H63="Renovación con incremento",1,0) -> 1 | Q63: =IF($H63="Renovación con incremento",$I63,0) -> 14552525 | R63: =IF($H63="Renovación con incremento",$G63,0) -> 13229568 | S63: =IF(H63="Renovación sin incremento",1,0) -> 0 | T63: =IF($H63="Renovación sin incremento",$I63,0) -> 0 | U63: =IF($H63="Cancelación",1,0) -> 0 | V63: =IF($H63="Cancelación",$I63,0) -> 0 | W63: =IF($H63="Cancelación",$G63,0) -> 0 | Y63: =G63 -> 13229568
B64: =+B63+1 -> 53 | C64: Nivel Central | D64: Calle Hamburgo N° 18, Colonia Juárez, C.P. 06600, Alcaldía Cuauhtémoc, Nivel Central. | E64: Oficinas Administrativas Nivel Central | F64: =561170.5*1.1 -> 617287.55 | G64: 8670758 | H64: Renovación con incremento | I64: =ROUNDUP(G64*1.1,0) -> 9537834 | M64: =IF(H64="sustitución",1,0) -> 0 | N64: =IF($H64="sustitución",$I64,0) -> 0 | O64: =IF($H64="sustitución",$G64,0) -> 0 | P64: =IF(H64="Renovación con incremento",1,0) -> 1 | Q64: =IF($H64="Renovación con incremento",$I64,0) -> 9537834 | R64: =IF($H64="Renovación con incremento",$G64,0) -> 8670758 | S64: =IF(H64="Renovación sin incremento",1,0) -> 0 | T64: =IF($H64="Renovación sin incremento",$I64,0) -> 0 | U64: =IF($H64="Cancelación",1,0) -> 0 | V64: =IF($H64="Cancelación",$I64,0) -> 0 | W64: =IF($H64="Cancelación",$G64,0) -> 0 | Y64: =G64 -> 8670758
B65: =+B64+1 -> 54 | C65: Nivel Central | D65: Avenida Revolución No.1586, Colonia San Ángel, C.P. 01000, Alcaldía Álvaro Obregón, Nivel Central. | E65: Oficinas Administrativas Nivel Central | F65: 1551723.6 | G65: 23759992 | H65: Renovación con incremento | I65: =ROUNDUP(G65*1.1,0) -> 26135992 | M65: =IF(H65="sustitución",1,0) -> 0 | N65: =IF($H65="sustitución",$I65,0) -> 0 | O65: =IF($H65="sustitución",$G65,0) -> 0 | P65: =IF(H65="Renovación con incremento",1,0) -> 1 | Q65: =IF($H65="Renovación con incremento",$I65,0) -> 26135992 | R65: =IF($H65="Renovación con incremento",$G65,0) -> 23759992 | S65: =IF(H65="Renovación sin incremento",1,0) -> 0 | T65: =IF($H65="Renovación sin incremento",$I65,0) -> 0 | U65: =IF($H65="Cancelación",1,0) -> 0 | V65: =IF($H65="Cancelación",$I65,0) -> 0 | W65: =IF($H65="Cancelación",$G65,0) -> 0 | Y65: =G65 -> 23759992
B66: =+B65+1 -> 55 | C66: Nivel Central | D66: Calle Cozumel N° 43, Colonia Roma Norte, C.P. 06700, Alcaldía Cuauhtémoc, Nivel Central. | E66: Oficinas Administrativas Nivel Central | F66: =1295222.2*1.1 -> 1424744.4 | G66: =ROUNDUP(+F66*12*1.16,0) -> 19832443 | H66: Renovación sin incremento | I66: =ROUNDUP(G66,0) -> 19832443 | M66: =IF(H66="sustitución",1,0) -> 0 | N66: =IF($H66="sustitución",$I66,0) -> 0 | O66: =IF($H66="sustitución",$G66,0) -> 0 | P66: =IF(H66="Renovación con incremento",1,0) -> 0 | Q66: =IF($H66="Renovación con incremento",$I66,0) -> 0 | R66: =IF($H66="Renovación con incremento",$G66,0) -> 0 | S66: =IF(H66="Renovación sin incremento",1,0) -> 1 | T66: =IF($H66="Renovación sin incremento",$I66,0) -> 19832443 | U66: =IF($H66="Cancelación",1,0) -> 0 | V66: =IF($H66="Cancelación",$I66,0) -> 0 | W66: =IF($H66="Cancelación",$G66,0) -> 0 | Y66: =G66 -> 19832443
B67: =+B66+1 -> 56 | C67: Nivel Central | D67: Calle Hamburgo N° 64, Colonia Juárez, C.P. 06600, Alcaldía Cuauhtémoc, Ciudad de México, Nivel Central. | E67: Oficinas Administrativas | F67: =+G67/12 -> 2839014 | G67: 34068168 | H67: Renovación con incremento | I67: =ROUNDUP(G67*1.1,0) -> 37474985 | M67: =IF(H67="sustitución",1,0) -> 0 | N67: =IF($H67="sustitución",$I67,0) -> 0 | O67: =IF($H67="sustitución",$G67,0) -> 0 | P67: =IF(H67="Renovación con incremento",1,0) -> 1 | Q67: =IF($H67="Renovación con incremento",$I67,0) -> 37474985 | R67: =IF($H67="Renovación con incremento",$G67,0) -> 34068168 | S67: =IF(H67="Renovación sin incremento",1,0) -> 0 | T67: =IF($H67="Renovación sin incremento",$I67,0) -> 0 | U67: =IF($H67="Cancelación",1,0) -> 0 | V67: =IF($H67="Cancelación",$I67,0) -> 0 | W67: =IF($H67="Cancelación",$G67,0) -> 0 | Y67: =G67 -> 34068168
B68: =+B67+1 -> 57 | C68: Nivel Central | D68: Havre No. 7 Colonia Juárez, C.P. 06600, Alcaldía Cuauhtémoc, Ciudad de México, Nivel Central. | E68: Unidad del Programa IMSS- Bienestar | F68: =977423.48*1.1 -> 1075165.8 | G68: =ROUNDUP(+F68*12*1.16,0) -> 14966309 | H68: Renovación con incremento | I68: =ROUNDUP(G68*1.1,0) -> 16462940 | J68: =SUM(I62:I68) -> 150122649 | K68: =+Nuevos!I22 -> 52251605 | L68: =+K68+J68 -> 2.0237425e+08 | M68: =IF(H68="sustitución",1,0) -> 0 | N68: =IF($H68="sustitución",$I68,0) -> 0 | O68: =IF($H68="sustitución",$G68,0) -> 0 | P68: =IF(H68="Renovación con incremento",1,0) -> 1 | Q68: =IF($H68="Renovación con incremento",$I68,0) -> 16462940 | R68: =IF($H68="Renovación con incremento",$G68,0) -> 14966309 | S68: =IF(H68="Renovación sin incremento",1,0) -> 0 | T68: =IF($H68="Renovación sin incremento",$I68,0) -> 0 | U68: =IF($H68="Cancelación",1,0) -> 0 | V68: =IF($H68="Cancelación",$I68,0) -> 0 | W68: =IF($H68="Cancelación",$G68,0) -> 0 | Y68: =G68 -> 14966309
B69: =+B68+1 -> 58 | C69: Durango | D69: Calle Morelos N°. 106, Colonia Refugio, C.P. 34800, Villa Unión, Durango | E69: Unidad de Medicina Familiar N°. 4 | F69: 7000 | G69: =+F69*12*1.16 -> 97440 | H69: Renovación con incremento | I69: =ROUNDUP(G69*1.1,0) -> 107184 | M69: =IF(H69="sustitución",1,0) -> 0 | N69: =IF($H69="sustitución",$I69,0) -> 0 | O69: =IF($H69="sustitución",$G69,0) -> 0 | P69: =IF(H69="Renovación con incremento",1,0) -> 1 | Q69: =IF($H69="Renovación con incremento",$I69,0) -> 107184 | R69: =IF($H69="Renovación con incremento",$G69,0) -> 97440 | S69: =IF(H69="Renovación sin incremento",1,0) -> 0 | T69: =IF($H69="Renovación sin incremento",$I69,0) -> 0 | U69: =IF($H69="Cancelación",1,0) -> 0 | V69: =IF($H69="Cancelación",$I69,0) -> 0 | W69: =IF($H69="Cancelación",$G69,0) -> 0 | Y69: =G69 -> 97440
B70: =+B69+1 -> 59 | C70: Durango | D70: Calle Morelos N°. 416 Oriente, Colonia Centro, C.P. 35800, Cuencame, Durango | E70: Unidad de Medicina Familiar N°. 14 | F70: 6000 | G70: =+F70*12*1.16 -> 83520 | H70: Renovación con incremento | I70: =ROUNDUP(G70*1.1,0) -> 91872 | M70: =IF(H70="sustitución",1,0) -> 0 | N70: =IF($H70="sustitución",$I70,0) -> 0 | O70: =IF($H70="sustitución",$G70,0) -> 0 | P70: =IF(H70="Renovación con incremento",1,0) -> 1 | Q70: =IF($H70="Renovación con incremento",$I70,0) -> 91872 | R70: =IF($H70="Renovación con incremento",$G70,0) -> 83520 | S70: =IF(H70="Renovación sin incremento",1,0) -> 0 | T70: =IF($H70="Renovación sin incremento",$I70,0) -> 0 | U70: =IF($H70="Cancelación",1,0) -> 0 | V70: =IF($H70="Cancelación",$I70,0) -> 0 | W70: =IF($H70="Cancelación",$G70,0) -> 0 | Y70: =G70 -> 83520
B71: =+B70+1 -> 60 | C71: Durango | D71: Avenida Allende No. 31, Colonia Centro, C.P. 35700, Nazas, Durango | E71: Unidad de Medicina Familiar No. 48 | F71: 7000 | G71: =+F71*12*1.16 -> 97440 | H71: Renovación con incremento | I71: =ROUNDUP(G71*1.1,0) -> 107184 | M71: =IF(H71="sustitución",1,0) -> 0 | N71: =IF($H71="sustitución",$I71,0) -> 0 | O71: =IF($H71="sustitución",$G71,0) -> 0 | P71: =IF(H71="Renovación con incremento",1,0) -> 1 | Q71: =IF($H71="Renovación con incremento",$I71,0) -> 107184 | R71: =IF($H71="Renovación con incremento",$G71,0) -> 97440 | S71: =IF(H71="Renovación sin incremento",1,0) -> 0 | T71: =IF($H71="Renovación sin incremento",$I71,0) -> 0 | U71: =IF($H71="Cancelación",1,0) -> 0 | V71: =IF($H71="Cancelación",$I71,0) -> 0 | W71: =IF($H71="Cancelación",$G71,0) -> 0 | Y71: =G71 -> 97440
B72: =+B71+1 -> 61 | C72: Durango | D72: Carretera al Mezquital, No. 219, Fraccionamiento Real del Mezquital, C.P. 34199, Durango,Durango | E72: Unidad de Medicina Familiar N°. 49 | F72: 179772.42 | G72: =+F72*12*1.16 -> 2502432.1 | H72: Renovación con incremento | I72: =ROUNDUP(G72*1.1,0) -> 2752676 | M72: =IF(H72="sustitución",1,0) -> 0 | N72: =IF($H72="sustitución",$I72,0) -> 0 | O72: =IF($H72="sustitución",$G72,0) -> 0 | P72: =IF(H72="Renovación con incremento",1,0) -> 1 | Q72: =IF($H72="Renovación con incremento",$I72,0) -> 2752676 | R72: =IF($H72="Renovación con incremento",$G72,0) -> 2502432.1 | S72: =IF(H72="Renovación sin incremento",1,0) -> 0 | T72: =IF($H72="Renovación sin incremento",$I72,0) -> 0 | U72: =IF($H72="Cancelación",1,0) -> 0 | V72: =IF($H72="Cancelación",$I72,0) -> 0 | W72: =IF($H72="Cancelación",$G72,0) -> 0 | Y72: =G72 -> 2502432.1
B73: =+B72+1 -> 62 | C73: Durango | D73: Calle Leandro Fernandez S/N. Colonia en Nombre de Dios, Nombre de Dios, C.P. 34840, Durango, Durango | E73: Unidad de Medicina Familiar N°. 52 | F73: 5500 | G73: =+F73*12*1.16 -> 76560 | H73: Renovación con incremento | I73: =ROUNDUP(G73*1.1,0) -> 84216 | M73: =IF(H73="sustitución",1,0) -> 0 | N73: =IF($H73="sustitución",$I73,0) -> 0 | O73: =IF($H73="sustitución",$G73,0) -> 0 | P73: =IF(H73="Renovación con incremento",1,0) -> 1 | Q73: =IF($H73="Renovación con incremento",$I73,0) -> 84216 | R73: =IF($H73="Renovación con incremento",$G73,0) -> 76560 | S73: =IF(H73="Renovación sin incremento",1,0) -> 0 | T73: =IF($H73="Renovación sin incremento",$I73,0) -> 0 | U73: =IF($H73="Cancelación",1,0) -> 0 | V73: =IF($H73="Cancelación",$I73,0) -> 0 | W73: =IF($H73="Cancelación",$G73,0) -> 0 | Y73: =G73 -> 76560
B74: =+B73+1 -> 63 | C74: Durango | D74: Avenida Miguel Hidalgo No. 110 Sur, Colonia Centro, C.P. 35000, Gómez Palacio, Durango | E74: Tienda N°. 115 | F74: 35000 | G74: =+F74*12*1.16 -> 487200 | H74: Renovación con incremento | I74: =ROUNDUP(G74*1.1,0) -> 535920 | M74: =IF(H74="sustitución",1,0) -> 0 | N74: =IF($H74="sustitución",$I74,0) -> 0 | O74: =IF($H74="sustitución",$G74,0) -> 0 | P74: =IF(H74="Renovación con incremento",1,0) -> 1 | Q74: =IF($H74="Renovación con incremento",$I74,0) -> 535920 | R74: =IF($H74="Renovación con incremento",$G74,0) -> 487200 | S74: =IF(H74="Renovación sin incremento",1,0) -> 0 | T74: =IF($H74="Renovación sin incremento",$I74,0) -> 0 | U74: =IF($H74="Cancelación",1,0) -> 0 | V74: =IF($H74="Cancelación",$I74,0) -> 0 | W74: =IF($H74="Cancelación",$G74,0) -> 0 | Y74: =G74 -> 487200
B75: =+B74+1 -> 64 | C75: Durango | D75: Calle Juárez N° 104 Sur, Planta Baja, Mezzanine y Pisos 1°, 2° y 3º, Colonia Centro, C.P. 34000, Durango, Durango | E75: Oficinas Administrativas Delegacionales (Sede) | F75: 270000 | G75: =+F75*12*1.16 -> 3758400 | H75: Renovación con incremento | I75: =ROUNDUP(G75*1.1,0) -> 4134240 | M75: =IF(H75="sustitución",1,0) -> 0 | N75: =IF($H75="sustitución",$I75,0) -> 0 | O75: =IF($H75="sustitución",$G75,0) -> 0 | P75: =IF(H75="Renovación con incremento",1,0) -> 1 | Q75: =IF($H75="Renovación con incremento",$I75,0) -> 4134240 | R75: =IF($H75="Renovación con incremento",$G75,0) -> 3758400 | S75: =IF(H75="Renovación sin incremento",1,0) -> 0 | T75: =IF($H75="Renovación sin incremento",$I75,0) -> 0 | U75: =IF($H75="Cancelación",1,0) -> 0 | V75: =IF($H75="Cancelación",$I75,0) -> 0 | W75: =IF($H75="Cancelación",$G75,0) -> 0 | Y75: =G75 -> 3758400
B76: =+B75+1 -> 65 | C76: Durango | D76: Calle Juárez No. 77, Zona Centro, C.P. 35590, Santa María del Oro, Durango | E76: Unidad de Medicina Familiar N°. 47 | F76: 15000 | G76: =+F76*12*1.16 -> 208800 | H76: Renovación con incremento | I76: =ROUNDUP(G76*1.1,0) -> 229680 | M76: =IF(H76="sustitución",1,0) -> 0 | N76: =IF($H76="sustitución",$I76,0) -> 0 | O76: =IF($H76="sustitución",$G76,0) -> 0 | P76: =IF(H76="Renovación con incremento",1,0) -> 1 | Q76: =IF($H76="Renovación con incremento",$I76,0) -> 229680 | R76: =IF($H76="Renovación con incremento",$G76,0) -> 208800 | S76: =IF(H76="Renovación sin incremento",1,0) -> 0 | T76: =IF($H76="Renovación sin incremento",$I76,0) -> 0 | U76: =IF($H76="Cancelación",1,0) -> 0 | V76: =IF($H76="Cancelación",$I76,0) -> 0 | W76: =IF($H76="Cancelación",$G76,0) -> 0 | Y76: =G76 -> 208800
B77: =+B76+1 -> 66 | C77: Durango | D77: Calle Bruno Martínez No. 379 Norte, Colonia Victoria de Durango, C.P. 34000, Durango, Durango. | E77: Oficinas Administrativas Subdelegacionales y Centro de Capacitación y Calidad | F77: 250610 | G77: =+F77*12*1.16 -> 3488491.2 | H77: Renovación con incremento | I77: =ROUNDUP(G77*1.1,0) -> 3837341 | M77: =IF(H77="sustitución",1,0) -> 0 | N77: =IF($H77="sustitución",$I77,0) -> 0 | O77: =IF($H77="sustitución",$G77,0) -> 0 | P77: =IF(H77="Renovación con incremento",1,0) -> 1 | Q77: =IF($H77="Renovación con incremento",$I77,0) -> 3837341 | R77: =IF($H77="Renovación con incremento",$G77,0) -> 3488491.2 | S77: =IF(H77="Renovación sin incremento",1,0) -> 0 | T77: =IF($H77="Renovación sin incremento",$I77,0) -> 0 | U77: =IF($H77="Cancelación",1,0) -> 0 | V77: =IF($H77="Cancelación",$I77,0) -> 0 | W77: =IF($H77="Cancelación",$G77,0) -> 0 | Y77: =G77 -> 3488491.2
B78: =+B77+1 -> 67 | C78: Durango | D78: Calle Segunda de Selenio s/n, Fraccionamiento Ciudad Industrial, C.P. 34078, Durango, Durango | E78: Almacén Delegacional | F78: 398987 | G78: =+F78*12*1.16 -> 5553899 | H78: Renovación sin incremento | I78: =ROUNDUP(G78*1.1,0) -> 6109289 | M78: =IF(H78="sustitución",1,0) -> 0 | N78: =IF($H78="sustitución",$I78,0) -> 0 | O78: =IF($H78="sustitución",$G78,0) -> 0 | P78: =IF(H78="Renovación con incremento",1,0) -> 0 | Q78: =IF($H78="Renovación con incremento",$I78,0) -> 0 | R78: =IF($H78="Renovación con incremento",$G78,0) -> 0 | S78: =IF(H78="Renovación sin incremento",1,0) -> 1 | T78: =IF($H78="Renovación sin incremento",$I78,0) -> 6109289 | U78: =IF($H78="Cancelación",1,0) -> 0 | V78: =IF($H78="Cancelación",$I78,0) -> 0 | W78: =IF($H78="Cancelación",$G78,0) -> 0 | Y78: =G78 -> 5553899
B79: =+B78+1 -> 68 | C79: Durango | D79: Libramiento Períferico No. 1675 Norte, Colonia Plácido Domingo, C.P. 35159, Ciudad Lerdo, Durango | E79: Bodega de Archivo de Concentración, Bienes Adjudicados y Bienes de Baja | F79: 105007.54 | G79: =+F79*12*1.16 -> 1461705 | H79: Renovación con incremento | I79: =ROUNDUP(G79*1.1,0) -> 1607876 | M79: =IF(H79="sustitución",1,0) -> 0 | N79: =IF($H79="sustitución",$I79,0) -> 0 | O79: =IF($H79="sustitución",$G79,0) -> 0 | P79: =IF(H79="Renovación con incremento",1,0) -> 1 | Q79: =IF($H79="Renovación con incremento",$I79,0) -> 1607876 | R79: =IF($H79="Renovación con incremento",$G79,0) -> 1461705 | S79: =IF(H79="Renovación sin incremento",1,0) -> 0 | T79: =IF($H79="Renovación sin incremento",$I79,0) -> 0 | U79: =IF($H79="Cancelación",1,0) -> 0 | V79: =IF($H79="Cancelación",$I79,0) -> 0 | W79: =IF($H79="Cancelación",$G79,0) -> 0 | Y79: =G79 -> 1461705
B80: =+B79+1 -> 69 | C80: Durango | D80: Calle Níspero No. 214, Fraccionamiento Campestre Jacarandas, C.P. 34106, Durango, Durango | E80: Bodega de Bienes Embargados, Bienes Adjudicados, Bienes de Baja y Archivo de Concentración de la Subdelegación | F80: 97000 | G80: =+F80*12*1.16 -> 1350240 | H80: Renovación con incremento | I80: =ROUNDUP(G80*1.1,0) -> 1485264 | J80: =SUM(I69:I80) -> 21082742 | K80: =+Nuevos!I12 -> 1809600 | L80: =+K80+J80 -> 22892342 | M80: =IF(H80="sustitución",1,0) -> 0 | N80: =IF($H80="sustitución",$I80,0) -> 0 | O80: =IF($H80="sustitución",$G80,0) -> 0 | P80: =IF(H80="Renovación con incremento",1,0) -> 1 | Q80: =IF($H80="Renovación con incremento",$I80,0) -> 1485264 | R80: =IF($H80="Renovación con incremento",$G80,0) -> 1350240 | S80: =IF(H80="Renovación sin incremento",1,0) -> 0 | T80: =IF($H80="Renovación sin incremento",$I80,0) -> 0 | U80: =IF($H80="Cancelación",1,0) -> 0 | V80: =IF($H80="Cancelación",$I80,0) -> 0 | W80: =IF($H80="Cancelación",$G80,0) -> 0 | Y80: =G80 -> 1350240
B81: =+B80+1 -> 70 | C81: Guanajuato | D81: Boulevard Venustiano Carranza No. 205, Colonia San Miguel, C.P. 37235, León, Guanajuato | E81: Tienda No. 19 | F81: 46171.84 | G81: =+F81*12*1.16 -> 642712.01 | H81: Renovación con incremento | I81: =ROUNDUP(G81*1.1,0) -> 706984 | M81: =IF(H81="sustitución",1,0) -> 0 | N81: =IF($H81="sustitución",$I81,0) -> 0 | O81: =IF($H81="sustitución",$G81,0) -> 0 | P81: =IF(H81="Renovación con incremento",1,0) -> 1 | Q81: =IF($H81="Renovación con incremento",$I81,0) -> 706984 | R81: =IF($H81="Renovación con incremento",$G81,0) -> 642712.01 | S81: =IF(H81="Renovación sin incremento",1,0) -> 0 | T81: =IF($H81="Renovación sin incremento",$I81,0) -> 0 | U81: =IF($H81="Cancelación",1,0) -> 0 | V81: =IF($H81="Cancelación",$I81,0) -> 0 | W81: =IF($H81="Cancelación",$G81,0) -> 0 | Y81: =G81 -> 642712.01
B82: =+B81+1 -> 71 | C82: Guanajuato | D82: Calle Lázaro Cárdenas del Río No. 100, Colonia Tres Guerras, C.P. 38080, Celaya, Guanajuato | E82: Bodega de Bienes Embargados | F82: 42000 | G82: =+F82*12*1.16 -> 584640 | H82: Renovación con incremento | I82: =ROUNDUP(G82*1.1,0) -> 643104 | M82: =IF(H82="sustitución",1,0) -> 0 | N82: =IF($H82="sustitución",$I82,0) -> 0 | O82: =IF($H82="sustitución",$G82,0) -> 0 | P82: =IF(H82="Renovación con incremento",1,0) -> 1 | Q82: =IF($H82="Renovación con incremento",$I82,0) -> 643104 | R82: =IF($H82="Renovación con incremento",$G82,0) -> 584640 | S82: =IF(H82="Renovación sin incremento",1,0) -> 0 | T82: =IF($H82="Renovación sin incremento",$I82,0) -> 0 | U82: =IF($H82="Cancelación",1,0) -> 0 | V82: =IF($H82="Cancelación",$I82,0) -> 0 | W82: =IF($H82="Cancelación",$G82,0) -> 0 | Y82: =G82 -> 584640
B83: =+B82+1 -> 72 | C83: Guanajuato | D83: Calle Guanajuato No. 43, Colonia Santa Teresa, C.P. 36260,Guanajuato, Guanajuato | E83: Bodega de Bienes Embargados | F83: 55000 | G83: =+F83*12*1.16 -> 765600 | H83: Renovación con incremento | I83: =ROUNDUP(G83*1.1,0) -> 842160 | M83: =IF(H83="sustitución",1,0) -> 0 | N83: =IF($H83="sustitución",$I83,0) -> 0 | O83: =IF($H83="sustitución",$G83,0) -> 0 | P83: =IF(H83="Renovación con incremento",1,0) -> 1 | Q83: =IF($H83="Renovación con incremento",$I83,0) -> 842160 | R83: =IF($H83="Renovación con incremento",$G83,0) -> 765600 | S83: =IF(H83="Renovación sin incremento",1,0) -> 0 | T83: =IF($H83="Renovación sin incremento",$I83,0) -> 0 | U83: =IF($H83="Cancelación",1,0) -> 0 | V83: =IF($H83="Cancelación",$I83,0) -> 0 | W83: =IF($H83="Cancelación",$G83,0) -> 0 | Y83: =G83 -> 765600
B84: =+B83+1 -> 73 | C84: Guanajuato | D84: Boulevard Adolfo López Mateos Poniente, No. 406, Zona Centro, C.P. 38000, Celaya, Guanajuato | E84: Consultorios Médicos. Extensión Unidad de la Medicina Familiar Nº. 49 | F84: 78500 | G84: =+F84*12*1.16 -> 1092720 | H84: Renovación con incremento | I84: =ROUNDUP(G84*1.1,0) -> 1201992 | M84: =IF(H84="sustitución",1,0) -> 0 | N84: =IF($H84="sustitución",$I84,0) -> 0 | O84: =IF($H84="sustitución",$G84,0) -> 0 | P84: =IF(H84="Renovación con incremento",1,0) -> 1 | Q84: =IF($H84="Renovación con incremento",$I84,0) -> 1201992 | R84: =IF($H84="Renovación con incremento",$G84,0) -> 1092720 | S84: =IF(H84="Renovación sin incremento",1,0) -> 0 | T84: =IF($H84="Renovación sin incremento",$I84,0) -> 0 | U84: =IF($H84="Cancelación",1,0) -> 0 | V84: =IF($H84="Cancelación",$I84,0) -> 0 | W84: =IF($H84="Cancelación",$G84,0) -> 0 | Y84: =G84 -> 1092720
B85: =+B84+1 -> 74 | C85: Guanajuato | D85: Calle Paseo de Guanajuato N° 110, Colonia Jardines de Celaya, Primera Sección, C.P. 38080, Celaya, Guanajuato | E85: Oficinas Administrativas Subdelegacionales | F85: 43760.75 | G85: =+F85*12*1.16 -> 609149.64 | H85: Renovación con incremento | I85: =ROUNDUP(G85*1.1,0) -> 670065 | M85: =IF(H85="sustitución",1,0) -> 0 | N85: =IF($H85="sustitución",$I85,0) -> 0 | O85: =IF($H85="sustitución",$G85,0) -> 0 | P85: =IF(H85="Renovación con incremento",1,0) -> 1 | Q85: =IF($H85="Renovación con incremento",$I85,0) -> 670065 | R85: =IF($H85="Renovación con incremento",$G85,0) -> 609149.64 | S85: =IF(H85="Renovación sin incremento",1,0) -> 0 | T85: =IF($H85="Renovación sin incremento",$I85,0) -> 0 | U85: =IF($H85="Cancelación",1,0) -> 0 | V85: =IF($H85="Cancelación",$I85,0) -> 0 | W85: =IF($H85="Cancelación",$G85,0) -> 0 | Y85: =G85 -> 609149.64
B86: =+B85+1 -> 75 | C86: Guanajuato | D86: Calle Aldama Nº. 321-B, Zona Centro, C.P. 36700, Salamanca, Guanajuato | E86: Oficinas Administrativas Subdelegacionales | F86: 60800 | G86: =+F86*12*1.16 -> 846336 | H86: Renovación con incremento | I86: =ROUNDUP(G86*1.1,0) -> 930970 | M86: =IF(H86="sustitución",1,0) -> 0 | N86: =IF($H86="sustitución",$I86,0) -> 0 | O86: =IF($H86="sustitución",$G86,0) -> 0 | P86: =IF(H86="Renovación con incremento",1,0) -> 1 | Q86: =IF($H86="Renovación con incremento",$I86,0) -> 930970 | R86: =IF($H86="Renovación con incremento",$G86,0) -> 846336 | S86: =IF(H86="Renovación sin incremento",1,0) -> 0 | T86: =IF($H86="Renovación sin incremento",$I86,0) -> 0 | U86: =IF($H86="Cancelación",1,0) -> 0 | V86: =IF($H86="Cancelación",$I86,0) -> 0 | W86: =IF($H86="Cancelación",$G86,0) -> 0 | Y86: =G86 -> 846336
B87: =+B86+1 -> 76 | C87: Guanajuato | D87: Calle Aztecas N°. 107, Colonia Parque Central, Zona Centro, C.P. 38000, Celaya, Guanajuato | E87: Tienda No. 21 | F87: 58577.88 | G87: =+F87*12*1.16 -> 815404.09 | H87: Renovación con incremento | I87: =ROUNDUP(G87*1.1,0) -> 896945 | M87: =IF(H87="sustitución",1,0) -> 0 | N87: =IF($H87="sustitución",$I87,0) -> 0 | O87: =IF($H87="sustitución",$G87,0) -> 0 | P87: =IF(H87="Renovación con incremento",1,0) -> 1 | Q87: =IF($H87="Renovación con incremento",$I87,0) -> 896945 | R87: =IF($H87="Renovación con incremento",$G87,0) -> 815404.09 | S87: =IF(H87="Renovación sin incremento",1,0) -> 0 | T87: =IF($H87="Renovación sin incremento",$I87,0) -> 0 | U87: =IF($H87="Cancelación",1,0) -> 0 | V87: =IF($H87="Cancelación",$I87,0) -> 0 | W87: =IF($H87="Cancelación",$G87,0) -> 0 | Y87: =G87 -> 815404.09
B88: =+B87+1 -> 77 | C88: Guanajuato | D88: Calle Francisco Eduardo Tres Guerra N°. 735 (171), Zona Centro, C.P. 36500, Irapuato, Guanajuato | E88: Tienda No. 20 y Bodega de Bienes Embargados | F88: 51394.79 | G88: =+F88*12*1.16 -> 715415.48 | H88: Renovación con incremento | I88: =ROUNDUP(G88*1.1,0) -> 786958 | M88: =IF(H88="sustitución",1,0) -> 0 | N88: =IF($H88="sustitución",$I88,0) -> 0 | O88: =IF($H88="sustitución",$G88,0) -> 0 | P88: =IF(H88="Renovación con incremento",1,0) -> 1 | Q88: =IF($H88="Renovación con incremento",$I88,0) -> 786958 | R88: =IF($H88="Renovación con incremento",$G88,0) -> 715415.48 | S88: =IF(H88="Renovación sin incremento",1,0) -> 0 | T88: =IF($H88="Renovación sin incremento",$I88,0) -> 0 | U88: =IF($H88="Cancelación",1,0) -> 0 | V88: =IF($H88="Cancelación",$I88,0) -> 0 | W88: =IF($H88="Cancelación",$G88,0) -> 0 | Y88: =G88 -> 715415.48
B89: =+B88+1 -> 78 | C89: Guanajuato | D89: Calle Isaac Newton Nº. 112, Colonia El Peluchan, C.P. 37119, León, Guanajuato | E89: Sub Álmacen Delegacional | F89: 90000 | G89: =+F89*12*1.16 -> 1252800 | H89: Renovación con incremento | I89: =ROUNDUP(G89*1.1,0) -> 1378080 | M89: =IF(H89="sustitución",1,0) -> 0 | N89: =IF($H89="sustitución",$I89,0) -> 0 | O89: =IF($H89="sustitución",$G89,0) -> 0 | P89: =IF(H89="Renovación con incremento",1,0) -> 1 | Q89: =IF($H89="Renovación con incremento",$I89,0) -> 1378080 | R89: =IF($H89="Renovación con incremento",$G89,0) -> 1252800 | S89: =IF(H89="Renovación sin incremento",1,0) -> 0 | T89: =IF($H89="Renovación sin incremento",$I89,0) -> 0 | U89: =IF($H89="Cancelación",1,0) -> 0 | V89: =IF($H89="Cancelación",$I89,0) -> 0 | W89: =IF($H89="Cancelación",$G89,0) -> 0 | Y89: =G89 -> 1252800
B90: =+B89+1 -> 79 | C90: Guanajuato | D90: Calle Río Conchos Nº. 434, Colonia San Miguel, C.P. 37390, León, Guanajuato | E90: Bodega de Bienes Embargados | F90: 60000 | G90: =+F90*12*1.16 -> 835200 | H90: Renovación con incremento | I90: =ROUNDUP(G90*1.1,0) -> 918720 | J90: =SUM(I81:I90) -> 8975978 | K90: =+Nuevos!I15 -> 974400 | L90: =+K90+J90 -> 9950378 | M90: =IF(H90="sustitución",1,0) -> 0 | N90: =IF($H90="sustitución",$I90,0) -> 0 | O90: =IF($H90="sustitución",$G90,0) -> 0 | P90: =IF(H90="Renovación con incremento",1,0) -> 1 | Q90: =IF($H90="Renovación con incremento",$I90,0) -> 918720 | R90: =IF($H90="Renovación con incremento",$G90,0) -> 835200 | S90: =IF(H90="Renovación sin incremento",1,0) -> 0 | T90: =IF($H90="Renovación sin incremento",$I90,0) -> 0 | U90: =IF($H90="Cancelación",1,0) -> 0 | V90: =IF($H90="Cancelación",$I90,0) -> 0 | W90: =IF($H90="Cancelación",$G90,0) -> 0 | Y90: =G90 -> 835200
B91: =+B90+1 -> 80 | C91: Guerrero | D91: Calle Vicente Suárez S/N, Colonia Petacalco, Municipio La Unión de Isidoro, Montes de Oca Suárez, C.P. 40811, Petacalco, Guerrero | E91: Unidad de Medicina Familiar Nº. 27 | F91: 4241 | G91: =+F91*12*1.16 -> 59034.72 | H91: Renovación con incremento | I91: =ROUNDUP(G91*1.1,0) -> 64939 | M91: =IF(H91="sustitución",1,0) -> 0 | N91: =IF($H91="sustitución",$I91,0) -> 0 | O91: =IF($H91="sustitución",$G91,0) -> 0 | P91: =IF(H91="Renovación con incremento",1,0) -> 1 | Q91: =IF($H91="Renovación con incremento",$I91,0) -> 64939 | R91: =IF($H91="Renovación con incremento",$G91,0) -> 59034.72 | S91: =IF(H91="Renovación sin incremento",1,0) -> 0 | T91: =IF($H91="Renovación sin incremento",$I91,0) -> 0 | U91: =IF($H91="Cancelación",1,0) -> 0 | V91: =IF($H91="Cancelación",$I91,0) -> 0 | W91: =IF($H91="Cancelación",$G91,0) -> 0 | Y91: =G91 -> 59034.72
B92: =+B91+1 -> 81 | C92: Guerrero | D92: Costado de Carretera a Ayutla Municipio Juan R. Escudero, C.P. 39840, Tierra Colorada, Guerrero | E92: Unidad de Medicina Familiar Nº. 7 | F92: 6061 | G92: =+F92*12*1.16 -> 84369.12 | H92: Renovación con incremento | I92: =ROUNDUP(G92*1.1,0) -> 92807 | M92: =IF(H92="sustitución",1,0) -> 0 | N92: =IF($H92="sustitución",$I92,0) -> 0 | O92: =IF($H92="sustitución",$G92,0) -> 0 | P92: =IF(H92="Renovación con incremento",1,0) -> 1 | Q92: =IF($H92="Renovación con incremento",$I92,0) -> 92807 | R92: =IF($H92="Renovación con incremento",$G92,0) -> 84369.12 | S92: =IF(H92="Renovación sin incremento",1,0) -> 0 | T92: =IF($H92="Renovación sin incremento",$I92,0) -> 0 | U92: =IF($H92="Cancelación",1,0) -> 0 | V92: =IF($H92="Cancelación",$I92,0) -> 0 | W92: =IF($H92="Cancelación",$G92,0) -> 0 | Y92: =G92 -> 84369.12
B93: =+B92+1 -> 82 | C93: Guerrero | D93: Ignacio Allende No. 4 Colonia Centro, C.P. 40930, Atoyac de Álvarez, Guerrero | E93: Unidad de Medicina Familiar Nº. 11 | F93: 5000 | G93: =+F93*12*1.16 -> 69600 | H93: Sustitución | I93: =ROUNDUP(+G93*1.15,0) -> 80040 | M93: =IF(H93="sustitución",1,0) -> 1 | N93: =IF($H93="sustitución",$I93,0) -> 80040 | O93: =IF($H93="sustitución",$G93,0) -> 69600 | P93: =IF(H93="Renovación con incremento",1,0) -> 0 | Q93: =IF($H93="Renovación con incremento",$I93,0) -> 0 | R93: =IF($H93="Renovación con incremento",$G93,0) -> 0 | S93: =IF(H93="Renovación sin incremento",1,0) -> 0 | T93: =IF($H93="Renovación sin incremento",$I93,0) -> 0 | U93: =IF($H93="Cancelación",1,0) -> 0 | V93: =IF($H93="Cancelación",$I93,0) -> 0 | W93: =IF($H93="Cancelación",$G93,0) -> 0 | Y93: =G93 -> 69600 | AA93: RENOV SIN INCREMENTO
B94: =+B93+1 -> 83 | C94: Guerrero | D94: Calle Cuauhtémoc Nº. 11, Colonia Centro, C.P. 40400, Teloloapan, Guerrero | E94: Unidad de Medicina Familiar Nº. 22 | F94: 5500 | G94: =+F94*12*1.16 -> 76560 | H94: Renovación con incremento | I94: =ROUNDUP(G94*1.1,0) -> 84216 | M94: =IF(H94="sustitución",1,0) -> 0 | N94: =IF($H94="sustitución",$I94,0) -> 0 | O94: =IF($H94="sustitución",$G94,0) -> 0 | P94: =IF(H94="Renovación con incremento",1,0) -> 1 | Q94: =IF($H94="Renovación con incremento",$I94,0) -> 84216 | R94: =IF($H94="Renovación con incremento",$G94,0) -> 76560 | S94: =IF(H94="Renovación sin incremento",1,0) -> 0 | T94: =IF($H94="Renovación sin incremento",$I94,0) -> 0 | U94: =IF($H94="Cancelación",1,0) -> 0 | V94: =IF($H94="Cancelación",$I94,0) -> 0 | W94: =IF($H94="Cancelación",$G94,0) -> 0 | Y94: =G94 -> 76560
B95: =+B94+1 -> 84 | C95: Guerrero | D95: Lote 11 Manzana 1, Súper Manzana XXVI, Colonia Centro, C.P. 40880, Zihuatanejo, Guerrero | E95: Guardería | F95: 23100 | G95: =+F95*12*1.16 -> 321552 | H95: Renovación con incremento | I95: =ROUNDUP(G95*1.1,0) -> 353708 | J95: =SUM(I91:I95) -> 675710 | L95: =+K95+J95 -> 675710 | M95: =IF(H95="sustitución",1,0) -> 0 | N95: =IF($H95="sustitución",$I95,0) -> 0 | O95: =IF($H95="sustitución",$G95,0) -> 0 | P95: =IF(H95="Renovación con incremento",1,0) -> 1 | Q95: =IF($H95="Renovación con incremento",$I95,0) -> 353708 | R95: =IF($H95="Renovación con incremento",$G95,0) -> 321552 | S95: =IF(H95="Renovación sin incremento",1,0) -> 0 | T95: =IF($H95="Renovación sin incremento",$I95,0) -> 0 | U95: =IF($H95="Cancelación",1,0) -> 0 | V95: =IF($H95="Cancelación",$I95,0) -> 0 | W95: =IF($H95="Cancelación",$G95,0) -> 0 | Y95: =G95 -> 321552
B96: =+B95+1 -> 85 | C96: Hidalgo | D96: Boulevard Luis Donaldo Colosio No. 4604, Fraccionamiento del Palmar II, C.P. 42088, Pachuca, Hidalgo | E96: Oficinas Administrativas Delegacionales (Sede) | F96: 746015.16 | G96: =+F96*12*1.16 -> 10384531 | H96: Renovación sin incremento | I96: =ROUNDUP(G96,0) -> 10384532 | M96: =IF(H96="sustitución",1,0) -> 0 | N96: =IF($H96="sustitución",$I96,0) -> 0 | O96: =IF($H96="sustitución",$G96,0) -> 0 | P96: =IF(H96="Renovación con incremento",1,0) -> 0 | Q96: =IF($H96="Renovación con incremento",$I96,0) -> 0 | R96: =IF($H96="Renovación con incremento",$G96,0) -> 0 | S96: =IF(H96="Renovación sin incremento",1,0) -> 1 | T96: =IF($H96="Renovación sin incremento",$I96,0) -> 10384532 | U96: =IF($H96="Cancelación",1,0) -> 0 | V96: =IF($H96="Cancelación",$I96,0) -> 0 | W96: =IF($H96="Cancelación",$G96,0) -> 0 | Y96: =G96 -> 10384531
B97: =+B96+1 -> 86 | C97: Hidalgo | D97: Cerrada De Frambuesa N.° 2, Piso 2, Fraccionamiento La Huerta, Colonia Centro, C.P. 42300, Pachuca, Hidalgo | E97: Oficinas Administrativas EMS | F97: 16060 | G97: =+F97*12*1.16 -> 223555.2 | H97: Sustitución | I97: =ROUNDUP(+G97*1.15,0) -> 257089 | M97: =IF(H97="sustitución",1,0) -> 1 | N97: =IF($H97="sustitución",$I97,0) -> 257089 | O97: =IF($H97="sustitución",$G97,0) -> 223555.2 | P97: =IF(H97="Renovación con incremento",1,0) -> 0 | Q97: =IF($H97="Renovación con incremento",$I97,0) -> 0 | R97: =IF($H97="Renovación con incremento",$G97,0) -> 0 | S97: =IF(H97="Renovación sin incremento",1,0) -> 0 | T97: =IF($H97="Renovación sin incremento",$I97,0) -> 0 | U97: =IF($H97="Cancelación",1,0) -> 0 | V97: =IF($H97="Cancelación",$I97,0) -> 0 | W97: =IF($H97="Cancelación",$G97,0) -> 0 | Y97: =G97 -> 223555.2 | AA97: RENOV SIN INCREMENTO
B98: =+B97+1 -> 87 | C98: Hidalgo | D98: Carretera a Acayuca No. 277, Colonia Pequeña Propiedad, C.P. 42191, Zapotlán de Juárez, Hidalgo. | E98: Almacén Delegacional | F98: 578800 | G98: =+F98*12*1.16 -> 8056896 | H98: Renovación sin incremento | I98: =ROUNDUP(G98,0) -> 8056896 | J98: =SUM(I96:I98) -> 18698517 | K98: =+Nuevos!I16 -> 10081421 | L98: =+K98+J98 -> 28779938 | M98: =IF(H98="sustitución",1,0) -> 0 | N98: =IF($H98="sustitución",$I98,0) -> 0 | O98: =IF($H98="sustitución",$G98,0) -> 0 | P98: =IF(H98="Renovación con incremento",1,0) -> 0 | Q98: =IF($H98="Renovación con incremento",$I98,0) -> 0 | R98: =IF($H98="Renovación con incremento",$G98,0) -> 0 | S98: =IF(H98="Renovación sin incremento",1,0) -> 1 | T98: =IF($H98="Renovación sin incremento",$I98,0) -> 8056896 | U98: =IF($H98="Cancelación",1,0) -> 0 | V98: =IF($H98="Cancelación",$I98,0) -> 0 | W98: =IF($H98="Cancelación",$G98,0) -> 0 | Y98: =G98 -> 8056896
B99: =+B98+1 -> 88 | C99: Jalisco | D99: Calle Nebulosa No. 10, Colonia Puerta del Sol, C.P. 45380, Amatitan, Jalisco | E99: Unidad de Medicina Familiar N°. 11 | F99: 7114.5 | G99: =+F99*12*1.16 -> 99033.84 | H99: Renovación con incremento | I99: =ROUNDUP(G99*1.1,0) -> 108938 | M99: =IF(H99="sustitución",1,0) -> 0 | N99: =IF($H99="sustitución",$I99,0) -> 0 | O99: =IF($H99="sustitución",$G99,0) -> 0 | P99: =IF(H99="Renovación con incremento",1,0) -> 1 | Q99: =IF($H99="Renovación con incremento",$I99,0) -> 108938 | R99: =IF($H99="Renovación con incremento",$G99,0) -> 99033.84 | S99: =IF(H99="Renovación sin incremento",1,0) -> 0 | T99: =IF($H99="Renovación sin incremento",$I99,0) -> 0 | U99: =IF($H99="Cancelación",1,0) -> 0 | V99: =IF($H99="Cancelación",$I99,0) -> 0 | W99: =IF($H99="Cancelación",$G99,0) -> 0 | Y99: =G99 -> 99033.84
B100: =+B99+1 -> 89 | C100: Jalisco | D100: Calle Hidalgo N°. 45, Colonia Centro, C.P. 45350, Arenal, Jalisco | E100: Unidad de Medicina Familiar N°. 12 | F100: 2500 | G100: =+F100*12*1.16 -> 34800 | H100: Sustitución | I100: =ROUNDUP(+G100*1.15,0) -> 40020 | M100: =IF(H100="sustitución",1,0) -> 1 | N100: =IF($H100="sustitución",$I100,0) -> 40020 | O100: =IF($H100="sustitución",$G100,0) -> 34800 | P100: =IF(H100="Renovación con incremento",1,0) -> 0 | Q100: =IF($H100="Renovación con incremento",$I100,0) -> 0 | R100: =IF($H100="Renovación con incremento",$G100,0) -> 0 | S100: =IF(H100="Renovación sin incremento",1,0) -> 0 | T100: =IF($H100="Renovación sin incremento",$I100,0) -> 0 | U100: =IF($H100="Cancelación",1,0) -> 0 | V100: =IF($H100="Cancelación",$I100,0) -> 0 | W100: =IF($H100="Cancelación",$G100,0) -> 0 | Y100: =G100 -> 34800 | AA100: RENOV SIN INCREMENTO
B101: =+B100+1 -> 90 | C101: Jalisco | D101: Calle Hidalgo No. 10, Colonia Centro, C.P. 49820, Atenquique, Jalisco | E101: Unidad de Medicina Familiar N°. 17 | F101: 5528 | G101: =+F101*12*1.16 -> 76949.76 | H101: Renovación con incremento | I101: =ROUNDUP(G101*1.1,0) -> 84645 | M101: =IF(H101="sustitución",1,0) -> 0 | N101: =IF($H101="sustitución",$I101,0) -> 0 | O101: =IF($H101="sustitución",$G101,0) -> 0 | P101: =IF(H101="Renovación con incremento",1,0) -> 1 | Q101: =IF($H101="Renovación con incremento",$I101,0) -> 84645 | R101: =IF($H101="Renovación con incremento",$G101,0) -> 76949.76 | S101: =IF(H101="Renovación sin incremento",1,0) -> 0 | T101: =IF($H101="Renovación sin incremento",$I101,0) -> 0 | U101: =IF($H101="Cancelación",1,0) -> 0 | V101: =IF($H101="Cancelación",$I101,0) -> 0 | W101: =IF($H101="Cancelación",$G101,0) -> 0 | Y101: =G101 -> 76949.76
B102: =+B101+1 -> 91 | C102: Jalisco | D102: Avenida González Gallo S/N 9, Colonia Chapala Centro, C.P. 45900, Chapala, Jalisco | E102: Unidad de Medicina Familiar N°. 40 | F102: 13000 | G102: =+F102*12*1.16 -> 180960 | H102: Renovación con incremento | I102: =ROUNDUP(G102*1.1,0) -> 199056 | M102: =IF(H102="sustitución",1,0) -> 0 | N102: =IF($H102="sustitución",$I102,0) -> 0 | O102: =IF($H102="sustitución",$G102,0) -> 0 | P102: =IF(H102="Renovación con incremento",1,0) -> 1 | Q102: =IF($H102="Renovación con incremento",$I102,0) -> 199056 | R102: =IF($H102="Renovación con incremento",$G102,0) -> 180960 | S102: =IF(H102="Renovación sin incremento",1,0) -> 0 | T102: =IF($H102="Renovación sin incremento",$I102,0) -> 0 | U102: =IF($H102="Cancelación",1,0) -> 0 | V102: =IF($H102="Cancelación",$I102,0) -> 0 | W102: =IF($H102="Cancelación",$G102,0) -> 0 | Y102: =G102 -> 180960
...

Sheet Resumen
I1: Presupuesto Ajustado 2027 | V1: Proyecciones no consideradas
I3: OOAD | J3: Renovaciones sin incremento | L3: Renovaciones sin incremento | N3: Sustituciones | P3: Nuevos Arrendamientos | R3: Cancelaciones | T3: Total | V3: Renovaciones con incremento no incluidas en el ajuste* | X3: Sustituciones no incluidas en el ajuste* | Z3: Nuevos Arrendamientos no incluidos en el ajuste*
C4: Etiquetas de fila | D4: Cuenta de Organo de Operación Administrativa Desconcentrada | E4: Suma de sustituciones | J4: No. Arrend. | K4: Monto | L4: No. Arrend. | M4: Monto | N4: No. Arrend. | O4: Monto | P4: No. Arrend. | Q4: Monto | R4: No. Arrend. | S4: Monto | T4: No. Arrend. | U4: Monto | V4: No. Arrend. | W4: Monto | X4: No. Arrend. | Y4: Monto | Z4: No. Arrend. | AA4: Monto
C5: Aguascalientes | D5: 1 | E5: 5602800 | I5: Aguascalientes | J5: =L5+V5+X5 -> 5 | K5: =M5+W5+Y5 -> 11456556 | L5: =VLOOKUP(I5,$C$86:$E$106,2,FALSE) -> 1 | M5: =VLOOKUP(I5,$C$86:$E$106,3,FALSE) -> 330510 | N5: =VLOOKUP($I$5,$C$5:$E$14,2,FALSE) -> 1 | O5: =VLOOKUP(I5,$C$5:$E$14,3,FALSE) -> 5602800 | T5: =J5+N5+P5+R5 -> 6 | U5: =K5+O5+Q5+S5 -> 17059356 | V5: =VLOOKUP(I5,$C$53:$E$82,2,FALSE) -> 2 | W5: =VLOOKUP(I5,$C$53:$E$82,3,FALSE) -> 8908789.6 | X5: =VLOOKUP($I5,$C$35:$E$48,2,FALSE) -> 2 | Y5: =VLOOKUP($I5,$C$35:$E$48,3,FALSE) -> 2217256.6
C6: Colima | D6: 1 | E6: 800400 | I6: Baja California | J6: =L6+V6+X6 -> 1 | K6: =M6+W6+Y6 -> 4593600 | L6: =VLOOKUP(I6,$C$86:$E$106,2,FALSE) -> 1 | M6: =VLOOKUP(I6,$C$86:$E$106,3,FALSE) -> 4593600 | T6: =J6+N6+P6+R6 -> 1 | U6: =K6+O6+Q6+S6 -> 4593600
C7: Estado de México Poniente | D7: 1 | E7: 960480 | I7: Baja California Sur | J7: =L7+V7+X7 -> 5 | K7: =M7+W7+Y7 -> 5760812 | L7: =VLOOKUP(I7,$C$86:$E$106,2,FALSE) -> 5 | M7: =VLOOKUP(I7,$C$86:$E$106,3,FALSE) -> 5760812 | T7: =J7+N7+P7+R7 -> 5 | U7: =K7+O7+Q7+S7 -> 5760812
C8: Nayarit | D8: 1 | E8: 880440 | I8: Campeche | J8: =L8+V8+X8 -> 1 | K8: =M8+W8+Y8 -> 166920 | L8: =VLOOKUP(I8,$C$86:$E$106,2,FALSE) -> 1 | M8: =VLOOKUP(I8,$C$86:$E$106,3,FALSE) -> 166920 | T8: =J8+N8+P8+R8 -> 1 | U8: =K8+O8+Q8+S8 -> 166920
C9: Oaxaca | D9: 1 | E9: 757307 | I9: Chiapas | J9: =L9+V9+X9 -> 9 | K9: =M9+W9+Y9 -> 3461195.1 | P9: =VLOOKUP($I9,$C$19:$E$27,2,FALSE) -> 1 | Q9: =VLOOKUP($I9,$C$19:$E$27,3,FALSE) -> 1670400 | R9: =VLOOKUP($I9,$C$111:$E$114,2,FALSE) -> 1 | S9: =VLOOKUP($I9,$C$111:$E$114,3,FALSE) -> 73080 | T9: =J9+N9+P9+R9 -> 11 | U9: =K9+O9+Q9+S9 -> 5204675.1 | V9: =VLOOKUP(I9,$C$53:$E$82,2,FALSE) -> 8 | W9: =VLOOKUP(I9,$C$53:$E$82,3,FALSE) -> 3015323.5 | X9: =VLOOKUP($I9,$C$35:$E$48,2,FALSE) -> 1 | Y9: =VLOOKUP($I9,$C$35:$E$48,3,FALSE) -> 445871.52 | Z9: =VLOOKUP($I9,$C$119:$E$130,2,FALSE) -> 2 | AA9: =VLOOKUP($I9,$C$119:$E$130,3,FALSE) -> 8556000
C10: Puebla | D10: 1 | E10: 320160 | I10: Chihuahua | J10: =L10+V10+X10 -> 15 | K10: =M10+W10+Y10 -> 6820744.9 | P10: =VLOOKUP($I10,$C$19:$E$27,2,FALSE) -> 1 | Q10: =VLOOKUP($I10,$C$19:$E$27,3,FALSE) -> 6960000 | T10: =J10+N10+P10+R10 -> 16 | U10: =K10+O10+Q10+S10 -> 13780745 | V10: =VLOOKUP(I10,$C$53:$E$82,2,FALSE) -> 10 | W10: =VLOOKUP(I10,$C$53:$E$82,3,FALSE) -> 3434769.9 | X10: =VLOOKUP($I10,$C$35:$E$48,2,FALSE) -> 5 | Y10: =VLOOKUP($I10,$C$35:$E$48,3,FALSE) -> 3385975
C11: Quintana Roo | D11: 1 | E11: 3041520 | I11: Coahuila | J11: =L11+V11+X11 -> 7 | K11: =M11+W11+Y11 -> 23095586 | T11: =J11+N11+P11+R11 -> 7 | U11: =K11+O11+Q11+S11 -> 23095586 | V11: =VLOOKUP(I11,$C$53:$E$82,2,FALSE) -> 7 | W11: =VLOOKUP(I11,$C$53:$E$82,3,FALSE) -> 23095586
C12: Sinaloa | D12: 2 | E12: 3005583 | I12: Colima | J12: =L12+V12+X12 -> 4 | K12: =M12+W12+Y12 -> 2403891.2 | N12: =VLOOKUP(I12,$C$5:$E$14,2,FALSE) -> 1 | O12: =VLOOKUP(I12,$C$5:$E$14,3,FALSE) -> 800400 | T12: =J12+N12+P12+R12 -> 5 | U12: =K12+O12+Q12+S12 -> 3204291.2 | V12: =VLOOKUP(I12,$C$53:$E$82,2,FALSE) -> 4 | W12: =VLOOKUP(I12,$C$53:$E$82,3,FALSE) -> 2403891.2
C13: Tamaulipas | D13: 1 | E13: 276000 | I13: Durango | J13: =L13+V13+X13 -> 12 | K13: =M13+W13+Y13 -> 19721517 | L13: =VLOOKUP(I13,$C$86:$E$106,2,FALSE) -> 1 | M13: =VLOOKUP(I13,$C$86:$E$106,3,FALSE) -> 6109289 | T13: =J13+N13+P13+R13 -> 12 | U13: =K13+O13+Q13+S13 -> 19721517 | V13: =VLOOKUP(I13,$C$53:$E$82,2,FALSE) -> 11 | W13: =VLOOKUP(I13,$C$53:$E$82,3,FALSE) -> 13612228 | Z13: =VLOOKUP($I13,$C$119:$E$130,2,FALSE) -> 1 | AA13: =VLOOKUP($I13,$C$119:$E$130,3,FALSE) -> 1809600
C14: Tlaxcala | D14: 1 | E14: 680340 | I14: Estado de México Oriente | J14: =L14+V14+X14 -> 1 | K14: =M14+W14+Y14 -> 23056542 | T14: =J14+N14+P14+R14 -> 1 | U14: =K14+O14+Q14+S14 -> 23056542 | V14: =VLOOKUP(I14,$C$53:$E$82,2,FALSE) -> 1 | W14: =VLOOKUP(I14,$C$53:$E$82,3,FALSE) -> 23056542
C15: Total general | D15: 11 | E15: 16325030 | I15: Estado de México Poniente | J15: =L15+V15+X15 -> 8 | K15: =M15+W15+Y15 -> 17879196 | N15: =VLOOKUP(I15,$C$5:$E$14,2,FALSE) -> 1 | O15: =VLOOKUP(I15,$C$5:$E$14,3,FALSE) -> 960480 | T15: =J15+N15+P15+R15 -> 9 | U15: =K15+O15+Q15+S15 -> 18839676 | V15: =VLOOKUP(I15,$C$53:$E$82,2,FALSE) -> 8 | W15: =VLOOKUP(I15,$C$53:$E$82,3,FALSE) -> 17879196 | Z15: =VLOOKUP($I15,$C$119:$E$130,2,FALSE) -> 2 | AA15: =VLOOKUP($I15,$C$119:$E$130,3,FALSE) -> 21576000
I16: Guanajuato | J16: =L16+V16+X16 -> 10 | K16: =M16+W16+Y16 -> 8159977.2 | P16: =VLOOKUP($I16,$C$19:$E$27,2,FALSE) -> 1 | Q16: =VLOOKUP($I16,$C$19:$E$27,3,FALSE) -> 974400 | T16: =J16+N16+P16+R16 -> 11 | U16: =K16+O16+Q16+S16 -> 9134377.2 | V16: =VLOOKUP(I16,$C$53:$E$82,2,FALSE) -> 10 | W16: =VLOOKUP(I16,$C$53:$E$82,3,FALSE) -> 8159977.2
I17: Guerrero | J17: =L17+V17+X17 -> 5 | K17: =M17+W17+Y17 -> 611115.84 | T17: =J17+N17+P17+R17 -> 5 | U17: =K17+O17+Q17+S17 -> 611115.84 | V17: =VLOOKUP(I17,$C$53:$E$82,2,FALSE) -> 4 | W17: =VLOOKUP(I17,$C$53:$E$82,3,FALSE) -> 541515.84 | X17: =VLOOKUP($I17,$C$35:$E$48,2,FALSE) -> 1 | Y17: =VLOOKUP($I17,$C$35:$E$48,3,FALSE) -> 69600
C18: Etiquetas de fila | D18: Cuenta de Organo de Operación Administrativa Desconcentrada | E18: Suma de nuevos | I18: Hidalgo | J18: =L18+V18+X18 -> 3 | K18: =M18+W18+Y18 -> 18664983 | L18: =VLOOKUP(I18,$C$86:$E$106,2,FALSE) -> 2 | M18: =VLOOKUP(I18,$C$86:$E$106,3,FALSE) -> 18441428 | P18: =VLOOKUP($I18,$C$19:$E$27,2,FALSE) -> 1 | Q18: =VLOOKUP($I18,$C$19:$E$27,3,FALSE) -> 10081421 | T18: =J18+N18+P18+R18 -> 4 | U18: =K18+O18+Q18+S18 -> 28746404 | X18: =VLOOKUP($I18,$C$35:$E$48,2,FALSE) -> 1 | Y18: =VLOOKUP($I18,$C$35:$E$48,3,FALSE) -> 223555.2
C19: Chiapas | D19: 1 | E19: 1670400 | I19: Jalisco | J19: =L19+V19+X19 -> 27 | K19: =M19+W19+Y19 -> 34017881 | L19: =VLOOKUP(I19,$C$86:$E$106,2,FALSE) -> 4 | M19: =VLOOKUP(I19,$C$86:$E$106,3,FALSE) -> 2200551 | R19: =VLOOKUP($I19,$C$111:$E$114,2,FALSE) -> 4 | S19: =VLOOKUP($I19,$C$111:$E$114,3,FALSE) -> 141699 | T19: =J19+N19+P19+R19 -> 31 | U19: =K19+O19+Q19+S19 -> 34159580 | V19: =VLOOKUP(I19,$C$53:$E$82,2,FALSE) -> 19 | W19: =VLOOKUP(I19,$C$53:$E$82,3,FALSE) -> 31588393 | X19: =VLOOKUP($I19,$C$35:$E$48,2,FALSE) -> 4 | Y19: =VLOOKUP($I19,$C$35:$E$48,3,FALSE) -> 228936.67 | Z19: =VLOOKUP($I19,$C$119:$E$130,2,FALSE) -> 1 | AA19: =VLOOKUP($I19,$C$119:$E$130,3,FALSE) -> 13224000
C20: Chihuahua | D20: 1 | E20: 6960000 | I20: Michoacán | J20: =L20+V20+X20 -> 7 | K20: =M20+W20+Y20 -> 4809848.2 | L20: =VLOOKUP(I20,$C$86:$E$106,2,FALSE) -> 2 | M20: =VLOOKUP(I20,$C$86:$E$106,3,FALSE) -> 1615416 | T20: =J20+N20+P20+R20 -> 7 | U20: =K20+O20+Q20+S20 -> 4809848.2 | V20: =VLOOKUP(I20,$C$53:$E$82,2,FALSE) -> 5 | W20: =VLOOKUP(I20,$C$53:$E$82,3,FALSE) -> 3194432.2 | Z20: =VLOOKUP($I20,$C$119:$E$130,2,FALSE) -> 3 | AA20: =VLOOKUP($I20,$C$119:$E$130,3,FALSE) -> 3793920
C21: Guanajuato | D21: 1 | E21: 974400 | I21: Morelos | J21: =L21+V21+X21 -> 2 | K21: =M21+W21+Y21 -> 238270.59 | T21: =J21+N21+P21+R21 -> 2 | U21: =K21+O21+Q21+S21 -> 238270.59 | V21: =VLOOKUP(I21,$C$53:$E$82,2,FALSE) -> 2 | W21: =VLOOKUP(I21,$C$53:$E$82,3,FALSE) -> 238270.59
C22: Hidalgo | D22: 1 | E22: 10081421 | I22: Nayarit | J22: =L22+V22+X22 -> 1 | K22: =M22+W22+Y22 -> 299999.94 | N22: =VLOOKUP(I22,$C$5:$E$14,2,FALSE) -> 1 | O22: =VLOOKUP(I22,$C$5:$E$14,3,FALSE) -> 880440 | T22: =J22+N22+P22+R22 -> 2 | U22: =K22+O22+Q22+S22 -> 1180439.9 | V22: =VLOOKUP(I22,$C$53:$E$82,2,FALSE) -> 1 | W22: =VLOOKUP(I22,$C$53:$E$82,3,FALSE) -> 299999.94
C23: Nivel Central | D23: 1 | E23: 28804869 | I23: Nivel Central | J23: =L23+V23+X23 -> 7 | K23: =M23+W23+Y23 -> 140653168 | L23: =VLOOKUP(I23,$C$86:$E$106,2,FALSE) -> 2 | M23: =VLOOKUP(I23,$C$86:$E$106,3,FALSE) -> 45958373 | P23: =VLOOKUP($I23,$C$19:$E$27,2,FALSE) -> 1 | Q23: =VLOOKUP($I23,$C$19:$E$27,3,FALSE) -> 28804869 | T23: =J23+N23+P23+R23 -> 8 | U23: =K23+O23+Q23+S23 -> 1.6945804e+08 | V23: =VLOOKUP(I23,$C$53:$E$82,2,FALSE) -> 5 | W23: =VLOOKUP(I23,$C$53:$E$82,3,FALSE) -> 94694795 | Z23: =VLOOKUP($I23,$C$119:$E$130,2,FALSE) -> 1 | AA23: =VLOOKUP($I23,$C$119:$E$130,3,FALSE) -> 23446736
C24: Nuevo León | D24: 1 | E24: 4251136 | I24: Norte D.F. | J24: =L24+V24+X24 -> 1 | K24: =M24+W24+Y24 -> 2254250.2 | T24: =J24+N24+P24+R24 -> 1 | U24: =K24+O24+Q24+S24 -> 2254250.2 | V24: =VLOOKUP(I24,$C$53:$E$82,2,FALSE) -> 1 | W24: =VLOOKUP(I24,$C$53:$E$82,3,FALSE) -> 2254250.2
C25: Veracruz Sur | D25: 1 | E25: 2088000 | I25: Nuevo León | J25: =L25+V25+X25 -> 4 | K25: =M25+W25+Y25 -> 2724238.5 | L25: =VLOOKUP(I25,$C$86:$E$106,2,FALSE) -> 3 | M25: =VLOOKUP(I25,$C$86:$E$106,3,FALSE) -> 2260315 | P25: =VLOOKUP($I25,$C$19:$E$27,2,FALSE) -> 1 | Q25: =VLOOKUP($I25,$C$19:$E$27,3,FALSE) -> 4251136 | T25: =J25+N25+P25+R25 -> 5 | U25: =K25+O25+Q25+S25 -> 6975374.5 | V25: =VLOOKUP(I25,$C$53:$E$82,2,FALSE) -> 1 | W25: =VLOOKUP(I25,$C$53:$E$82,3,FALSE) -> 463923.53
C26: Yucatán | D26: 1 | E26: 306000 | I26: Oaxaca | J26: =L26+V26+X26 -> 16 | K26: =M26+W26+Y26 -> 13587935 | L26: =VLOOKUP(I26,$C$86:$E$106,2,FALSE) -> 1 | M26: =VLOOKUP(I26,$C$86:$E$106,3,FALSE) -> 276005 | N26: =VLOOKUP(I26,$C$5:$E$14,2,FALSE) -> 1 | O26: =VLOOKUP(I26,$C$5:$E$14,3,FALSE) -> 757307 | T26: =J26+N26+P26+R26 -> 17 | U26: =K26+O26+Q26+S26 -> 14345242 | V26: =VLOOKUP(I26,$C$53:$E$82,2,FALSE) -> 12 | W26: =VLOOKUP(I26,$C$53:$E$82,3,FALSE) -> 11870010 | X26: =VLOOKUP($I26,$C$35:$E$48,2,FALSE) -> 3 | Y26: =VLOOKUP($I26,$C$35:$E$48,3,FALSE) -> 1441920 | Z26: =VLOOKUP($I26,$C$119:$E$130,2,FALSE) -> 3 | AA26: =VLOOKUP($I26,$C$119:$E$130,3,FALSE) -> 6792960
C27: Zacatecas | D27: 1 | E27: 556800 | I27: Puebla | J27: =L27+V27+X27 -> 8 | K27: =M27+W27+Y27 -> 4029949.7 | L27: =VLOOKUP(I27,$C$86:$E$106,2,FALSE) -> 2 | M27: =VLOOKUP(I27,$C$86:$E$106,3,FALSE) -> 153320 | N27: =VLOOKUP(I27,$C$5:$E$14,2,FALSE) -> 1 | O27: =VLOOKUP(I27,$C$5:$E$14,3,FALSE) -> 320160 | T27: =J27+N27+P27+R27 -> 9 | U27: =K27+O27+Q27+S27 -> 4350109.7 | V27: =VLOOKUP(I27,$C$53:$E$82,2,FALSE) -> 4 | W27: =VLOOKUP(I27,$C$53:$E$82,3,FALSE) -> 2677713.6 | X27: =VLOOKUP($I27,$C$35:$E$48,2,FALSE) -> 2 | Y27: =VLOOKUP($I27,$C$35:$E$48,3,FALSE) -> 1198916.1 | Z27: =VLOOKUP($I27,$C$119:$E$130,2,FALSE) -> 5 | AA27: =VLOOKUP($I27,$C$119:$E$130,3,FALSE) -> 2992800
C28: Total general | D28: 9 | E28: 55693026 | I28: Querétaro | J28: =L28+V28+X28 -> 6 | K28: =M28+W28+Y28 -> 7961073.4 | L28: =VLOOKUP(I28,$C$86:$E$106,2,FALSE) -> 5 | M28: =VLOOKUP(I28,$C$86:$E$106,3,FALSE) -> 7648766 | T28: =J28+N28+P28+R28 -> 6 | U28: =K28+O28+Q28+S28 -> 7961073.4 | X28: =VLOOKUP($I28,$C$35:$E$48,2,FALSE) -> 1 | Y28: =VLOOKUP($I28,$C$35:$E$48,3,FALSE) -> 312307.45
I29: Quintana Roo | J29: =L29+V29+X29 -> 3 | K29: =M29+W29+Y29 -> 4824233.5 | N29: =VLOOKUP(I29,$C$5:$E$14,2,FALSE) -> 1 | O29: =VLOOKUP(I29,$C$5:$E$14,3,FALSE) -> 3041520 | T29: =J29+N29+P29+R29 -> 4 | U29: =K29+O29+Q29+S29 -> 7865753.5 | V29: =VLOOKUP(I29,$C$53:$E$82,2,FALSE) -> 3 | W29: =VLOOKUP(I29,$C$53:$E$82,3,FALSE) -> 4824233.5
I30: San Luis Potosí | J30: =L30+V30+X30 -> 4 | K30: =M30+W30+Y30 -> 803089.9 | L30: =VLOOKUP(I30,$C$86:$E$106,2,FALSE) -> 1 | M30: =VLOOKUP(I30,$C$86:$E$106,3,FALSE) -> 389760 | T30: =J30+N30+P30+R30 -> 4 | U30: =K30+O30+Q30+S30 -> 803089.9 | V30: =VLOOKUP(I30,$C$53:$E$82,2,FALSE) -> 3 | W30: =VLOOKUP(I30,$C$53:$E$82,3,FALSE) -> 413329.9 | Z30: =VLOOKUP($I30,$C$119:$E$130,2,FALSE) -> 1 | AA30: =VLOOKUP($I30,$C$119:$E$130,3,FALSE) -> 9048000
I31: Sinaloa | J31: =L31+V31+X31 -> 11 | K31: =M31+W31+Y31 -> 10415151 | L31: =VLOOKUP(I31,$C$86:$E$106,2,FALSE) -> 1 | M31: =VLOOKUP(I31,$C$86:$E$106,3,FALSE) -> 4036800 | N31: =VLOOKUP(I31,$C$5:$E$14,2,FALSE) -> 2 | O31: =VLOOKUP(I31,$C$5:$E$14,3,FALSE) -> 3005583 | R31: =VLOOKUP($I31,$C$111:$E$114,2,FALSE) -> 1 | S31: =VLOOKUP($I31,$C$111:$E$114,3,FALSE) -> 189378 | T31: =J31+N31+P31+R31 -> 14 | U31: =K31+O31+Q31+S31 -> 13610112 | V31: =VLOOKUP(I31,$C$53:$E$82,2,FALSE) -> 9 | W31: =VLOOKUP(I31,$C$53:$E$82,3,FALSE) -> 4638351.4 | X31: =VLOOKUP($I31,$C$35:$E$48,2,FALSE) -> 1 | Y31: =VLOOKUP($I31,$C$35:$E$48,3,FALSE) -> 1740000
I32: Sonora | J32: =L32+V32+X32 -> 17 | K32: =M32+W32+Y32 -> 16352575 | L32: =VLOOKUP(I32,$C$86:$E$106,2,FALSE) -> 1 | M32: =VLOOKUP(I32,$C$86:$E$106,3,FALSE) -> 3055440 | T32: =J32+N32+P32+R32 -> 17 | U32: =K32+O32+Q32+S32 -> 16352575 | V32: =VLOOKUP(I32,$C$53:$E$82,2,FALSE) -> 8 | W32: =VLOOKUP(I32,$C$53:$E$82,3,FALSE) -> 5709810.1 | X32: =VLOOKUP($I32,$C$35:$E$48,2,FALSE) -> 8 | Y32: =VLOOKUP($I32,$C$35:$E$48,3,FALSE) -> 7587325.3
I33: Sur D.F. | J33: =L33+V33+X33 -> 3 | K33: =M33+W33+Y33 -> 94228624 | L33: =VLOOKUP(I33,$C$86:$E$106,2,FALSE) -> 2 | M33: =VLOOKUP(I33,$C$86:$E$106,3,FALSE) -> 77426843 | T33: =J33+N33+P33+R33 -> 3 | U33: =K33+O33+Q33+S33 -> 94228624 | V33: =VLOOKUP(I33,$C$53:$E$82,2,FALSE) -> 1 | W33: =VLOOKUP(I33,$C$53:$E$82,3,FALSE) -> 16801781
C34: Etiquetas de fila | D34: Cuenta de Organo de Operación Administrativa Desconcentrada | E34: Suma de sustituciones con cambio | I34: Tabasco | J34: =L34+V34+X34 -> 1 | K34: =M34+W34+Y34 -> 180000 | T34: =J34+N34+P34+R34 -> 1 | U34: =K34+O34+Q34+S34 -> 180000 | V34: =VLOOKUP(I34,$C$53:$E$82,2,FALSE) -> 1 | W34: =VLOOKUP(I34,$C$53:$E$82,3,FALSE) -> 180000
C35: Aguascalientes | D35: 2 | E35: 2217256.6 | I35: Tamaulipas | J35: =L35+V35+X35 -> 8 | K35: =M35+W35+Y35 -> 4047406.2 | L35: =VLOOKUP(I35,$C$86:$E$106,2,FALSE) -> 2 | M35: =VLOOKUP(I35,$C$86:$E$106,3,FALSE) -> 1353285 | N35: =VLOOKUP(I35,$C$5:$E$14,2,FALSE) -> 1 | O35: =VLOOKUP(I35,$C$5:$E$14,3,FALSE) -> 276000 | R35: =VLOOKUP($I35,$C$111:$E$114,2,FALSE) -> 1 | S35: =VLOOKUP($I35,$C$111:$E$114,3,FALSE) -> 348036 | T35: =J35+N35+P35+R35 -> 10 | U35: =K35+O35+Q35+S35 -> 4671442.2 | V35: =VLOOKUP(I35,$C$53:$E$82,2,FALSE) -> 5 | W35: =VLOOKUP(I35,$C$53:$E$82,3,FALSE) -> 2623462.7 | X35: =VLOOKUP($I35,$C$35:$E$48,2,FALSE) -> 1 | Y35: =VLOOKUP($I35,$C$35:$E$48,3,FALSE) -> 70658.477 | Z35: =VLOOKUP($I35,$C$119:$E$130,2,FALSE) -> 2 | AA35: =VLOOKUP($I35,$C$119:$E$130,3,FALSE) -> 612480
C36: Chiapas | D36: 1 | E36: 445871.52 | I36: Tlaxcala | J36: =L36+V36+X36 -> 1 | K36: =M36+W36+Y36 -> 1720205.8 | N36: =VLOOKUP(I36,$C$5:$E$14,2,FALSE) -> 1 | O36: =VLOOKUP(I36,$C$5:$E$14,3,FALSE) -> 680340 | T36: =J36+N36+P36+R36 -> 2 | U36: =K36+O36+Q36+S36 -> 2400545.8 | X36: =VLOOKUP($I36,$C$35:$E$48,2,FALSE) -> 1 | Y36: =VLOOKUP($I36,$C$35:$E$48,3,FALSE) -> 1720205.8
C37: Chihuahua | D37: 5 | E37: 3385975 | I37: Veracruz Norte | J37: =L37+V37+X37 -> 11 | K37: =M37+W37+Y37 -> 12509643 | L37: =VLOOKUP(I37,$C$86:$E$106,2,FALSE) -> 2 | M37: =VLOOKUP(I37,$C$86:$E$106,3,FALSE) -> 1533567 | T37: =J37+N37+P37+R37 -> 11 | U37: =K37+O37+Q37+S37 -> 12509643 | V37: =VLOOKUP(I37,$C$53:$E$82,2,FALSE) -> 4 | W37: =VLOOKUP(I37,$C$53:$E$82,3,FALSE) -> 3343751.9 | X37: =VLOOKUP($I37,$C$35:$E$48,2,FALSE) -> 5 | Y37: =VLOOKUP($I37,$C$35:$E$48,3,FALSE) -> 7632324
C38: Guerrero | D38: 1 | E38: 69600 | I38: Veracruz Sur | J38: =L38+V38+X38 -> 10 | K38: =M38+W38+Y38 -> 9634714.8 | L38: =VLOOKUP(I38,$C$86:$E$106,2,FALSE) -> 7 | M38: =VLOOKUP(I38,$C$86:$E$106,3,FALSE) -> 8803624 | P38: =VLOOKUP($I38,$C$19:$E$27,2,FALSE) -> 1 | Q38: =VLOOKUP($I38,$C$19:$E$27,3,FALSE) -> 2088000 | T38: =J38+N38+P38+R38 -> 11 | U38: =K38+O38+Q38+S38 -> 11722715 | V38: =VLOOKUP(I38,$C$53:$E$82,2,FALSE) -> 3 | W38: =VLOOKUP(I38,$C$53:$E$82,3,FALSE) -> 831090.82 | Z38: =VLOOKUP($I38,$C$119:$E$130,2,FALSE) -> 1 | AA38: =VLOOKUP($I38,$C$119:$E$130,3,FALSE) -> 3744480
C39: Hidalgo | D39: 1 | E39: 223555.2 | I39: Yucatán | J39: =L39+V39+X39 -> 0 | K39: =M39+W39+Y39 -> 0 | P39: =VLOOKUP($I39,$C$19:$E$27,2,FALSE) -> 1 | Q39: =VLOOKUP($I39,$C$19:$E$27,3,FALSE) -> 306000 | T39: =J39+N39+P39+R39 -> 1 | U39: =K39+O39+Q39+S39 -> 306000
C40: Jalisco | D40: 4 | E40: 228936.67 | I40: Zacatecas | J40: =L40+V40+X40 -> 9 | K40: =M40+W40+Y40 -> 3364621.8 | L40: =VLOOKUP(I40,$C$86:$E$106,2,FALSE) -> 4 | M40: =VLOOKUP(I40,$C$86:$E$106,3,FALSE) -> 2029915 | P40: =VLOOKUP($I40,$C$19:$E$27,2,FALSE) -> 1 | Q40: =VLOOKUP($I40,$C$19:$E$27,3,FALSE) -> 556800 | T40: =J40+N40+P40+R40 -> 10 | U40: =K40+O40+Q40+S40 -> 3921421.8 | V40: =VLOOKUP(I40,$C$53:$E$82,2,FALSE) -> 5 | W40: =VLOOKUP(I40,$C$53:$E$82,3,FALSE) -> 1334706.8 | Z40: =VLOOKUP($I40,$C$119:$E$130,2,FALSE) -> 1 | AA40: =VLOOKUP($I40,$C$119:$E$130,3,FALSE) -> 167040
C41: Oaxaca | D41: 3 | E41: 1441920 | I41: Total general | J41: =SUM(J5:J40) -> 243 | K41: =SUM(K5:K40) -> 5.1450952e+08 | L41: =SUM(L5:L40) -> 50 | M41: =SUM(M5:M40) -> 194144539 | N41: =SUM(N5:N40) -> 11 | O41: =SUM(O5:O40) -> 16325030 | P41: =SUM(P5:P40) -> 9 | Q41: =SUM(Q5:Q40) -> 55693026 | ... AA41: =SUM(AA5:AA40) -> 95764016
C42: Puebla | D42: 2 | E42: 1198916.1
C43: Querétaro | D43: 1 | E43: 312307.45 | I43: * Nota: Sustituciones consideradas en Anteproyecto de presupuesto 2027 no incluidas por la reducción presupuestal
C44: Sinaloa | D44: 1 | E44: 1740000
C45: Sonora | D45: 8 | E45: 7587325.3
C46: Tamaulipas | D46: 1 | E46: 70658.477
C47: Tlaxcala | D47: 1 | E47: 1720205.8
C48: Veracruz Norte | D48: 5 | E48: 7632324
C49: Total general | D49: 36 | E49: 28274852
C53: Etiquetas de fila | D53: Cuenta de Organo de Operación Administrativa Desconcentrada | E53: Suma deRenovaciones con incremento
C54: Aguascalientes | D54: 2 | E54: 8908789.6
C55: Chiapas | D55: 8 | E55: 3015323.5
C56: Chihuahua | D56: 10 | E56: 3434769.9
C57: Coahuila | D57: 7 | E57: 23095586
C58: Colima | D58: 4 | E58: 2403891.2
C59: Durango | D59: 11 | E59: 13612228
C60: Estado de México Oriente | D60: 1 | E60: 23056542
C61: Estado de México Poniente | D61: 8 | E61: 17879196
C62: Guanajuato | D62: 10 | E62: 8159977.2
C63: Guerrero | D63: 4 | E63: 541515.84
C64: Jalisco | D64: 19 | E64: 31588393
C65: Michoacán | D65: 5 | E65: 3194432.2
... C83: Total general | D83: 157 | E83: 2.9209012e+08
E85: Suma deRenovaciones sin incremento
C86: Aguascalientes | D86: 1 | E86: 330510
C87: Baja California | D87: 1 | E87: 4593600
C88: Baja California Sur | D88: 5 | E88: 5760812
C89: Campeche | D89: 1 | E89: 166920
C90: Durango | D90: 1 | E90: 6109289
C91: Hidalgo | D91: 2 | E91: 18441428
C92: Jalisco | D92: 4 | E92: 2200551
C93: Michoacán | D93: 2 | E93: 1615416
C94: Nivel Central | D94: 2 | E94: 45958373
C95: Nuevo León | D95: 3 | E95: 2260315
C96: Oaxaca | D96: 1 | E96: 276005
C97: Puebla | D97: 2 | E97: 153320
... C107: Total general | D107: 50 | E107: 194144539
C110: Etiquetas de fila | D110: Cuenta de Organo de Operación Administrativa Desconcentrada | E110: Suma de Cancelaciones
C111: Chiapas | D111: 1 | E111: 73080
C112: Jalisco | D112: 4 | E112: 141699
C113: Sinaloa | D113: 1 | E113: 189378
C114: Tamaulipas | D114: 1 | E114: 348036
C115: Total general | D115: 7 | E115: 752193
C119: Chiapas | D119: 2 | E119: 8556000
C120: Durango | D120: 1 | E120: 1809600
C121: Estado de México Poniente | D121: 2 | E121: 21576000
C122: Jalisco | D122: 1 | E122: 13224000
C123: Michoacán | D123: 3 | E123: 3793920
C124: Nivel Central | D124: 1 | E124: 23446736
C125: Oaxaca | D125: 3 | E125: 6792960
... C130: Zacatecas | D130: 1 | E130: 167040

Sheet Nuevos_No_Considerados
B3: Dirección de Administración
B4: Unidad de Administración
B5: Coordinación de Conservación y Servicios Generales
B6: Coordinación Técnica de Administración de Activos
B7: División de Arrendamiento y Comercialización
B9: Programa de Arrendaiento IMSS Arrendatario 2027
B10: Nuevos Arrendamientos No Considerados
B12: No. | C12: Organo de Operación Administrativa Desconcentrada | D12: Dirección del inmueble arrendado | E12: Servicio | F12: Monto de renta mensual actual sin IVA | G12: Monto anual con IVA | H12: Figura Anteproyecto 2027 | I12: Importe 2027
B13: 1 | C13: Chiapas | D13: Calle Monte del Apalaches, Manzana 19, Lote 9, Fraccionamiento Rincón del Bosque, Tapachula Chiapas. | E13: Casa Habitación para Titular de OOAD | F13: 17000 | G13: 204000 | H13: Nuevo | I13: 204000
B14: 2 | C14: Chiapas | D14: Por definir | E14: Oficinas Administrativas | F14: 600000 | G14: 8352000 | H14: Nuevo | I14: 8352000
B15: 3 | C15: Durango | D15: Por Definir | E15: Oficinas Administrativas | F15: 130000 | G15: 1809600 | H15: Nuevo | I15: 1809600
B16: 4 | C16: Estado de México Poniente | D16: Por definir | E16: Almacén Delegacional | F16: 1500000 | G16: 20880000 | H16: Nuevo | I16: 20880000
B17: 5 | C17: Estado de México Poniente | D17: Por definir | E17: Oficinas alternas a la Jefatura de Servicios de Desarrollo Personal | F17: 50000 | G17: 696000 | H17: Nuevo | I17: 696000
B18: 6 | C18: Jalisco | D18: Por Definir | E18: Bodega de bienes embargados | F18: 950000 | G18: 13224000 | H18: Nuevo | I18: 13224000
B19: 7 | C19: Michoacán | D19: Calle Martínez de Navarrete Ote, No. 7, Fraccionamiento la Luneta, C.P. 59680, Zamora | E19: Bodega de bienes embargados | F19: 95000 | G19: 1322400 | H19: Nuevo | I19: 1322400
B20: 8 | C20: Michoacán | D20: Av. Francisco I Madero Pte. No. 541, col. Centro C.P. 58000, Morelia, Michoacán | E20: Centro de Seguridad Social Morelia | F20: 156000 | G20: 2171520 | H20: Nuevo | I20: 2171520
B21: 9 | C21: Michoacán | D21: Tres Marías, Morelia Michoacán | E21: Casa-Habitación TOOAD | F21: 25000 | G21: 300000 | H21: Nuevo | I21: 300000
B22: 10 | C22: Nivel Central | D22: por definir | E22: Oficinas Administrativas | F22: 1684392 | G22: 23446736 | H22: Nuevo | I22: 23446736
B23: 11 | C23: Oaxaca | D23: Por definir | E23: Bodega de Bienes Embargados | F23: 88000 | G23: 1224960 | H23: Nuevo | I23: 1224960
B24: 12 | C24: Oaxaca | D24: Por definir | E24: UMF 38 | F24: 200000 | G24: 2784000 | H24: Nuevo | I24: 2784000
... B35: 23 | C35: Zacatecas | D35: Calle Independencia No. 10 Zona Centro, Concepción del Oro, C.P. 98200 | E35: Tienda IMSS-SNTSS | F35: 12000 | G35: 167040 | H35: Nuevo | I35: 167040
E36: TOTAL | F36: =SUM(F13:F35) -> 6885392 | G36: =SUM(G13:G35) -> 95764016 | I36: =SUM(I13:I35) -> 95764016

Sheet Sustituciones_No_Considerados
B3: Dirección de Administración
B4: Unidad de Administración
B5: Coordinación de Conservación y Servicios Generales
B6: Coordinación Técnica de Administración de Activos
B7: División de Arrendamiento y Comercialización
B9: Programa de Arrendaiento IMSS Arrendatario 2027
B10: Sustituciones No Consideradas
B12: No. | C12: Organo de Operación Administrativa Desconcentrada | D12: Dirección del inmueble arrendado | E12: Servicio | F12: Monto de renta mensual actual sin IVA | G12: Monto anual con IVA | H12: Figura Anteproyecto 2027 | I12: Importe 2027
B13: 1 | C13: Aguascalientes | D13: Calle Ecuador No. 205, Planta Baja, Colonia Las Americas, C.P. 20230, Aguascalientes | E13: Oficinas Administrativas de la Subdelegación Metropolitana Sur | F13: 94630.5 | G13: 1317256.6 | H13: Sustitución | I13: 1514846
B14: 2 | C14: Aguascalientes | D14: Calle Mangana No. 201, Fraccionamiento Vista Alegre, C.P. 20290, Aguascalientes, Aguascalientes. | E14: Bodega de Bienes Embargados | F14: 75000 | G14: 900000 | H14: Sustitución | I14: 1035000
B15: 3 | C15: Chiapas | D15: Segunda Calle Oriente y Séptima Avenida Sur No. 12, Colonia Centro, C.P. 30700, Tapachula, Chiapas | E15: Tienda No. 12 | F15: 32031 | G15: 445871.52 | H15: Sustitución | I15: 512753
B16: 4 | C16: Chihuahua | D16: Boulevard Oscar Flores Sánchez Nº. 2250, Colonia Jardines de San Jose, C.P. 32695, Ciudad Juárez, Chihuahua | E16: Tienda Nº. 97 y Oficinas Administrativas (Coordinación de Prestaciones Económicas y Sociales) | F16: 62534 | G16: 810440.64 | H16: Sustitución | I16: 932007
B17: 5 | C17: Chihuahua | D17: Calle General Rosalio Hernández Nº. 21 y Ferrocarriles Nacionales de México, C.P. 31150, Chihuahua, Chihuahua | E17: Almacén Delegacional (Bienes No Terapéuticos) | F17: 42244 | G17: 588036.48 | H17: Sustitución | I17: 676242
B18: 6 | C18: Chihuahua | D18: Calle Privada Santa Rosa Nºs. 21 y 23, C.P. 31150, Chihuahua, Chihuahua | E18: Almacén Delegacional (Bienes Terapéuticos) y Coordinación de Abastecimiento | F18: 89568.75 | G18: 1246797 | H18: Sustitución | I18: 1433817
B19: 7 | C19: Chihuahua | D19: Calle Sierra Mohinora Nº. 6011, Fraccionamiento La Cuesta, C.P. 32650, Ciudad Juárez, Chihuahua | E19: Bodega de Bienes Embargados | F19: 26686 | G19: 371469.12 | H19: Sustitución | I19: 427190
B20: 8 | C20: Chihuahua | D20: Calle Privada Santa Rosa Nº 19, Colonia Centro, C.P. 31150, Chihuahua, Chihuahua | E20: Almacén Delegacional (Bienes de Laboratorio y Lácteos ) | F20: 26525.27 | G20: 369231.76 | H20: Sustitución | I20: 424617
B21: 9 | C21: Guerrero | D21: Ignacio Allende No. 4 Colonia Centro, C.P. 40930, Atoyac de Álvarez, Guerrero | E21: Unidad de Medicina Familiar Nº. 11 | F21: 5000 | G21: 69600 | H21: Sustitución | I21: 80040
B22: 10 | C22: Hidalgo | D22: Cerrada De Frambuesa N.° 2, Piso 2, Fraccionamiento La Huerta, Colonia Centro, C.P. 42300, Pachuca, Hidalgo | E22: Oficinas Administrativas EMS | F22: 16060 | G22: 223555.2 | H22: Sustitución | I22: 257089
B23: 11 | C23: Jalisco | D23: Calle Hidalgo N°. 45, Colonia Centro, C.P. 45350, Arenal, Jalisco | E23: Unidad de Medicina Familiar N°. 12 | F23: 2500 | G23: 34800 | H23: Sustitución | I23: 40020
B24: 12 | C24: Jalisco | D24: Calle Hidalgo N°. 73, Colonia Centro, C.P. 46560, San Juanito de Escobedo, Jalisco | E24: Unidad de Atención Primaria a la Salud N°. 137 | F24: 960.3 | G24: 13367.376 | H24: Sustitución | I24: 15373
... B48: 36 | C48: Veracruz Norte | D48: Melchor Ocampo N°. 4-302 Colonia Centro, C.P. 92800, Tuxpan, Veracruz Norte | E48: Oficinas Administrativas auxiliares Subdelegacionales | F48: 3545 | G48: 49346.4 | H48: Sustitución | I48: 56749
E49: TOTAL | F49: =SUM(F13:F48) -> 2056089.3 | G49: =SUM(G13:G48) -> 28274852 | I49: =SUM(I13:I48) -> 32516094

Sheet Renovcon Increm_No_Consideradas
B3: Dirección de Administración
B4: Unidad de Administración
B5: Coordinación de Conservación y Servicios Generales
B6: Coordinación Técnica de Administración de Activos
B7: División de Arrendamiento y Comercialización
B9: Programa de Arrendaiento IMSS Arrendatario 2027
B10: Renovaciones con Incrementos No Consideradas
B12: No. | C12: Organo de Operación Administrativa Desconcentrada | D12: Dirección del inmueble arrendado | E12: Servicio | F12: Monto de renta mensual actual sin IVA | G12: Monto anual con IVA | H12: Figura Anteproyecto 2027 | I12: Importe 2027
B13: 1 | C13: Aguascalientes | D13: Calle Ecuador No. 205, Planta Alta, Colonia Las Americas, C.P. 20230, Aguascalientes | E13: Centro de Capacitación | F13: 58610 | G13: 815851.2 | H13: Renovación con incremento | I13: 897437
B14: 2 | C14: Aguascalientes | D14: Calle Julio Díaz Torre N° 105, Lote 3, Manzana 28 Interior D y E, Fraccionamiento Ciudad Industrial, C.P. 20290, Aguascalientes, Aguascalientes. | E14: Coordinación de Abastecimiento y Equipamiento, Almacén Delegacional y Archivo de Concentración | F14: 581389.25 | G14: 8092938.4 | H14: Renovación con incremento | I14: 8902233
B15: 3 | C15: Coahuila | D15: Boulevard Constitución, esquina Calle Jiménez, Zona Centro, C.P. 27080, Torreón, Coahuila | E15: Unidad de Medicina Familiar No. 80 | F15: 183860 | G15: 2559331.2 | H15: Renovación con incremento | I15: 2815265
B16: 4 | C16: Coahuila | D16: Boulevard Isidro López Zertuche No. 2791-B, Colonia Universidad, C.P. 25260, Saltillo, Coahuila | E16: Oficinas Administrativas Subdelegacionales | F16: 163275 | G16: 2272788 | H16: Renovación con incremento | I16: 2500067
B17: 5 | C17: Coahuila | D17: Boulevard Independencia y Calle Leona Vicario S/N, C.P. 27000, Torreón, Coahuila | E17: Oficinas Administrativas Subdelegacionales | F17: 363189.65 | G17: 5055599.9 | H17: Renovación con incremento | I17: 5561160
B18: 6 | C18: Coahuila | D18: Boulevard Benito Juárez No. 523, Colonia Roma, C.P. 25000, Monclova, Coahuila | E18: Tienda | F18: 92308 | G18: 1284927.4 | H18: Renovación con incremento | I18: 1413421
B19: 7 | C19: Coahuila | D19: Calle Presidente Cárdenas No. 197 Oriente, Zona Centro, C.P. 25000, Saltillo, Coahuila | E19: Tienda | F19: 89533 | G19: 1246299.4 | H19: Renovación con incremento | I19: 1370930
B20: 8 | C20: Coahuila | D20: Calle Egipto esquina José Sarmiento S/N, Fraccionamiento Virreyes Obrera, C.P. 25220, Saltillo, Coahuila | E20: Archivo de Concentración y Oficina de Servicios Generales | F20: 83000 | G20: 1155360 | H20: Renovación con incremento | I20: 1270896
B21: 9 | C21: Coahuila | D21: Carretera Saltillo-Zacatecas Km. 22, Puente La Encantada, C.P. 25950, Saltillo, Coahuila. | E21: Almacen Delegacional | F21: 684000 | G21: 9521280 | H21: Renovación con incremento | I21: 10473408
B22: 10 | C22: Colima | D22: Avenida de los Maestros No. 324, Colonia Huertas del Sol, C.P. 28050, Colima, Colima | E22: Centro de Capacitación | F22: 19762.3 | G22: 275091.22 | H22: Renovación con incremento | I22: 302601
B23: 11 | C23: Colima | D23: Calle Lic. Gustavo Díaz Ordaz No. 120, Colonia El Moralete, C.P. 28060, Colima, Colima | E23: Tienda | F23: 50000 | G23: 696000 | H23: Renovación con incremento | I23: 765600
B24: 12 | C24: Colima | D24: Calle León Felipe No. 346, Colonia Real Vista Hermosa II, C.P. 28018, Colima, Colima. | E24: Casa Delegado | F24: 20800 | G24: 249600 | H24: Renovación con incremento | I24: 274560
... B169: 157 | C169: Sur D.F. | D169: Calle Yucatán No. 15, Colonia Hipódromo Condesa, Alcaldía Cuauhtémoc, C.P. 06700Ciudad de México, D.F. Sur | E169: Oficinas Administrativas Subdelegacionales No. 6 y Oficinas Delegacionales por 2,500.00 m2 (Diversas áreas) | F169: 1207024.5 | G169: 16801781 | H169: Renovación con incremento | I169: 18481959
E170: Total | F170: =SUM(F13:F169) -> 21388919 | G170: =SUM(G13:G169) -> 2.9209012e+08 | I170: =SUM(I13:I169) -> 321299181

Sheet Nuevos_Incluidos
B3: Dirección de Administración
B4: Unidad de Administración
B5: Coordinación de Conservación y Servicios Generales
B6: Coordinación Técnica de Administración de Activos
B7: División de Arrendamiento y Comercialización
B9: Programa de Arrendaiento IMSS Arrendatario 2027
B10: Nuevos Arrendamientos Considerados
B12: No. | C12: Organo de Operación Administrativa Desconcentrada | D12: Dirección del inmueble arrendado | E12: Servicio | F12: Monto de renta mensual actual sin IVA | G12: Monto anual con IVA | H12: Figura Anteproyecto 2027 | I12: Importe 2027
B13: 1 | C13: Chiapas | D13: Por definir | E13: Oficina Auxiliar Administrativa de la JSA | F13: 120000 | G13: 1670400 | H13: Nuevo | I13: 1670400
B14: 2 | C14: Chihuahua | D14: Por definir | E14: Sub-Almacen | F14: 500000 | G14: 6960000 | H14: Nuevo | I14: 6960000
B15: 3 | C15: Guanajuato | D15: Por definir | E15: Archivo de Concentración | F15: 70000 | G15: 974400 | H15: Nuevo | I15: 974400
B16: 4 | C16: Hidalgo | D16: Carretera a Acayuca No. 287, Colonia Pequeña Propiedad, C.P. 42191, Zapotlán de Juárez, Hidalgo. | E16: Archivo de Concentración y Bodega de Bienes Adjudicados y Embargados | F16: 724240 | G16: 10081421 | H16: Nuevo | I16: 10081421
B17: 5 | C17: Nivel Central | D17: Calle Dante N° 14 Colonia Anzures C.P. 11590 Alcaldía Miguel Hidalgo, Ciudad de México, Nivel Central. | E17: Oficinas Administrativas | F17: 2069315.3 | G17: 28804869 | H17: Nuevo | I17: 28804869
B18: 6 | C18: Nuevo León | D18: Calle Nardo s/n Colonia Cementos. C.P 64520, Municipio Monterrey, Nuevo Leon. | E18: Bodega de Apoyo al Almacen Delegacional | F18: 305397.7 | G18: 4251136 | H18: Nuevo | I18: 4251136
B19: 7 | C19: Veracruz Sur | D19: Por definir | E19: Oficinas Administrativas (Departamento de Construcción y Planeación Inmobiliaria) | F19: 150000 | G19: 2088000 | H19: Nuevo | I19: 2088000
B20: 8 | C20: Yucatán | D20: Por definir | E20: Casa Habitación para Titular de OOAD | F20: 25500 | G20: 306000 | H20: Nuevo | I20: 306000
B21: 9 | C21: Zacatecas | D21: Fresnillo, Zacatecas. | E21: Bodega de bienes embargados | F21: 40000 | G21: 556800 | H21: Nuevo | I21: 556800
E22: Total | F22: =SUM(F13:F21) -> 4004453 | G22: =SUM(G13:G21) -> 55693026 | I22: =SUM(I13:I21) -> 55693026

Sheet Sustituciones_Incluidos
B3: Dirección de Administración
B4: Unidad de Administración
B5: Coordinación de Conservación y Servicios Generales
B6: Coordinación Técnica de Administración de Activos
B7: División de Arrendamiento y Comercialización
B9: Programa de Arrendaiento IMSS Arrendatario 2027
B10: Sustituciones Consideradas
B12: No. | C12: Organo de Operación Administrativa Desconcentrada | D12: Dirección del inmueble arrendado | E12: Servicio | F12: Monto de renta mensual actual sin IVA | G12: Monto anual con IVA | H12: Figura Anteproyecto 2027 | I12: Importe 2027
B13: 1 | C13: Aguascalientes | D13: Boulevard a Zacatecas No. 701, Fraccionamiento Las Hadas, C.P. 20140, Aguascalientes | E13: Oficinas Administrativas de la Subdelegación Metropolitana Norte | F13: 149599.14 | G13: 2082420 | H13: Sustitución | I13: 2394784
B14: 2 | C14: Colima | D14: Calle 5 de Mayo No. 33, Colonia Centro, C.P. 28100, Tecomán, Colima | E14: Oficinas Administrativas Subdelegacionales | F14: 14015.57 | G14: 195096.73 | H14: Sustitución | I14: 224362
B15: 3 | C15: Estado de México Poniente | D15: José María Pino Suárez No. 202, Col. Santa Clara, C.P. 50090, Toluca, Estado de México Poniente | E15: Oficinas Administrativas Delegacionales (Jefatura de Servicios Jurídicos) | F15: 60000 | G15: 835200 | H15: Sustitución | I15: 960480
B16: 4 | C16: Nayarit | D16: Calle Niño Obrero N°. 319, Colonia Ciudad Industrial, C.P. 63173, Tepic, Nayarit | E16: Bodega de Bienes Embargados y Archivo de Concentración | F16: 55000 | G16: 765600 | H16: Sustitución | I16: 880440
B17: 5 | C17: Oaxaca | D17: Calle Murguía Nº. 509 esquina Libres, Colonia Centro, C.P. 68000, Oaxaca, Oaxaca | E17: Tienda No. 33 IMSS-SNTSS | F17: 47308 | G17: 658527.36 | H17: Sustitución | I17: 757307
B18: 6 | C18: Puebla | D18: Calle Avenida 7 Poniente 114-B, Colonia Centro, C.P. 72760, San Pedro Cholula, Puebla | E18: Centro de Seguridad Social | F18: 20000 | G18: 278400 | H18: Sustitución | I18: 320160
B19: 7 | C19: Quintana Roo | D19: Avenida Benito Juárez No. 441, esquina Marciano González, colonia David G. Gutiérrez, C.P. 77013 Municipio de Othón P. Blanco, Chetumal, Quintana Roo | E19: Oficinas Administrativas Subdelegacionales | F19: 190000 | G19: 2644800 | H19: Sustitución | I19: 3041520
B20: 8 | C20: Sinaloa | D20: Calle Escuela Poste Nº. 9, Colonia Luis Donaldo Colosio, C.P. 80700, Cósala, Sinaloa | E20: Unidad de Medicina Familiar No. 50 | F20: 2500 | G20: 34800 | H20: Sustitución | I20: 40020
B21: 9 | C21: Sinaloa | D21: Boulevard Francisco I. Madero Oriente No. 526, Colonia Centro, C.P. 80200, Culiacán, Sinaloa | E21: Oficinas Administrativas Subdelegacionales. | F21: 185255 | G21: 2578749.6 | H21: Sustitución | I21: 2965563
B22: 10 | C22: Tamaulipas | D22: Calle Santiago No. 3310, Manzana 4, Lote 8, Fracionamiento Las Villas, Finca Santo Domingo, C.P. 87029, Ciudad Victoria, Tamaulipas | E22: Casa Delegado | F22: 20000 | G22: 240000 | H22: Sustitución | I22: 276000
B23: 11 | C23: Tlaxcala | D23: Calle 6 Nº. 1710, Colonia Xicoténcatl, C.P. 90062, Tlaxcala, Tlaxcala | E23: Oficinas Administrativas Delegacionales (Departamento de Construcción y Planeación Inmobiliaria) | F23: 42500 | G23: 591600 | H23: Sustitución | I23: 680340
E24: Total | F24: =SUM(F13:F23) -> 786177.71 | G24: =SUM(G13:G23) -> 10905194 | I24: =SUM(I13:I23) -> 12540976

Sheet Figuras
A1: No | B1: OOAD | C1: Renovación con Incremento | D1: Renovación Sin Incremento | E1: Sustitución | F1: Subtotal | G1: Cancelación | I1: Nuevos Arrendamientos | J1: Programa de Arrendamiento 2027
J2: Figuras | K2: Importe
A3: 1 | B3: AGUASCALIENTES | C3: =SUM('Anteproyecto 2027'!P12:P17) -> 2 | D3: =SUM('Anteproyecto 2027'!S12:S17) -> 1 | E3: =SUM('Anteproyecto 2027'!M12:M17) -> 3 | F3: =SUM(C3:E3) -> 6 | G3: =SUM('Anteproyecto 2027'!U12:U17) -> 0 | H3: =+G3+F3 -> 6 | I3: 0 | J3: =SUM(F3:I3) -> 12 | K3: =+'Anteproyecto 2027'!L17 -> 15074810
A4: 2 | B4: BAJA CALIFORNIA | C4: =+'Anteproyecto 2027'!P18 -> 0 | D4: =+'Anteproyecto 2027'!S18 -> 1 | E4: =+'Anteproyecto 2027'!M18 -> 0 | F4: =SUM(C4:E4) -> 1 | G4: =+'Anteproyecto 2027'!U18 -> 0 | H4: =+G4+F4 -> 1 | I4: 0 | J4: =SUM(F4:I4) -> 2 | K4: =+'Anteproyecto 2027'!L18 -> 4593600
A5: 3 | B5: BAJA CALIFORNIA SUR | C5: =SUM('Anteproyecto 2027'!P19:P23) -> 0 | D5: =SUM('Anteproyecto 2027'!S19:S23) -> 5 | E5: =SUM('Anteproyecto 2027'!M19:M23) -> 0 | F5: =SUM(C5:E5) -> 5 | G5: =SUM('Anteproyecto 2027'!U19:U23) -> 0 | H5: =+G5+F5 -> 5 | I5: 0 | J5: =SUM(F5:I5) -> 10 | K5: =+'Anteproyecto 2027'!L23 -> 5760812
A6: 4 | B6: CAMPECHE | C6: =+'Anteproyecto 2027'!P24 -> 0 | D6: =+'Anteproyecto 2027'!S24 -> 1 | E6: =+'Anteproyecto 2027'!M24 -> 0 | F6: =SUM(C6:E6) -> 1 | G6: =+'Anteproyecto 2027'!U24 -> 0 | H6: =+G6+F6 -> 1 | I6: 0 | J6: =SUM(F6:I6) -> 2 | K6: =+'Anteproyecto 2027'!L24 -> 166920
